Workbook
Name quotite_saisissable: Tableaux!$G$9:$G$11
Name tab_quotites: Tableaux!$G$9:$H$11

Sheet Situation
A1: SITUATION AU : | B1: 44949
A3: isolé | D3: 2 cohabitants
A4: Pension alimentaire : | B4: 0 | D4: Pension alimentaire : | E4: 0
A5: Enfants | B5: 0 | D5: Enfants | E5: 0
A7: PROCEDURE :
A9: Ordonnance d'admissibilité | B9: 43544 | C9: =DATEDIF(B9,B1,"y")&" ans " &DATEDIF(B9,B1,"ym")&" mois" -> 3 ans 10 mois
A11: =IF(B1>(EDATE(B9,36)),"Fin de procédure - 7 ans : "&TEXT(EDATE(B9,84),"jj/mm/aaaa"), "Fin de procédure - 3 ans : "&TEXT(EDATE(B9,36),"jj/mm/aaaa")&CHAR(10)&"Fin de procédure - 7 ans : "&TEXT(EDATE(B9,84),"jj/mm/aaaa")) -> Fin de procédure - 7 ans : 20/03/2026 | C11: =IF(B1>(EDATE(B9,36)),(DATEDIF(B1,EDATE(B9,85),"y")&" ans " &DATEDIF(B1,EDATE(B9,85),"ym")&" mois"),(DATEDIF(B1,EDATE(B9,37),"y")&" ans " &DATEDIF(B1,EDATE(B9,37),"ym")&" mois"&CHAR(10)&(DATEDIF(B1,EDATE(B9,85),"y")&" ans " &DATEDIF(B1,EDATE(B9,85),"ym")&" mois"))) -> 3 ans 2 mois
A13: PASSIF : PROVISOIRE
A15: Principal : | B15: 36419.13
A16: Intérêts : | B16: 5425.69
A17: Frais : | B17: 3455.49
A18: Total : | B18: =SUM(B15:B17) -> 45300.31
A20: Disponible pour un remboursement de 100% hors état des frais et honoraires
A22: =IF(B1>(EDATE(B9,36)), "Procédure - 7 ans : "&TEXT(ROUNDUP((B15/(DATEDIF(B1,EDATE(B9,85),"m"))),0),"#.##0,00 €;[Rouge]-#.##0,00 €"), "Procédure - 3 ans : "&TEXT(ROUNDUP(B18/(DATEDIF(B1,EDATE(B9,37),"m")),0),"#.##0,00 €;[Rouge]-#.##0,00 €")&CHAR(10)&"Procédure - 7 ans : "&TEXT(ROUNDUP((B15/(DATEDIF(B1,EDATE(B9,85),"m"))),0),"#.##0,00 €;[Rouge]-#.##0,00 €")) -> Procédure - 7 ans : 959,00 €
A24: RESSOURCES
A26: Projet de plan établi | D26: ="Situation au : "&TEXT(B1,"jj/mm/aaaa") -> Situation au : 23/01/2023 | F26: Boni/déficit
A27: Revenus mensuels
A28: Madame | B28: Taux | C28: Montant | D28: Taux | E28: Montant
A29: Salaire | C29: 0 | E29: 0 | F29: =IF($E$67=0,0,SUM(E29-C29)) -> 0
A30: Compl. Ch | C30: 0 | E30: 0 | F30: =IF($E$67=0,0,SUM(E30-C30)) -> 0
A31: Compl. Mut | C31: 0 | E31: 0 | F31: =IF($E$67=0,0,SUM(E31-C31)) -> 0
A32: RIS | C32: 0 | E32: 0
A33: Chômage tx/j | B33: 0 | C33: =(B33*26) -> 0 | D33: 0 | E33: =(D33*26) -> 0 | F33: =IF($E$67=0,0,SUM(E33-C33)) -> 0
A34: ="Montant minimum "&TEXT(SUM(B33*24),"#.##0,00") -> Montant minimum 0,00 | D34: ="Montant minimum "&TEXT(SUM(D33*24),"#.##0,00") -> Montant minimum 0,00
A35: ="Montant maximum "&TEXT(SUM(B33*27),"#.##0,00") -> Montant maximum 0,00 | D35: ="Montant maximum "&TEXT(SUM(D33*27),"#.##0,00") -> Montant maximum 0,00
A36: Mutuelle tx/j | B36: 0 | C36: =(B36*26) -> 0 | D36: 0 | E36: =(D36*26) -> 0 | F36: =IF($E$67=0,0,SUM(E36-C36)) -> 0
A37: ="Montant minimum "&TEXT(SUM(B36*24),"#.##0,00") -> Montant minimum 0,00 | D37: ="Montant minimum "&TEXT(SUM(D36*24),"#.##0,00") -> Montant minimum 0,00
A38: ="Montant maximum "&TEXT(SUM(B36*27),"#.##0,00") -> Montant maximum 0,00 | D38: ="Montant maximum "&TEXT(SUM(D36*27),"#.##0,00") -> Montant maximum 0,00
A39: Mutuelle ATP tx/j | B39: 0 | C39: =(B39*26) -> 0 | E39: 0 | F39: =(E39*26) -> 0
A40: ="Montant minimum "&TEXT(SUM(B39*24),"#.##0,00") -> Montant minimum 0,00 | D40: ="Montant minimum "&TEXT(SUM(E39*24),"#.##0,00") -> Montant minimum 0,00
A41: ="Montant maximum "&TEXT(SUM(B39*27),"#.##0,00") -> Montant maximum 0,00 | D41: ="Montant maximum "&TEXT(SUM(E39*27),"#.##0,00") -> Montant maximum 0,00
A42: Pension | C42: 0 | E42: 0 | F42: =IF($E$67=0,0,SUM(E42-C42)) -> 0
A43: SPF séc. So | C43: 0 | E43: 0 | F43: =IF($E$67=0,0,SUM(E43-C43)) -> 0
A44: Prime syndicale | C44: 0 | E44: 0 | F44: =IF($E$67=0,0,SUM(E44-C44)) -> 0
A45: Pension ali. | C45: 0 | E45: 0 | F45: =IF($E$67=0,0,SUM(E45-C45)) -> 0
A46: Participation autre | B46: 0 | C46: 0 | D46: 0 | E46: 0 | F46: =IF($E$67=0,0,SUM(E46-C46)) -> 0 | G46: *
A47: Alloc. Fam | C47: 0 | E47: 0 | F47: =IF($E$67=0,0,SUM(E47-C47)) -> 0
A48: Monsieur
A49: Salaire | C49: 2609 | E49: 0 | F49: =IF($E$67=0,0,SUM(E49-C49)) -> 0
A50: Compl. Ch | C50: 0 | E50: 0 | F50: =IF($E$67=0,0,SUM(E50-C50)) -> 0
A51: Compl. Mut | C51: 0 | E51: 0 | F51: =IF($E$67=0,0,SUM(E51-C51)) -> 0
A52: RIS | C52: 0 | E52: 0
A53: Chômage tx/j | B53: 0 | C53: =(B53*26) -> 0 | D53: 0 | E53: =(D53*26) -> 0 | F53: =IF($E$67=0,0,SUM(E53-C53)) -> 0
A54: ="Montant minimum "&TEXT(SUM(B53*24),"#.##0,00") -> Montant minimum 0,00 | D54: ="Montant minimum "&TEXT(SUM(D53*24),"#.##0,00") -> Montant minimum 0,00
A55: ="Montant maximum "&TEXT(SUM(B53*27),"#.##0,00") -> Montant maximum 0,00 | D55: ="Montant maximum "&TEXT(SUM(D53*27),"#.##0,00") -> Montant maximum 0,00
A56: Mutuelle tx/j | B56: 0 | C56: =(B56*26) -> 0 | D56: 0 | E56: =(D56*26) -> 0 | F56: =IF($E$67=0,0,SUM(E56-C56)) -> 0
A57: ="Montant minimum "&TEXT(SUM(B56*24),"#.##0,00") -> Montant minimum 0,00 | D57: ="Montant minimum "&TEXT(SUM(D56*24),"#.##0,00") -> Montant minimum 0,00
A58: ="Montant maximum "&TEXT(SUM(B56*27),"#.##0,00") -> Montant maximum 0,00 | D58: ="Montant maximum "&TEXT(SUM(D56*27),"#.##0,00") -> Montant maximum 0,00
A59: Mutuelle ATP tx/j | B59: 0 | C59: =(B59*26) -> 0 | E59: 0 | F59: =(E59*26) -> 0
A60: ="Montant minimum "&TEXT(SUM(B59*24),"#.##0,00") -> Montant minimum 0,00 | D60: ="Montant minimum "&TEXT(SUM(E59*24),"#.##0,00") -> Montant minimum 0,00
A61: ="Montant maximum "&TEXT(SUM(B59*27),"#.##0,00") -> Montant maximum 0,00 | D61: ="Montant maximum "&TEXT(SUM(E59*27),"#.##0,00") -> Montant maximum 0,00
A62: Pension | C62: 0 | E62: 0 | F62: =IF($E$67=0,0,SUM(E62-C62)) -> 0
A63: SPF séc. So | C63: 0 | E63: 0 | F63: =IF($E$67=0,0,SUM(E63-C63)) -> 0
A64: Pension ali. | C64: 0 | E64: 0 | F64: =IF($E$67=0,0,SUM(E64-C64)) -> 0
A65: Participation autre | B65: 0 | C65: 0 | D65: 0 | E65: 0 | F65: =IF($E$67=0,0,SUM(E65-C65)) -> 0 | G65: *
A66: Alloc. Fam | C66: 0 | E66: 0 | F66: =IF($E$67=0,0,SUM(E66-C66)) -> 0
A67: Total mensuel : | C67: =SUM(C29:C66) -> 2609 | E67: =SUM(E29:E66) -> 0 | F67: =SUM(F29:F66)-F34-F35-F37-F38-F54-F55-F57-F58 -> 0
E68: =IF(F67<0,"Déficit mensuel sur une année",IF(F67=0,"Epargne mensuelle sur une année : stable","Boni mensuel sur une année")) -> Epargne mensuelle sur une année : stable | F68: =SUM(F67*12) -> 0
A69: Revenus annuels
A70: Madame
A71: Rente | B71: 0 | C71: 0 | D71: 0 | E71: 0 | F71: =IF($E$67=0,0,SUM(E71-C71)) -> 0
A72: Prime | B72: 0 | C72: 0 | D72: 0 | E72: 0 | F72: =IF($E$67=0,0,SUM(E72-C72)) -> 0
A73: Congés payés | B73: 0 | C73: 0 | D73: 0 | E73: 0 | F73: =IF($E$67=0,0,SUM(E73-C73)) -> 0
A74: Prime de fin d'année | B74: 0 | C74: 0 | D74: 0 | E74: 0 | F74: =IF($E$67=0,0,SUM(E74-C74)) -> 0
A75: 13ème mois | B75: 0 | C75: 0 | D75: 0 | E75: 0 | F75: =IF($E$67=0,0,SUM(E75-C75)) -> 0
A76: Timbres | B76: 0 | C76: 0 | D76: 0 | E76: 0 | F76: =IF($E$67=0,0,SUM(E76-C76)) -> 0
A77: Impôts | B77: 0 | C77: 0 | D77: 0 | E77: 0 | F77: =IF($E$67=0,0,SUM(E77-C77)) -> 0
A78: Monsieur
A79: Avantage social | B79: 0 | C79: 0 | D79: 0 | E79: 0 | F79: =IF($E$67=0,0,SUM(E79-C79)) -> 0
A80: Prime rattrapage | B80: 0 | C80: 0 | D80: 0 | E80: 0 | F80: =IF($E$67=0,0,SUM(E80-C80)) -> 0
A81: Congés payés | B81: 6 | C81: 1861.88 | D81: 0 | E81: 0 | F81: =IF($E$67=0,0,SUM(E81-C81)) -> 0
A82: Prime de fin d'année | B82: 0 | C82: 0 | D82: 0 | E82: 0 | F82: =IF($E$67=0,0,SUM(E82-C82)) -> 0
A83: 13ème mois | B83: 0 | C83: 0 | D83: 0 | E83: 0 | F83: =IF($E$67=0,0,SUM(E83-C83)) -> 0
A84: Timbres | B84: 0 | C84: 0 | D84: 0 | E84: 0 | F84: =IF($E$67=0,0,SUM(E84-C84)) -> 0
A85: Impôts | B85: 0 | C85: 0 | D85: 0 | E85: 0 | F85: =IF($E$67=0,0,SUM(E85-C85)) -> 0
A86: Total annuel : | C86: =SUM(C71:C85) -> 1861.88 | E86: =SUM(E71:E85) -> 0 | F86: =SUM(F71:F85) -> 0
E87: =IF(F87<0,"Déficit annuel total",IF(F87=0,"Epargne anuelle totale : stable",IF(F87="","","Boni annuel total"))) -> Epargne anuelle totale : stable | F87: =SUM(F68+F86) -> 0
A88: PECULE :
A90: Projet de plan | D90: =IF(E67=0,"","Situation au : "&TEXT(B1,"jj/mm/aaaa"))
A91: Pécule en fonction du RIS : | B91: =SUM(B93+B94) -> 1024.49 | D91: Pécule en fonction du RIS : | F91: =IF(E67>0,SUM(E93+E94),0) -> 0
A93: =A3 -> isolé | B93: =IF(C67=0,0,VLOOKUP(A3,Tableau1[],2,FALSE)) -> 1024.49 | D93: =D3 -> 2 cohabitants | E93: =IF(E67=0,0,VLOOKUP(D3,Tableau15[],2,FALSE)) -> 0
A94: Allocations Familiales | B94: =IF(C67>0,SUM(C47+C66),0) -> 0 | D94: Allocations Familiales | E94: =IF(E67>0,SUM(E47+E66),0) -> 0
A96: ="Quotité saisissable : "&TEXT(IF(B97=0,"Revenus insaisissables","Revenus saisissables"),) -> Quotité saisissable : Revenus saisissables | D96: ="Quotité saisissable : "&TEXT(IF(E97=0,"Revenus insaisissables","Revenus saisissables"),) -> Quotité saisissable : Revenus insaisissables
A97: revenus travail | B97: =IF(VLOOKUP(A97,tab_quotites,2,FALSE)<0,0,VLOOKUP(A97,tab_quotites,2,FALSE)) -> 1225.481 | D97: cumul des revenus | E97: =IF(VLOOKUP(D97,Tableaux!G14:H16,2,FALSE)<0,0,VLOOKUP(D97,Tableaux!G14:H16,2,FALSE)) -> 0
A99: Pécule minimum à verser : | B99: =SUM(B100:B101) -> 1383.519 | D99: Pécule minimum à verser : | F99: =SUM(E100:E101) -> 0
A100: pécule | B100: =SUM(C67-B97-C47-C66) -> 1383.519 | D100: pécule | E100: =SUM(E67-E97-E47-E66) -> 0
A101: Allocations familiales | B101: =IF(C67>0,SUM(C47+C66),0) -> 0 | D101: Allocations familiales | E101: =IF(E67>0,SUM(E47+E66),0) -> 0
A103: =IF(B113=0,"", IF(AND(B113>B99,B97>0),"Diminuer au pécule minimum, soit à "&TEXT((B99),"#.##0,00 €"), IF(B99>=C67,"L'intégralité des revenus doit être reversée, soit à "&TEXT((C67),"#.##0,00 €"), IF(B113<B99,"Augmenter le pécule au pécule minimum saisissable, soit à "&TEXT((B99),"#.##0,00 €"),"Le budget peut être maintenu à "&TEXT((B113),"#.##0,00 €"))))) -> Diminuer au pécule minimum, soit à 1.383,52 € | D103: =IF(E113=0,"", IF(AND(E113>F99,E97>0),"Diminuer au pécule minimum, soit à "&TEXT((F99),"#.##0,00 €"), IF(F99>=E67,"L'intégralité des revenus doit être reversée, soit à "&TEXT((E67),"#.##0,00 €"), IF(E113<F99,"Augmenter le pécule au pécule minimum saisissable, soit à "&TEXT((F99),"#.##0,00 €"),"Le budget peut être maintenu à "&TEXT((E113),"#.##0,00 €")))))
A105: Epargne théorique | D105: Epargne théorique
A106: =IF(B106<0,"Déficit selon pécule minimum",IF(B106=0,"Aucun disponible selon pécule minimum","Epargne selon pécule minimum")) -> Epargne selon pécule minimum | B106: =SUM(C67-B99) -> 1225.481 | D106: =IF(E106<0,"Déficit selon pécule minimum",IF(E106=0,"Aucun disponible selon pécule minimum","Epargne selon pécule minimum")) -> Aucun disponible selon pécule minimum | E106: =SUM(E67-F99) -> 0
A107: =IF(C86<C130,"Revenus annuels : EFH","Réserve annuelle") -> Réserve annuelle | B107: =IF(C86=0,0,IF(C86<C130,0,IF(AND(C86<>0,SUM(C86-C130)<500),SUM(C86-C130),SUM(C86-C130)-ROUNDDOWN(SUM(C86-C130)-500,-1)))) -> 501.88 | D107: =IF(E86<E130,"Revenus annuels : EFH","Réserve annuelle") -> Revenus annuels : EFH | E107: =IF(E86=0,0,IF(E86<E130,0,IF(AND(E86<>0,SUM(E86-E130)<500),SUM(E86-E130),SUM(E86-E130)-ROUNDDOWN(SUM(E86-E130)-500,-1)))) -> 0
A109: Epargne selon le pécule : | B109: =IF(C67=0,0, IF(B113=0,0, IF(ISNUMBER(SEARCH("ok",A113)),SUM(C67-B113),0))) -> 1089 | D109: Epargne selon le pécule : | E109: =IF(E67=0,0, IF(E113=0,0, IF(ISNUMBER(SEARCH("ok",D113)),SUM(E67-E113),0))) -> 0
A111: Budget plan : | B111: =Budget!B35 -> 0 | D111: Nouveau Budget : | E111: =Budget!F35 -> 0
A112: Pécule réel : | B112: =SUM(B114:B118) -> 1520 | D112: Pécule réel : | E112: =SUM(E114:E118) -> 0
A113: Pécule plan : ok | B113: =IF(C117="Médiation",SUM(B114:B116),SUM(B114:B117)) -> 1520 | C113: =IF(C114<B114,"Diminuer à",IF(C114>B114,"Augmenter à","Aucune modification")) -> Diminuer à | D113: Nouveau Pécule : ok | E113: =IF(F117="Médiation",SUM(E114:E116),SUM(E114:E117)) -> 0 | F113: =IF(F114<E114,"Diminuer à",IF(F114>E114,"Augmenter à","Aucune modification")) -> Aucune modification
A114: pécule : | B114: 1520 | C114: =IF(B113=0,0, IF(B99<B91,B91,B99)) -> 1383.519 | D114: pécule : | E114: 0 | F114: =IF(E113=0,0, IF(F99<F91,F91,F99)) -> 0
A115: pension alimentaire : | B115: =B4 -> 0 | D115: pension alimentaire : | E115: =E4 -> 0
A116: loyer : | B116: 0 | D116: loyer : | E116: 0
A117: Réserve impôt : | B117: =ROUND(0/12,0) -> 0 | C117: Médiation | D117: Réserve impôt : | E117: =ROUND(0/12,0) -> 0 | F117: Médiation
A118: revenu perçu directement | B118: =B46 -> 0 | D118: revenu perçu directement | E118: =D46 -> 0
...

Sheet Tableau de répartition plan
B1: =Situation!B9 -> 43544 | D1: =Situation!B159 -> 44441 | E1: =Situation!B152 -> 660 | F1: =Situation!C130 -> 700 | G1: =Situation!B145 -> 1030 | K1: =Situation!B165 -> 17460 | L1: =Situation!C170 -> 39874.62
A2: Nbre de mois | B2: Date d'admissibilité | C2: Nombre de mois | D2: Date de plan | E2: Revenus annuel | F2: EFH | G2: Disponible | H2: Total | I2: N° | J2: Annuité | K2: Montant annuité | L2: Solde restant dû | N2: Nombre de mois restant | O2: =IF(D1=0,0,DATEDIF(D1,EDATE(B1,85),"m")) -> 55 | P2: =EDATE(Situation!B9,84) -> 46101
A3: 1 | B3: =EDATE($B$1,A3) -> 43575 | C3: =IF(B3<$D$1,0, IF(AND(MONTH(B3)&YEAR(B3)=MONTH($D$1)&YEAR($D$1),DAY($D$1)),1,0)) -> 0 | D3: =IF(C3<>0,B3,0) -> 0 | E3: =IF(C3=0,0, IF(Situation!$B$152=0,0, IF(MOD(C3,12)<>0,0,$E$1))) -> 0 | F3: =IF($D$1=0,0, IF(D3=$P$6,$F$1, 0)) -> 0 | G3: {=IFERROR(IF(B3=$P$4,$K$1, IF(B3=EDATE($B$1,84),0, IF(COUNTIF($N$9:$N$20,B3),LOOKUP(2,1/($N$9:$N$20=B3),$Q$9:$Q$21)*-1, IF(C3<>0,$G$1,0)))),0)} -> 0 | H3: =SUM(E3+G3) -> 0 | I3: =IF(B3=$P$4,1, IF(AND(C3>=1,C3<=12),2, IF(AND(C3>=13,C3<=24),3, IF(AND(C3>=25,C3<=36),4, IF(AND(C3>=37,C3<=48),5, IF(AND(C3>=49,C3<=60),6, IF(AND(C3>=61,C3<=72),7, IF(AND(C3>=73,C3<=84),8, 0)))))))) -> 0 | J3: =IF(K3<>"",CONCATENATE("Annuité ",COUNT($K$3:K3)),"") | K3: =IF(B3=$P$4,$K$1, IF(C3=0,"", IF(AND(OR(C3=12,C3=24,C3=36,C3=48,C3=60,C3=72),$M$7<1),$O$8, IF(OR(C3=12,C3=24,C3=36,C3=48,C3=60,C3=72),$O$7, IF(B3=$P$6,$O$8,""))))) | L3: =IFERROR(SUM(L1-H3),0) -> 39874.62 | N3: Passif | O3: =L1 -> 39874.62
A4: 2 | B4: =EDATE($B$1,A4) -> 43605 | C4: =IF(B4=$P$4,0, IF(B3=$P$4,1, IF(C3=0,0, IF(C3=$O$6,0, SUM(C3+1))))) -> 0 | D4: =IF(C4<>0,B4,0) -> 0 | E4: {=IF(C4=0,0, IF(Situation!$B$152=0,0, IF(OR(C4=12,C4=24,C4=36,C4=48,C4=60,C4=72),$E$1, IF(AND(C4>=1,C4<=SUM($M$7*12)),0, IF(AND(I4<=$M$7,TEXT(D4,"aaaa")=TEXT($P$6,"aaaa")),0, IF($M$7=0,SUM((Situation!$B$71:$B$85=MONTH(1&"/"&TEXT(D4,"mmmm")))*(Situation!$C$71:$C$85)), IF(TEXT(D4,"aaaa")=TEXT($P$6,"aaaa"),SUM((Situation!$B$71:$B$85=MONTH(1&"/"&TEXT(D4,"mmmm")))*(Situation!$C$71:$C$85)), 0)))))))} -> 0 | F4: =IF($D$1=0,0, IF(D4=$P$6,$F$1, 0)) -> 0 | G4: {=IFERROR(IF(B4=$P$4,$K$1, IF(B4=EDATE($B$1,84),0, IF(COUNTIF($N$9:$N$20,B4),LOOKUP(2,1/($N$9:$N$20=B4),$Q$9:$Q$21)*-1, IF(C4<>0,$G$1,0)))),0)} -> 0 | H4: =IF(L3<SUM(E4+G4),L3,SUM(E4+G4)) -> 0 | I4: =IF(B4=$P$4,1, IF(AND(C4>=1,C4<=12),2, IF(AND(C4>=13,C4<=24),3, IF(AND(C4>=25,C4<=36),4, IF(AND(C4>=37,C4<=48),5, IF(AND(C4>=49,C4<=60),6, IF(AND(C4>=61,C4<=72),7, IF(AND(C4>=73,C4<=84),8, 0)))))))) -> 0 | J4: =IF(K4<>"",CONCATENATE("Annuité ",COUNT($K$3:K4)),"") | K4: =IF(B4=$P$4,$K$1, IF(C4=0,"", IF(AND(OR(C4=12,C4=24,C4=36,C4=48,C4=60,C4=72),$M$7<1),$O$8, IF(OR(C4=12,C4=24,C4=36,C4=48,C4=60,C4=72),$O$7, IF(B4=$P$6,$O$8,""))))) | L4: =SUM(L3-H4) -> 39874.62 | N4: Annuité | O4: =-K1 -> -17460 | P4: =IFERROR(EDATE(B1,SUM(DATEDIF(B1,D1,"m"))),0) -> 44428
A5: 3 | B5: =EDATE($B$1,A5) -> 43636 | C5: =IF(B5=$P$4,0, IF(B4=$P$4,1, IF(C4=0,0, IF(C4=$O$6,0, SUM(C4+1))))) -> 0 | D5: =IF(C5<>0,B5,0) -> 0 | E5: {=IF(C5=0,0, IF(Situation!$B$152=0,0, IF(OR(C5=12,C5=24,C5=36,C5=48,C5=60,C5=72),$E$1, IF(AND(C5>=1,C5<=SUM($M$7*12)),0, IF(AND(I5<=$M$7,TEXT(D5,"aaaa")=TEXT($P$6,"aaaa")),0, IF($M$7=0,SUM((Situation!$B$71:$B$85=MONTH(1&"/"&TEXT(D5,"mmmm")))*(Situation!$C$71:$C$85)), IF(TEXT(D5,"aaaa")=TEXT($P$6,"aaaa"),SUM((Situation!$B$71:$B$85=MONTH(1&"/"&TEXT(D5,"mmmm")))*(Situation!$C$71:$C$85)), 0)))))))} -> 0 | F5: =IF($D$1=0,0, IF(D5=$P$6,$F$1, 0)) -> 0 | G5: {=IFERROR(IF(B5=$P$4,$K$1, IF(B5=EDATE($B$1,84),0, IF(COUNTIF($N$9:$N$20,B5),LOOKUP(2,1/($N$9:$N$20=B5),$Q$9:$Q$21)*-1, IF(C5<>0,$G$1,0)))),0)} -> 0 | H5: =IF(L4<SUM(E5+G5),L4,SUM(E5+G5)) -> 0 | I5: =IF(B5=$P$4,1, IF(AND(C5>=1,C5<=12),2, IF(AND(C5>=13,C5<=24),3, IF(AND(C5>=25,C5<=36),4, IF(AND(C5>=37,C5<=48),5, IF(AND(C5>=49,C5<=60),6, IF(AND(C5>=61,C5<=72),7, IF(AND(C5>=73,C5<=84),8, 0)))))))) -> 0 | J5: =IF(K5<>"",CONCATENATE("Annuité ",COUNT($K$3:K5)),"") | K5: =IF(B5=$P$4,$K$1, IF(C5=0,"", IF(AND(OR(C5=12,C5=24,C5=36,C5=48,C5=60,C5=72),$M$7<1),$O$8, IF(OR(C5=12,C5=24,C5=36,C5=48,C5=60,C5=72),$O$7, IF(B5=$P$6,$O$8,""))))) | L5: =SUM(L4-H5) -> 39874.62 | N5: Solde : | O5: =SUM(O3:O4) -> 22414.62
A6: 4 | B6: =EDATE($B$1,A6) -> 43666 | C6: =IF(B6=$P$4,0, IF(B5=$P$4,1, IF(C5=0,0, IF(C5=$O$6,0, SUM(C5+1))))) -> 0 | D6: =IF(C6<>0,B6,0) -> 0 | E6: {=IF(C6=0,0, IF(Situation!$B$152=0,0, IF(OR(C6=12,C6=24,C6=36,C6=48,C6=60,C6=72),$E$1, IF(AND(C6>=1,C6<=SUM($M$7*12)),0, IF(AND(I6<=$M$7,TEXT(D6,"aaaa")=TEXT($P$6,"aaaa")),0, IF($M$7=0,SUM((Situation!$B$71:$B$85=MONTH(1&"/"&TEXT(D6,"mmmm")))*(Situation!$C$71:$C$85)), IF(TEXT(D6,"aaaa")=TEXT($P$6,"aaaa"),SUM((Situation!$B$71:$B$85=MONTH(1&"/"&TEXT(D6,"mmmm")))*(Situation!$C$71:$C$85)), 0)))))))} -> 0 | F6: =IF($D$1=0,0, IF(D6=$P$6,$F$1, 0)) -> 0 | G6: {=IFERROR(IF(B6=$P$4,$K$1, IF(B6=EDATE($B$1,84),0, IF(COUNTIF($N$9:$N$20,B6),LOOKUP(2,1/($N$9:$N$20=B6),$Q$9:$Q$21)*-1, IF(C6<>0,$G$1,0)))),0)} -> 0 | H6: =IF(L5<SUM(E6+G6),L5,SUM(E6+G6)) -> 0 | I6: =IF(B6=$P$4,1, IF(AND(C6>=1,C6<=12),2, IF(AND(C6>=13,C6<=24),3, IF(AND(C6>=25,C6<=36),4, IF(AND(C6>=37,C6<=48),5, IF(AND(C6>=49,C6<=60),6, IF(AND(C6>=61,C6<=72),7, IF(AND(C6>=73,C6<=84),8, 0)))))))) -> 0 | J6: =IF(K6<>"",CONCATENATE("Annuité ",COUNT($K$3:K6)),"") | K6: =IF(B6=$P$4,$K$1, IF(C6=0,"", IF(AND(OR(C6=12,C6=24,C6=36,C6=48,C6=60,C6=72),$M$7<1),$O$8, IF(OR(C6=12,C6=24,C6=36,C6=48,C6=60,C6=72),$O$7, IF(B6=$P$6,$O$8,""))))) | L6: =SUM(L5-H6) -> 39874.62 | N6: Nb de mois | O6: =IF(SUM(SUM(M7*12)+M8)>O2,O2,SUM(SUM(M7*12)+M8)) -> 22 | P6: {=IFERROR(IF(M8=0,P8,LOOKUP(2,1/($Q$9:$Q$20<>0),$N$9:$N$20)),0)} -> 45097 | Q6: {=IFERROR(LOOKUP(2,1/($H$3:$H$86<>0),$A$3:$A$86),0)} -> 51
A7: 5 | B7: =EDATE($B$1,A7) -> 43697 | C7: =IF(B7=$P$4,0, IF(B6=$P$4,1, IF(C6=0,0, IF(C6=$O$6,0, SUM(C6+1))))) -> 0 | D7: =IF(C7<>0,B7,0) -> 0 | E7: {=IF(C7=0,0, IF(Situation!$B$152=0,0, IF(OR(C7=12,C7=24,C7=36,C7=48,C7=60,C7=72),$E$1, IF(AND(C7>=1,C7<=SUM($M$7*12)),0, IF(AND(I7<=$M$7,TEXT(D7,"aaaa")=TEXT($P$6,"aaaa")),0, IF($M$7=0,SUM((Situation!$B$71:$B$85=MONTH(1&"/"&TEXT(D7,"mmmm")))*(Situation!$C$71:$C$85)), IF(TEXT(D7,"aaaa")=TEXT($P$6,"aaaa"),SUM((Situation!$B$71:$B$85=MONTH(1&"/"&TEXT(D7,"mmmm")))*(Situation!$C$71:$C$85)), 0)))))))} -> 0 | F7: =IF($D$1=0,0, IF(D7=$P$6,$F$1, 0)) -> 0 | G7: {=IFERROR(IF(B7=$P$4,$K$1, IF(B7=EDATE($B$1,84),0, IF(COUNTIF($N$9:$N$20,B7),LOOKUP(2,1/($N$9:$N$20=B7),$Q$9:$Q$21)*-1, IF(C7<>0,$G$1,0)))),0)} -> 0 | H7: =IF(L6<SUM(E7+G7),L6,SUM(E7+G7)) -> 0 | I7: =IF(B7=$P$4,1, IF(AND(C7>=1,C7<=12),2, IF(AND(C7>=13,C7<=24),3, IF(AND(C7>=25,C7<=36),4, IF(AND(C7>=37,C7<=48),5, IF(AND(C7>=49,C7<=60),6, IF(AND(C7>=61,C7<=72),7, IF(AND(C7>=73,C7<=84),8, 0)))))))) -> 0 | J7: =IF(K7<>"",CONCATENATE("Annuité ",COUNT($K$3:K7)),"") | K7: =IF(B7=$P$4,$K$1, IF(C7=0,"", IF(AND(OR(C7=12,C7=24,C7=36,C7=48,C7=60,C7=72),$M$7<1),$O$8, IF(OR(C7=12,C7=24,C7=36,C7=48,C7=60,C7=72),$O$7, IF(B7=$P$6,$O$8,""))))) | L7: =SUM(L6-H7) -> 39874.62 | M7: =IFERROR(IF(ROUNDDOWN(SUM(O5/O7),0)>ROUNDDOWN(SUM(O2/12),0),ROUNDDOWN(SUM(O2/12),0),ROUNDDOWN(SUM(O5/O7),0)),0) -> 1 | N7: Annuité | O7: =IF(D1=0,0,SUM(E1+SUM(G1*12))) -> 13020
A8: 6 | B8: =EDATE($B$1,A8) -> 43728 | C8: =IF(B8=$P$4,0, IF(B7=$P$4,1, IF(C7=0,0, IF(C7=$O$6,0, SUM(C7+1))))) -> 0 | D8: =IF(C8<>0,B8,0) -> 0 | E8: {=IF(C8=0,0, IF(Situation!$B$152=0,0, IF(OR(C8=12,C8=24,C8=36,C8=48,C8=60,C8=72),$E$1, IF(AND(C8>=1,C8<=SUM($M$7*12)),0, IF(AND(I8<=$M$7,TEXT(D8,"aaaa")=TEXT($P$6,"aaaa")),0, IF($M$7=0,SUM((Situation!$B$71:$B$85=MONTH(1&"/"&TEXT(D8,"mmmm")))*(Situation!$C$71:$C$85)), IF(TEXT(D8,"aaaa")=TEXT($P$6,"aaaa"),SUM((Situation!$B$71:$B$85=MONTH(1&"/"&TEXT(D8,"mmmm")))*(Situation!$C$71:$C$85)), 0)))))))} -> 0 | F8: =IF($D$1=0,0, IF(D8=$P$6,$F$1, 0)) -> 0 | G8: {=IFERROR(IF(B8=$P$4,$K$1, IF(B8=EDATE($B$1,84),0, IF(COUNTIF($N$9:$N$20,B8),LOOKUP(2,1/($N$9:$N$20=B8),$Q$9:$Q$21)*-1, IF(C8<>0,$G$1,0)))),0)} -> 0 | H8: =IF(L7<SUM(E8+G8),L7,SUM(E8+G8)) -> 0 | I8: =IF(B8=$P$4,1, IF(AND(C8>=1,C8<=12),2, IF(AND(C8>=13,C8<=24),3, IF(AND(C8>=25,C8<=36),4, IF(AND(C8>=37,C8<=48),5, IF(AND(C8>=49,C8<=60),6, IF(AND(C8>=61,C8<=72),7, IF(AND(C8>=73,C8<=84),8, 0)))))))) -> 0 | J8: =IF(K8<>"",CONCATENATE("Annuité ",COUNT($K$3:K8)),"") | K8: =IF(B8=$P$4,$K$1, IF(C8=0,"", IF(AND(OR(C8=12,C8=24,C8=36,C8=48,C8=60,C8=72),$M$7<1),$O$8, IF(OR(C8=12,C8=24,C8=36,C8=48,C8=60,C8=72),$O$7, IF(B8=$P$6,$O$8,""))))) | L8: =SUM(L7-H8) -> 39874.62 | M8: {=IFERROR(LOOKUP(2,1/($Q$9:$Q$20<>0),$M$9:$M$20),0)} -> 10 | N8: Mois : Dernière annuité | O8: =SUM(Q9:Q20)*-1 -> 9394.62 | P8: =IFERROR(EDATE(P4,SUM(M7*12)),0) -> 44793 | Q8: =SUM(O5-SUM(O7*M7)) -> 9394.62
A9: 7 | B9: =EDATE($B$1,A9) -> 43758 | C9: =IF(B9=$P$4,0, IF(B8=$P$4,1, IF(C8=0,0, IF(C8=$O$6,0, SUM(C8+1))))) -> 0 | D9: =IF(C9<>0,B9,0) -> 0 | E9: {=IF(C9=0,0, IF(Situation!$B$152=0,0, IF(OR(C9=12,C9=24,C9=36,C9=48,C9=60,C9=72),$E$1, IF(AND(C9>=1,C9<=SUM($M$7*12)),0, IF(AND(I9<=$M$7,TEXT(D9,"aaaa")=TEXT($P$6,"aaaa")),0, IF($M$7=0,SUM((Situation!$B$71:$B$85=MONTH(1&"/"&TEXT(D9,"mmmm")))*(Situation!$C$71:$C$85)), IF(TEXT(D9,"aaaa")=TEXT($P$6,"aaaa"),SUM((Situation!$B$71:$B$85=MONTH(1&"/"&TEXT(D9,"mmmm")))*(Situation!$C$71:$C$85)), 0)))))))} -> 0 | F9: =IF($D$1=0,0, IF(D9=$P$6,$F$1, 0)) -> 0 | G9: {=IFERROR(IF(B9=$P$4,$K$1, IF(B9=EDATE($B$1,84),0, IF(COUNTIF($N$9:$N$20,B9),LOOKUP(2,1/($N$9:$N$20=B9),$Q$9:$Q$21)*-1, IF(C9<>0,$G$1,0)))),0)} -> 0 | H9: =IF(L8<SUM(E9+G9),L8,SUM(E9+G9)) -> 0 | I9: =IF(B9=$P$4,1, IF(AND(C9>=1,C9<=12),2, IF(AND(C9>=13,C9<=24),3, IF(AND(C9>=25,C9<=36),4, IF(AND(C9>=37,C9<=48),5, IF(AND(C9>=49,C9<=60),6, IF(AND(C9>=61,C9<=72),7, IF(AND(C9>=73,C9<=84),8, 0)))))))) -> 0 | J9: =IF(K9<>"",CONCATENATE("Annuité ",COUNT($K$3:K9)),"") | K9: =IF(B9=$P$4,$K$1, IF(C9=0,"", IF(AND(OR(C9=12,C9=24,C9=36,C9=48,C9=60,C9=72),$M$7<1),$O$8, IF(OR(C9=12,C9=24,C9=36,C9=48,C9=60,C9=72),$O$7, IF(B9=$P$6,$O$8,""))))) | L9: =SUM(L8-H9) -> 39874.62 | M9: =IF(N9=0,0,1) -> 1 | N9: =IF($Q$8=0,0, IF(P8=P2,0, IF(IF(AND(OR(DAY(B1)=29,DAY(B1)=30,DAY(B1)=31),OR(DAY(P8)=28,DAY(P8)=29)),SUM(P8+DAY(B1)+1))=EDATE($B$1,84),0, IF(EDATE(P8,1)=EDATE($B$1,84),0, EDATE($P$8,1))))) -> 44824 | O9: {=IF(N9=0,0, IF(Situation!$B$152=0,0, SUM((Situation!$B$71:$B$85=MONTH(1&"/"&TEXT(N9,"mmmm")))*(Situation!$C$71:$C$85))))} -> 0 | P9: =IF(N9=0,0, IF(AND(SUM($Q$8/$G$1)>11,SUM($Q$8/$G$1)<=12),$G$1, IF(Situation!$B$143=0,SUM($G$1-SUM($F$1/12)),$G$1))) -> 971.66667 | Q9: =IF(N9=0,0, IF(SUM(O9:P9)>Q8,-Q8, -SUM(O9:P9))) -> -971.66667 | R9: =SUM(Q8+Q9) -> 8422.9533
A10: 8 | B10: =EDATE($B$1,A10) -> 43789 | C10: =IF(B10=$P$4,0, IF(B9=$P$4,1, IF(C9=0,0, IF(C9=$O$6,0, SUM(C9+1))))) -> 0 | D10: =IF(C10<>0,B10,0) -> 0 | E10: {=IF(C10=0,0, IF(Situation!$B$152=0,0, IF(OR(C10=12,C10=24,C10=36,C10=48,C10=60,C10=72),$E$1, IF(AND(C10>=1,C10<=SUM($M$7*12)),0, IF(AND(I10<=$M$7,TEXT(D10,"aaaa")=TEXT($P$6,"aaaa")),0, IF($M$7=0,SUM((Situation!$B$71:$B$85=MONTH(1&"/"&TEXT(D10,"mmmm")))*(Situation!$C$71:$C$85)), IF(TEXT(D10,"aaaa")=TEXT($P$6,"aaaa"),SUM((Situation!$B$71:$B$85=MONTH(1&"/"&TEXT(D10,"mmmm")))*(Situation!$C$71:$C$85)), 0)))))))} -> 0 | F10: =IF($D$1=0,0, IF(D10=$P$6,$F$1, 0)) -> 0 | G10: {=IFERROR(IF(B10=$P$4,$K$1, IF(B10=EDATE($B$1,84),0, IF(COUNTIF($N$9:$N$20,B10),LOOKUP(2,1/($N$9:$N$20=B10),$Q$9:$Q$21)*-1, IF(C10<>0,$G$1,0)))),0)} -> 0 | H10: =IF(L9<SUM(E10+G10),L9,SUM(E10+G10)) -> 0 | I10: =IF(B10=$P$4,1, IF(AND(C10>=1,C10<=12),2, IF(AND(C10>=13,C10<=24),3, IF(AND(C10>=25,C10<=36),4, IF(AND(C10>=37,C10<=48),5, IF(AND(C10>=49,C10<=60),6, IF(AND(C10>=61,C10<=72),7, IF(AND(C10>=73,C10<=84),8, 0)))))))) -> 0 | J10: =IF(K10<>"",CONCATENATE("Annuité ",COUNT($K$3:K10)),"") | K10: =IF(B10=$P$4,$K$1, IF(C10=0,"", IF(AND(OR(C10=12,C10=24,C10=36,C10=48,C10=60,C10=72),$M$7<1),$O$8, IF(OR(C10=12,C10=24,C10=36,C10=48,C10=60,C10=72),$O$7, IF(B10=$P$6,$O$8,""))))) | L10: =SUM(L9-H10) -> 39874.62 | M10: =IF(N10=0,0,SUM(M9+1)) -> 2 | N10: =IF(N9=0,0, IF(R9=0,0, IF(EDATE(N9,1)=EDATE($B$1,84),0, EDATE(N9,1)))) -> 44854 | O10: {=IF(N10=0,0, IF(Situation!$B$152=0,0, SUM((Situation!$B$71:$B$85=MONTH(1&"/"&TEXT(N10,"mmmm")))*(Situation!$C$71:$C$85))))} -> 0 | P10: =IF(N10=0,0, IF(AND(SUM($Q$8/$G$1)>11,SUM($Q$8/$G$1)<=12),$G$1, IF(Situation!$B$143=0,SUM($G$1-SUM($F$1/12)),$G$1))) -> 971.66667 | Q10: =IF(N10=0,0, IF(SUM(O10:P10)>R9,-R9,-SUM(O10:P10))) -> -971.66667 | R10: =SUM(R9+Q10) -> 7451.2867
A11: 9 | B11: =EDATE($B$1,A11) -> 43819 | C11: =IF(B11=$P$4,0, IF(B10=$P$4,1, IF(C10=0,0, IF(C10=$O$6,0, SUM(C10+1))))) -> 0 | D11: =IF(C11<>0,B11,0) -> 0 | E11: {=IF(C11=0,0, IF(Situation!$B$152=0,0, IF(OR(C11=12,C11=24,C11=36,C11=48,C11=60,C11=72),$E$1, IF(AND(C11>=1,C11<=SUM($M$7*12)),0, IF(AND(I11<=$M$7,TEXT(D11,"aaaa")=TEXT($P$6,"aaaa")),0, IF($M$7=0,SUM((Situation!$B$71:$B$85=MONTH(1&"/"&TEXT(D11,"mmmm")))*(Situation!$C$71:$C$85)), IF(TEXT(D11,"aaaa")=TEXT($P$6,"aaaa"),SUM((Situation!$B$71:$B$85=MONTH(1&"/"&TEXT(D11,"mmmm")))*(Situation!$C$71:$C$85)), 0)))))))} -> 0 | F11: =IF($D$1=0,0, IF(D11=$P$6,$F$1, 0)) -> 0 | G11: {=IFERROR(IF(B11=$P$4,$K$1, IF(B11=EDATE($B$1,84),0, IF(COUNTIF($N$9:$N$20,B11),LOOKUP(2,1/($N$9:$N$20=B11),$Q$9:$Q$21)*-1, IF(C11<>0,$G$1,0)))),0)} -> 0 | H11: =IF(L10<SUM(E11+G11),L10,SUM(E11+G11)) -> 0 | I11: =IF(B11=$P$4,1, IF(AND(C11>=1,C11<=12),2, IF(AND(C11>=13,C11<=24),3, IF(AND(C11>=25,C11<=36),4, IF(AND(C11>=37,C11<=48),5, IF(AND(C11>=49,C11<=60),6, IF(AND(C11>=61,C11<=72),7, IF(AND(C11>=73,C11<=84),8, 0)))))))) -> 0 | J11: =IF(K11<>"",CONCATENATE("Annuité ",COUNT($K$3:K11)),"") | K11: =IF(B11=$P$4,$K$1, IF(C11=0,"", IF(AND(OR(C11=12,C11=24,C11=36,C11=48,C11=60,C11=72),$M$7<1),$O$8, IF(OR(C11=12,C11=24,C11=36,C11=48,C11=60,C11=72),$O$7, IF(B11=$P$6,$O$8,""))))) | L11: =SUM(L10-H11) -> 39874.62 | M11: =IF(N11=0,0,SUM(M10+1)) -> 3 | N11: =IF(N10=0,0, IF(R10=0,0, IF(EDATE(N10,1)=EDATE($B$1,84),0, EDATE(N10,1)))) -> 44885 | O11: {=IF(N11=0,0, IF(Situation!$B$152=0,0, SUM((Situation!$B$71:$B$85=MONTH(1&"/"&TEXT(N11,"mmmm")))*(Situation!$C$71:$C$85))))} -> 0 | P11: =IF(N11=0,0, IF(AND(SUM($Q$8/$G$1)>11,SUM($Q$8/$G$1)<=12),$G$1, IF(Situation!$B$143=0,SUM($G$1-SUM($F$1/12)),$G$1))) -> 971.66667 | Q11: =IF(N11=0,0, IF(SUM(O11:P11)>R10,-R10,-SUM(O11:P11))) -> -971.66667 | R11: =SUM(R10+Q11) -> 6479.62
A12: 10 | B12: =EDATE($B$1,A12) -> 43850 | C12: =IF(B12=$P$4,0, IF(B11=$P$4,1, IF(C11=0,0, IF(C11=$O$6,0, SUM(C11+1))))) -> 0 | D12: =IF(C12<>0,B12,0) -> 0 | E12: {=IF(C12=0,0, IF(Situation!$B$152=0,0, IF(OR(C12=12,C12=24,C12=36,C12=48,C12=60,C12=72),$E$1, IF(AND(C12>=1,C12<=SUM($M$7*12)),0, IF(AND(I12<=$M$7,TEXT(D12,"aaaa")=TEXT($P$6,"aaaa")),0, IF($M$7=0,SUM((Situation!$B$71:$B$85=MONTH(1&"/"&TEXT(D12,"mmmm")))*(Situation!$C$71:$C$85)), IF(TEXT(D12,"aaaa")=TEXT($P$6,"aaaa"),SUM((Situation!$B$71:$B$85=MONTH(1&"/"&TEXT(D12,"mmmm")))*(Situation!$C$71:$C$85)), 0)))))))} -> 0 | F12: =IF($D$1=0,0, IF(D12=$P$6,$F$1, 0)) -> 0 | G12: {=IFERROR(IF(B12=$P$4,$K$1, IF(B12=EDATE($B$1,84),0, IF(COUNTIF($N$9:$N$20,B12),LOOKUP(2,1/($N$9:$N$20=B12),$Q$9:$Q$21)*-1, IF(C12<>0,$G$1,0)))),0)} -> 0 | H12: =IF(L11<SUM(E12+G12),L11,SUM(E12+G12)) -> 0 | I12: =IF(B12=$P$4,1, IF(AND(C12>=1,C12<=12),2, IF(AND(C12>=13,C12<=24),3, IF(AND(C12>=25,C12<=36),4, IF(AND(C12>=37,C12<=48),5, IF(AND(C12>=49,C12<=60),6, IF(AND(C12>=61,C12<=72),7, IF(AND(C12>=73,C12<=84),8, 0)))))))) -> 0 | J12: =IF(K12<>"",CONCATENATE("Annuité ",COUNT($K$3:K12)),"") | K12: =IF(B12=$P$4,$K$1, IF(C12=0,"", IF(AND(OR(C12=12,C12=24,C12=36,C12=48,C12=60,C12=72),$M$7<1),$O$8, IF(OR(C12=12,C12=24,C12=36,C12=48,C12=60,C12=72),$O$7, IF(B12=$P$6,$O$8,""))))) | L12: =SUM(L11-H12) -> 39874.62 | M12: =IF(N12=0,0,SUM(M11+1)) -> 4 | N12: =IF(N11=0,0, IF(R11=0,0, IF(EDATE(N11,1)=EDATE($B$1,84),0, EDATE(N11,1)))) -> 44915 | O12: {=IF(N12=0,0, IF(Situation!$B$152=0,0, SUM((Situation!$B$71:$B$85=MONTH(1&"/"&TEXT(N12,"mmmm")))*(Situation!$C$71:$C$85))))} -> 0 | P12: =IF(N12=0,0, IF(AND(SUM($Q$8/$G$1)>11,SUM($Q$8/$G$1)<=12),$G$1, IF(Situation!$B$143=0,SUM($G$1-SUM($F$1/12)),$G$1))) -> 971.66667 | Q12: =IF(N12=0,0, IF(SUM(O12:P12)>R11,-R11,-SUM(O12:P12))) -> -971.66667 | R12: =SUM(R11+Q12) -> 5507.9533
A13: 11 | B13: =EDATE($B$1,A13) -> 43881 | C13: =IF(B13=$P$4,0, IF(B12=$P$4,1, IF(C12=0,0, IF(C12=$O$6,0, SUM(C12+1))))) -> 0 | D13: =IF(C13<>0,B13,0) -> 0 | E13: {=IF(C13=0,0, IF(Situation!$B$152=0,0, IF(OR(C13=12,C13=24,C13=36,C13=48,C13=60,C13=72),$E$1, IF(AND(C13>=1,C13<=SUM($M$7*12)),0, IF(AND(I13<=$M$7,TEXT(D13,"aaaa")=TEXT($P$6,"aaaa")),0, IF($M$7=0,SUM((Situation!$B$71:$B$85=MONTH(1&"/"&TEXT(D13,"mmmm")))*(Situation!$C$71:$C$85)), IF(TEXT(D13,"aaaa")=TEXT($P$6,"aaaa"),SUM((Situation!$B$71:$B$85=MONTH(1&"/"&TEXT(D13,"mmmm")))*(Situation!$C$71:$C$85)), 0)))))))} -> 0 | F13: =IF($D$1=0,0, IF(D13=$P$6,$F$1, 0)) -> 0 | G13: {=IFERROR(IF(B13=$P$4,$K$1, IF(B13=EDATE($B$1,84),0, IF(COUNTIF($N$9:$N$20,B13),LOOKUP(2,1/($N$9:$N$20=B13),$Q$9:$Q$21)*-1, IF(C13<>0,$G$1,0)))),0)} -> 0 | H13: =IF(L12<SUM(E13+G13),L12,SUM(E13+G13)) -> 0 | I13: =IF(B13=$P$4,1, IF(AND(C13>=1,C13<=12),2, IF(AND(C13>=13,C13<=24),3, IF(AND(C13>=25,C13<=36),4, IF(AND(C13>=37,C13<=48),5, IF(AND(C13>=49,C13<=60),6, IF(AND(C13>=61,C13<=72),7, IF(AND(C13>=73,C13<=84),8, 0)))))))) -> 0 | J13: =IF(K13<>"",CONCATENATE("Annuité ",COUNT($K$3:K13)),"") | K13: =IF(B13=$P$4,$K$1, IF(C13=0,"", IF(AND(OR(C13=12,C13=24,C13=36,C13=48,C13=60,C13=72),$M$7<1),$O$8, IF(OR(C13=12,C13=24,C13=36,C13=48,C13=60,C13=72),$O$7, IF(B13=$P$6,$O$8,""))))) | L13: =SUM(L12-H13) -> 39874.62 | M13: =IF(N13=0,0,SUM(M12+1)) -> 5 | N13: =IF(N12=0,0, IF(R12=0,0, IF(EDATE(N12,1)=EDATE($B$1,84),0, EDATE(N12,1)))) -> 44946 | O13: {=IF(N13=0,0, IF(Situation!$B$152=0,0, SUM((Situation!$B$71:$B$85=MONTH(1&"/"&TEXT(N13,"mmmm")))*(Situation!$C$71:$C$85))))} -> 0 | P13: =IF(N13=0,0, IF(AND(SUM($Q$8/$G$1)>11,SUM($Q$8/$G$1)<=12),$G$1, IF(Situation!$B$143=0,SUM($G$1-SUM($F$1/12)),$G$1))) -> 971.66667 | Q13: =IF(N13=0,0, IF(SUM(O13:P13)>R12,-R12,-SUM(O13:P13))) -> -971.66667 | R13: =SUM(R12+Q13) -> 4536.2867
A14: 12 | B14: =EDATE($B$1,A14) -> 43910 | C14: =IF(B14=$P$4,0, IF(B13=$P$4,1, IF(C13=0,0, IF(C13=$O$6,0, SUM(C13+1))))) -> 0 | D14: =IF(C14<>0,B14,0) -> 0 | E14: {=IF(C14=0,0, IF(Situation!$B$152=0,0, IF(OR(C14=12,C14=24,C14=36,C14=48,C14=60,C14=72),$E$1, IF(AND(C14>=1,C14<=SUM($M$7*12)),0, IF(AND(I14<=$M$7,TEXT(D14,"aaaa")=TEXT($P$6,"aaaa")),0, IF($M$7=0,SUM((Situation!$B$71:$B$85=MONTH(1&"/"&TEXT(D14,"mmmm")))*(Situation!$C$71:$C$85)), IF(TEXT(D14,"aaaa")=TEXT($P$6,"aaaa"),SUM((Situation!$B$71:$B$85=MONTH(1&"/"&TEXT(D14,"mmmm")))*(Situation!$C$71:$C$85)), 0)))))))} -> 0 | F14: =IF($D$1=0,0, IF(D14=$P$6,$F$1, 0)) -> 0 | G14: {=IFERROR(IF(B14=$P$4,$K$1, IF(B14=EDATE($B$1,84),0, IF(COUNTIF($N$9:$N$20,B14),LOOKUP(2,1/($N$9:$N$20=B14),$Q$9:$Q$21)*-1, IF(C14<>0,$G$1,0)))),0)} -> 0 | H14: =IF(L13<SUM(E14+G14),L13,SUM(E14+G14)) -> 0 | I14: =IF(B14=$P$4,1, IF(AND(C14>=1,C14<=12),2, IF(AND(C14>=13,C14<=24),3, IF(AND(C14>=25,C14<=36),4, IF(AND(C14>=37,C14<=48),5, IF(AND(C14>=49,C14<=60),6, IF(AND(C14>=61,C14<=72),7, IF(AND(C14>=73,C14<=84),8, 0)))))))) -> 0 | J14: =IF(K14<>"",CONCATENATE("Annuité ",COUNT($K$3:K14)),"") | K14: =IF(B14=$P$4,$K$1, IF(C14=0,"", IF(AND(OR(C14=12,C14=24,C14=36,C14=48,C14=60,C14=72),$M$7<1),$O$8, IF(OR(C14=12,C14=24,C14=36,C14=48,C14=60,C14=72),$O$7, IF(B14=$P$6,$O$8,""))))) | L14: =SUM(L13-H14) -> 39874.62 | M14: =IF(N14=0,0,SUM(M13+1)) -> 6 | N14: =IF(N13=0,0, IF(R13=0,0, IF(EDATE(N13,1)=EDATE($B$1,84),0, EDATE(N13,1)))) -> 44977 | O14: {=IF(N14=0,0, IF(Situation!$B$152=0,0, SUM((Situation!$B$71:$B$85=MONTH(1&"/"&TEXT(N14,"mmmm")))*(Situation!$C$71:$C$85))))} -> 0 | P14: =IF(N14=0,0, IF(AND(SUM($Q$8/$G$1)>11,SUM($Q$8/$G$1)<=12),$G$1, IF(Situation!$B$143=0,SUM($G$1-SUM($F$1/12)),$G$1))) -> 971.66667 | Q14: =IF(N14=0,0, IF(SUM(O14:P14)>R13,-R13,-SUM(O14:P14))) -> -971.66667 | R14: =SUM(R13+Q14) -> 3564.62
A15: 13 | B15: =EDATE($B$1,A15) -> 43941 | C15: =IF(B15=$P$4,0, IF(B14=$P$4,1, IF(C14=0,0, IF(C14=$O$6,0, SUM(C14+1))))) -> 0 | D15: =IF(C15<>0,B15,0) -> 0 | E15: {=IF(C15=0,0, IF(Situation!$B$152=0,0, IF(OR(C15=12,C15=24,C15=36,C15=48,C15=60,C15=72),$E$1, IF(AND(C15>=1,C15<=SUM($M$7*12)),0, IF(AND(I15<=$M$7,TEXT(D15,"aaaa")=TEXT($P$6,"aaaa")),0, IF($M$7=0,SUM((Situation!$B$71:$B$85=MONTH(1&"/"&TEXT(D15,"mmmm")))*(Situation!$C$71:$C$85)), IF(TEXT(D15,"aaaa")=TEXT($P$6,"aaaa"),SUM((Situation!$B$71:$B$85=MONTH(1&"/"&TEXT(D15,"mmmm")))*(Situation!$C$71:$C$85)), 0)))))))} -> 0 | F15: =IF($D$1=0,0, IF(D15=$P$6,$F$1, 0)) -> 0 | G15: {=IFERROR(IF(B15=$P$4,$K$1, IF(B15=EDATE($B$1,84),0, IF(COUNTIF($N$9:$N$20,B15),LOOKUP(2,1/($N$9:$N$20=B15),$Q$9:$Q$21)*-1, IF(C15<>0,$G$1,0)))),0)} -> 0 | H15: =IF(L14<SUM(E15+G15),L14,SUM(E15+G15)) -> 0 | I15: =IF(B15=$P$4,1, IF(AND(C15>=1,C15<=12),2, IF(AND(C15>=13,C15<=24),3, IF(AND(C15>=25,C15<=36),4, IF(AND(C15>=37,C15<=48),5, IF(AND(C15>=49,C15<=60),6, IF(AND(C15>=61,C15<=72),7, IF(AND(C15>=73,C15<=84),8, 0)))))))) -> 0 | J15: =IF(K15<>"",CONCATENATE("Annuité ",COUNT($K$3:K15)),"") | K15: =IF(B15=$P$4,$K$1, IF(C15=0,"", IF(AND(OR(C15=12,C15=24,C15=36,C15=48,C15=60,C15=72),$M$7<1),$O$8, IF(OR(C15=12,C15=24,C15=36,C15=48,C15=60,C15=72),$O$7, IF(B15=$P$6,$O$8,""))))) | L15: =SUM(L14-H15) -> 39874.62 | M15: =IF(N15=0,0,SUM(M14+1)) -> 7 | N15: =IF(N14=0,0, IF(R14=0,0, IF(EDATE(N14,1)=EDATE($B$1,84),0, EDATE(N14,1)))) -> 45005 | O15: {=IF(N15=0,0, IF(Situation!$B$152=0,0, SUM((Situation!$B$71:$B$85=MONTH(1&"/"&TEXT(N15,"mmmm")))*(Situation!$C$71:$C$85))))} -> 0 | P15: =IF(N15=0,0, IF(AND(SUM($Q$8/$G$1)>11,SUM($Q$8/$G$1)<=12),$G$1, IF(Situation!$B$143=0,SUM($G$1-SUM($F$1/12)),$G$1))) -> 971.66667 | Q15: =IF(N15=0,0, IF(SUM(O15:P15)>R14,-R14,-SUM(O15:P15))) -> -971.66667 | R15: =SUM(R14+Q15) -> 2592.9533
A16: 14 | B16: =EDATE($B$1,A16) -> 43971 | C16: =IF(B16=$P$4,0, IF(B15=$P$4,1, IF(C15=0,0, IF(C15=$O$6,0, SUM(C15+1))))) -> 0 | D16: =IF(C16<>0,B16,0) -> 0 | E16: {=IF(C16=0,0, IF(Situation!$B$152=0,0, IF(OR(C16=12,C16=24,C16=36,C16=48,C16=60,C16=72),$E$1, IF(AND(C16>=1,C16<=SUM($M$7*12)),0, IF(AND(I16<=$M$7,TEXT(D16,"aaaa")=TEXT($P$6,"aaaa")),0, IF($M$7=0,SUM((Situation!$B$71:$B$85=MONTH(1&"/"&TEXT(D16,"mmmm")))*(Situation!$C$71:$C$85)), IF(TEXT(D16,"aaaa")=TEXT($P$6,"aaaa"),SUM((Situation!$B$71:$B$85=MONTH(1&"/"&TEXT(D16,"mmmm")))*(Situation!$C$71:$C$85)), 0)))))))} -> 0 | F16: =IF($D$1=0,0, IF(D16=$P$6,$F$1, 0)) -> 0 | G16: {=IFERROR(IF(B16=$P$4,$K$1, IF(B16=EDATE($B$1,84),0, IF(COUNTIF($N$9:$N$20,B16),LOOKUP(2,1/($N$9:$N$20=B16),$Q$9:$Q$21)*-1, IF(C16<>0,$G$1,0)))),0)} -> 0 | H16: =IF(L15<SUM(E16+G16),L15,SUM(E16+G16)) -> 0 | I16: =IF(B16=$P$4,1, IF(AND(C16>=1,C16<=12),2, IF(AND(C16>=13,C16<=24),3, IF(AND(C16>=25,C16<=36),4, IF(AND(C16>=37,C16<=48),5, IF(AND(C16>=49,C16<=60),6, IF(AND(C16>=61,C16<=72),7, IF(AND(C16>=73,C16<=84),8, 0)))))))) -> 0 | J16: =IF(K16<>"",CONCATENATE("Annuité ",COUNT($K$3:K16)),"") | K16: =IF(B16=$P$4,$K$1, IF(C16=0,"", IF(AND(OR(C16=12,C16=24,C16=36,C16=48,C16=60,C16=72),$M$7<1),$O$8, IF(OR(C16=12,C16=24,C16=36,C16=48,C16=60,C16=72),$O$7, IF(B16=$P$6,$O$8,""))))) | L16: =SUM(L15-H16) -> 39874.62 | M16: =IF(N16=0,0,SUM(M15+1)) -> 8 | N16: =IF(N15=0,0, IF(R15=0,0, IF(EDATE(N15,1)=EDATE($B$1,84),0, EDATE(N15,1)))) -> 45036 | O16: {=IF(N16=0,0, IF(Situation!$B$152=0,0, SUM((Situation!$B$71:$B$85=MONTH(1&"/"&TEXT(N16,"mmmm")))*(Situation!$C$71:$C$85))))} -> 0 | P16: =IF(N16=0,0, IF(AND(SUM($Q$8/$G$1)>11,SUM($Q$8/$G$1)<=12),$G$1, IF(Situation!$B$143=0,SUM($G$1-SUM($F$1/12)),$G$1))) -> 971.66667 | Q16: =IF(N16=0,0, IF(SUM(O16:P16)>R15,-R15,-SUM(O16:P16))) -> -971.66667 | R16: =SUM(R15+Q16) -> 1621.2867
A17: 15 | B17: =EDATE($B$1,A17) -> 44002 | C17: =IF(B17=$P$4,0, IF(B16=$P$4,1, IF(C16=0,0, IF(C16=$O$6,0, SUM(C16+1))))) -> 0 | D17: =IF(C17<>0,B17,0) -> 0 | E17: {=IF(C17=0,0, IF(Situation!$B$152=0,0, IF(OR(C17=12,C17=24,C17=36,C17=48,C17=60,C17=72),$E$1, IF(AND(C17>=1,C17<=SUM($M$7*12)),0, IF(AND(I17<=$M$7,TEXT(D17,"aaaa")=TEXT($P$6,"aaaa")),0, IF($M$7=0,SUM((Situation!$B$71:$B$85=MONTH(1&"/"&TEXT(D17,"mmmm")))*(Situation!$C$71:$C$85)), IF(TEXT(D17,"aaaa")=TEXT($P$6,"aaaa"),SUM((Situation!$B$71:$B$85=MONTH(1&"/"&TEXT(D17,"mmmm")))*(Situation!$C$71:$C$85)), 0)))))))} -> 0 | F17: =IF($D$1=0,0, IF(D17=$P$6,$F$1, 0)) -> 0 | G17: {=IFERROR(IF(B17=$P$4,$K$1, IF(B17=EDATE($B$1,84),0, IF(COUNTIF($N$9:$N$20,B17),LOOKUP(2,1/($N$9:$N$20=B17),$Q$9:$Q$21)*-1, IF(C17<>0,$G$1,0)))),0)} -> 0 | H17: =IF(L16<SUM(E17+G17),L16,SUM(E17+G17)) -> 0 | I17: =IF(B17=$P$4,1, IF(AND(C17>=1,C17<=12),2, IF(AND(C17>=13,C17<=24),3, IF(AND(C17>=25,C17<=36),4, IF(AND(C17>=37,C17<=48),5, IF(AND(C17>=49,C17<=60),6, IF(AND(C17>=61,C17<=72),7, IF(AND(C17>=73,C17<=84),8, 0)))))))) -> 0 | J17: =IF(K17<>"",CONCATENATE("Annuité ",COUNT($K$3:K17)),"") | K17: =IF(B17=$P$4,$K$1, IF(C17=0,"", IF(AND(OR(C17=12,C17=24,C17=36,C17=48,C17=60,C17=72),$M$7<1),$O$8, IF(OR(C17=12,C17=24,C17=36,C17=48,C17=60,C17=72),$O$7, IF(B17=$P$6,$O$8,""))))) | L17: =SUM(L16-H17) -> 39874.62 | M17: =IF(N17=0,0,SUM(M16+1)) -> 9 | N17: =IF(N16=0,0, IF(R16=0,0, IF(EDATE(N16,1)=EDATE($B$1,84),0, EDATE(N16,1)))) -> 45066 | O17: {=IF(N17=0,0, IF(Situation!$B$152=0,0, SUM((Situation!$B$71:$B$85=MONTH(1&"/"&TEXT(N17,"mmmm")))*(Situation!$C$71:$C$85))))} -> 0 | P17: =IF(N17=0,0, IF(AND(SUM($Q$8/$G$1)>11,SUM($Q$8/$G$1)<=12),$G$1, IF(Situation!$B$143=0,SUM($G$1-SUM($F$1/12)),$G$1))) -> 971.66667 | Q17: =IF(N17=0,0, IF(SUM(O17:P17)>R16,-R16,-SUM(O17:P17))) -> -971.66667 | R17: =SUM(R16+Q17) -> 649.62
A18: 16 | B18: =EDATE($B$1,A18) -> 44032 | C18: =IF(B18=$P$4,0, IF(B17=$P$4,1, IF(C17=0,0, IF(C17=$O$6,0, SUM(C17+1))))) -> 0 | D18: =IF(C18<>0,B18,0) -> 0 | E18: {=IF(C18=0,0, IF(Situation!$B$152=0,0, IF(OR(C18=12,C18=24,C18=36,C18=48,C18=60,C18=72),$E$1, IF(AND(C18>=1,C18<=SUM($M$7*12)),0, IF(AND(I18<=$M$7,TEXT(D18,"aaaa")=TEXT($P$6,"aaaa")),0, IF($M$7=0,SUM((Situation!$B$71:$B$85=MONTH(1&"/"&TEXT(D18,"mmmm")))*(Situation!$C$71:$C$85)), IF(TEXT(D18,"aaaa")=TEXT($P$6,"aaaa"),SUM((Situation!$B$71:$B$85=MONTH(1&"/"&TEXT(D18,"mmmm")))*(Situation!$C$71:$C$85)), 0)))))))} -> 0 | F18: =IF($D$1=0,0, IF(D18=$P$6,$F$1, 0)) -> 0 | G18: {=IFERROR(IF(B18=$P$4,$K$1, IF(B18=EDATE($B$1,84),0, IF(COUNTIF($N$9:$N$20,B18),LOOKUP(2,1/($N$9:$N$20=B18),$Q$9:$Q$21)*-1, IF(C18<>0,$G$1,0)))),0)} -> 0 | H18: =IF(L17<SUM(E18+G18),L17,SUM(E18+G18)) -> 0 | I18: =IF(B18=$P$4,1, IF(AND(C18>=1,C18<=12),2, IF(AND(C18>=13,C18<=24),3, IF(AND(C18>=25,C18<=36),4, IF(AND(C18>=37,C18<=48),5, IF(AND(C18>=49,C18<=60),6, IF(AND(C18>=61,C18<=72),7, IF(AND(C18>=73,C18<=84),8, 0)))))))) -> 0 | J18: =IF(K18<>"",CONCATENATE("Annuité ",COUNT($K$3:K18)),"") | K18: =IF(B18=$P$4,$K$1, IF(C18=0,"", IF(AND(OR(C18=12,C18=24,C18=36,C18=48,C18=60,C18=72),$M$7<1),$O$8, IF(OR(C18=12,C18=24,C18=36,C18=48,C18=60,C18=72),$O$7, IF(B18=$P$6,$O$8,""))))) | L18: =SUM(L17-H18) -> 39874.62 | M18: =IF(N18=0,0,SUM(M17+1)) -> 10 | N18: =IF(N17=0,0, IF(R17=0,0, IF(EDATE(N17,1)=EDATE($B$1,84),0, EDATE(N17,1)))) -> 45097 | O18: {=IF(N18=0,0, IF(Situation!$B$152=0,0, SUM((Situation!$B$71:$B$85=MONTH(1&"/"&TEXT(N18,"mmmm")))*(Situation!$C$71:$C$85))))} -> 1861.88 | P18: =IF(N18=0,0, IF(AND(SUM($Q$8/$G$1)>11,SUM($Q$8/$G$1)<=12),$G$1, IF(Situation!$B$143=0,SUM($G$1-SUM($F$1/12)),$G$1))) -> 971.66667 | Q18: =IF(N18=0,0, IF(SUM(O18:P18)>R17,-R17,-SUM(O18:P18))) -> -649.62 | R18: =SUM(R17+Q18) -> 0
A19: 17 | B19: =EDATE($B$1,A19) -> 44063 | C19: =IF(B19=$P$4,0, IF(B18=$P$4,1, IF(C18=0,0, IF(C18=$O$6,0, SUM(C18+1))))) -> 0 | D19: =IF(C19<>0,B19,0) -> 0 | E19: {=IF(C19=0,0, IF(Situation!$B$152=0,0, IF(OR(C19=12,C19=24,C19=36,C19=48,C19=60,C19=72),$E$1, IF(AND(C19>=1,C19<=SUM($M$7*12)),0, IF(AND(I19<=$M$7,TEXT(D19,"aaaa")=TEXT($P$6,"aaaa")),0, IF($M$7=0,SUM((Situation!$B$71:$B$85=MONTH(1&"/"&TEXT(D19,"mmmm")))*(Situation!$C$71:$C$85)), IF(TEXT(D19,"aaaa")=TEXT($P$6,"aaaa"),SUM((Situation!$B$71:$B$85=MONTH(1&"/"&TEXT(D19,"mmmm")))*(Situation!$C$71:$C$85)), 0)))))))} -> 0 | F19: =IF($D$1=0,0, IF(D19=$P$6,$F$1, 0)) -> 0 | G19: {=IFERROR(IF(B19=$P$4,$K$1, IF(B19=EDATE($B$1,84),0, IF(COUNTIF($N$9:$N$20,B19),LOOKUP(2,1/($N$9:$N$20=B19),$Q$9:$Q$21)*-1, IF(C19<>0,$G$1,0)))),0)} -> 0 | H19: =IF(L18<SUM(E19+G19),L18,SUM(E19+G19)) -> 0 | I19: =IF(B19=$P$4,1, IF(AND(C19>=1,C19<=12),2, IF(AND(C19>=13,C19<=24),3, IF(AND(C19>=25,C19<=36),4, IF(AND(C19>=37,C19<=48),5, IF(AND(C19>=49,C19<=60),6, IF(AND(C19>=61,C19<=72),7, IF(AND(C19>=73,C19<=84),8, 0)))))))) -> 0 | J19: =IF(K19<>"",CONCATENATE("Annuité ",COUNT($K$3:K19)),"") | K19: =IF(B19=$P$4,$K$1, IF(C19=0,"", IF(AND(OR(C19=12,C19=24,C19=36,C19=48,C19=60,C19=72),$M$7<1),$O$8, IF(OR(C19=12,C19=24,C19=36,C19=48,C19=60,C19=72),$O$7, IF(B19=$P$6,$O$8,""))))) | L19: =SUM(L18-H19) -> 39874.62 | M19: =IF(N19=0,0,SUM(M18+1)) -> 0 | N19: =IF(N18=0,0, IF(R18=0,0, IF(EDATE(N18,1)=EDATE($B$1,84),0, EDATE(N18,1)))) -> 0 | O19: {=IF(N19=0,0, IF(Situation!$B$152=0,0, SUM((Situation!$B$71:$B$85=MONTH(1&"/"&TEXT(N19,"mmmm")))*(Situation!$C$71:$C$85))))} -> 0 | P19: =IF(N19=0,0, IF(AND(SUM($Q$8/$G$1)>11,SUM($Q$8/$G$1)<=12),$G$1, IF(Situation!$B$143=0,SUM($G$1-SUM($F$1/12)),$G$1))) -> 0 | Q19: =IF(N19=0,0, IF(SUM(O19:P19)>R18,-R18,-SUM(O19:P19))) -> 0 | R19: =SUM(R18+Q19) -> 0
A20: 18 | B20: =EDATE($B$1,A20) -> 44094 | C20: =IF(B20=$P$4,0, IF(B19=$P$4,1, IF(C19=0,0, IF(C19=$O$6,0, SUM(C19+1))))) -> 0 | D20: =IF(C20<>0,B20,0) -> 0 | E20: {=IF(C20=0,0, IF(Situation!$B$152=0,0, IF(OR(C20=12,C20=24,C20=36,C20=48,C20=60,C20=72),$E$1, IF(AND(C20>=1,C20<=SUM($M$7*12)),0, IF(AND(I20<=$M$7,TEXT(D20,"aaaa")=TEXT($P$6,"aaaa")),0, IF($M$7=0,SUM((Situation!$B$71:$B$85=MONTH(1&"/"&TEXT(D20,"mmmm")))*(Situation!$C$71:$C$85)), IF(TEXT(D20,"aaaa")=TEXT($P$6,"aaaa"),SUM((Situation!$B$71:$B$85=MONTH(1&"/"&TEXT(D20,"mmmm")))*(Situation!$C$71:$C$85)), 0)))))))} -> 0 | F20: =IF($D$1=0,0, IF(D20=$P$6,$F$1, 0)) -> 0 | G20: {=IFERROR(IF(B20=$P$4,$K$1, IF(B20=EDATE($B$1,84),0, IF(COUNTIF($N$9:$N$20,B20),LOOKUP(2,1/($N$9:$N$20=B20),$Q$9:$Q$21)*-1, IF(C20<>0,$G$1,0)))),0)} -> 0 | H20: =IF(L19<SUM(E20+G20),L19,SUM(E20+G20)) -> 0 | I20: =IF(B20=$P$4,1, IF(AND(C20>=1,C20<=12),2, IF(AND(C20>=13,C20<=24),3, IF(AND(C20>=25,C20<=36),4, IF(AND(C20>=37,C20<=48),5, IF(AND(C20>=49,C20<=60),6, IF(AND(C20>=61,C20<=72),7, IF(AND(C20>=73,C20<=84),8, 0)))))))) -> 0 | J20: =IF(K20<>"",CONCATENATE("Annuité ",COUNT($K$3:K20)),"") | K20: =IF(B20=$P$4,$K$1, IF(C20=0,"", IF(AND(OR(C20=12,C20=24,C20=36,C20=48,C20=60,C20=72),$M$7<1),$O$8, IF(OR(C20=12,C20=24,C20=36,C20=48,C20=60,C20=72),$O$7, IF(B20=$P$6,$O$8,""))))) | L20: =SUM(L19-H20) -> 39874.62 | M20: =IF(N20=0,0,SUM(M19+1)) -> 0 | N20: =IF(N19=0,0, IF(R19=0,0, IF(EDATE(N19,1)=EDATE($B$1,84),0, EDATE(N19,1)))) -> 0 | O20: {=IF(N20=0,0, IF(Situation!$B$152=0,0, SUM((Situation!$B$71:$B$85=MONTH(1&"/"&TEXT(N20,"mmmm")))*(Situation!$C$71:$C$85))))} -> 0 | P20: =IF(N20=0,0, IF(AND(SUM($Q$8/$G$1)>11,SUM($Q$8/$G$1)<=12),$G$1, IF(Situation!$B$143=0,SUM($G$1-SUM($F$1/12)),$G$1))) -> 0 | Q20: =IF(N20=0,0, IF(SUM(O20:P20)>R19,-R19,-SUM(O20:P20))) -> 0 | R20: =SUM(R19+Q20) -> 0
A21: 19 | B21: =EDATE($B$1,A21) -> 44124 | C21: =IF(B21=$P$4,0, IF(B20=$P$4,1, IF(C20=0,0, IF(C20=$O$6,0, SUM(C20+1))))) -> 0 | D21: =IF(C21<>0,B21,0) -> 0 | E21: {=IF(C21=0,0, IF(Situation!$B$152=0,0, IF(OR(C21=12,C21=24,C21=36,C21=48,C21=60,C21=72),$E$1, IF(AND(C21>=1,C21<=SUM($M$7*12)),0, IF(AND(I21<=$M$7,TEXT(D21,"aaaa")=TEXT($P$6,"aaaa")),0, IF($M$7=0,SUM((Situation!$B$71:$B$85=MONTH(1&"/"&TEXT(D21,"mmmm")))*(Situation!$C$71:$C$85)), IF(TEXT(D21,"aaaa")=TEXT($P$6,"aaaa"),SUM((Situation!$B$71:$B$85=MONTH(1&"/"&TEXT(D21,"mmmm")))*(Situation!$C$71:$C$85)), 0)))))))} -> 0 | F21: =IF($D$1=0,0, IF(D21=$P$6,$F$1, 0)) -> 0 | G21: {=IFERROR(IF(B21=$P$4,$K$1, IF(B21=EDATE($B$1,84),0, IF(COUNTIF($N$9:$N$20,B21),LOOKUP(2,1/($N$9:$N$20=B21),$Q$9:$Q$21)*-1, IF(C21<>0,$G$1,0)))),0)} -> 0 | H21: =IF(L20<SUM(E21+G21),L20,SUM(E21+G21)) -> 0 | I21: =IF(B21=$P$4,1, IF(AND(C21>=1,C21<=12),2, IF(AND(C21>=13,C21<=24),3, IF(AND(C21>=25,C21<=36),4, IF(AND(C21>=37,C21<=48),5, IF(AND(C21>=49,C21<=60),6, IF(AND(C21>=61,C21<=72),7, IF(AND(C21>=73,C21<=84),8, 0)))))))) -> 0 | J21: =IF(K21<>"",CONCATENATE("Annuité ",COUNT($K$3:K21)),"") | K21: =IF(B21=$P$4,$K$1, IF(C21=0,"", IF(AND(OR(C21=12,C21=24,C21=36,C21=48,C21=60,C21=72),$M$7<1),$O$8, IF(OR(C21=12,C21=24,C21=36,C21=48,C21=60,C21=72),$O$7, IF(B21=$P$6,$O$8,""))))) | L21: =SUM(L20-H21) -> 39874.62
A22: 20 | B22: =EDATE($B$1,A22) -> 44155 | C22: =IF(B22=$P$4,0, IF(B21=$P$4,1, IF(C21=0,0, IF(C21=$O$6,0, SUM(C21+1))))) -> 0 | D22: =IF(C22<>0,B22,0) -> 0 | E22: {=IF(C22=0,0, IF(Situation!$B$152=0,0, IF(OR(C22=12,C22=24,C22=36,C22=48,C22=60,C22=72),$E$1, IF(AND(C22>=1,C22<=SUM($M$7*12)),0, IF(AND(I22<=$M$7,TEXT(D22,"aaaa")=TEXT($P$6,"aaaa")),0, IF($M$7=0,SUM((Situation!$B$71:$B$85=MONTH(1&"/"&TEXT(D22,"mmmm")))*(Situation!$C$71:$C$85)), IF(TEXT(D22,"aaaa")=TEXT($P$6,"aaaa"),SUM((Situation!$B$71:$B$85=MONTH(1&"/"&TEXT(D22,"mmmm")))*(Situation!$C$71:$C$85)), 0)))))))} -> 0 | F22: =IF($D$1=0,0, IF(D22=$P$6,$F$1, 0)) -> 0 | G22: {=IFERROR(IF(B22=$P$4,$K$1, IF(B22=EDATE($B$1,84),0, IF(COUNTIF($N$9:$N$20,B22),LOOKUP(2,1/($N$9:$N$20=B22),$Q$9:$Q$21)*-1, IF(C22<>0,$G$1,0)))),0)} -> 0 | H22: =IF(L21<SUM(E22+G22),L21,SUM(E22+G22)) -> 0 | I22: =IF(B22=$P$4,1, IF(AND(C22>=1,C22<=12),2, IF(AND(C22>=13,C22<=24),3, IF(AND(C22>=25,C22<=36),4, IF(AND(C22>=37,C22<=48),5, IF(AND(C22>=49,C22<=60),6, IF(AND(C22>=61,C22<=72),7, IF(AND(C22>=73,C22<=84),8, 0)))))))) -> 0 | J22: =IF(K22<>"",CONCATENATE("Annuité ",COUNT($K$3:K22)),"") | K22: =IF(B22=$P$4,$K$1, IF(C22=0,"", IF(AND(OR(C22=12,C22=24,C22=36,C22=48,C22=60,C22=72),$M$7<1),$O$8, IF(OR(C22=12,C22=24,C22=36,C22=48,C22=60,C22=72),$O$7, IF(B22=$P$6,$O$8,""))))) | L22: =SUM(L21-H22) -> 39874.62 | N22: Tableau récapitulatif | P22: =L1 -> 39874.62 | Q22: ok
A23: 21 | B23: =EDATE($B$1,A23) -> 44185 | C23: =IF(B23=$P$4,0, IF(B22=$P$4,1, IF(C22=0,0, IF(C22=$O$6,0, SUM(C22+1))))) -> 0 | D23: =IF(C23<>0,B23,0) -> 0 | E23: {=IF(C23=0,0, IF(Situation!$B$152=0,0, IF(OR(C23=12,C23=24,C23=36,C23=48,C23=60,C23=72),$E$1, IF(AND(C23>=1,C23<=SUM($M$7*12)),0, IF(AND(I23<=$M$7,TEXT(D23,"aaaa")=TEXT($P$6,"aaaa")),0, IF($M$7=0,SUM((Situation!$B$71:$B$85=MONTH(1&"/"&TEXT(D23,"mmmm")))*(Situation!$C$71:$C$85)), IF(TEXT(D23,"aaaa")=TEXT($P$6,"aaaa"),SUM((Situation!$B$71:$B$85=MONTH(1&"/"&TEXT(D23,"mmmm")))*(Situation!$C$71:$C$85)), 0)))))))} -> 0 | F23: =IF($D$1=0,0, IF(D23=$P$6,$F$1, 0)) -> 0 | G23: {=IFERROR(IF(B23=$P$4,$K$1, IF(B23=EDATE($B$1,84),0, IF(COUNTIF($N$9:$N$20,B23),LOOKUP(2,1/($N$9:$N$20=B23),$Q$9:$Q$21)*-1, IF(C23<>0,$G$1,0)))),0)} -> 0 | H23: =IF(L22<SUM(E23+G23),L22,SUM(E23+G23)) -> 0 | I23: =IF(B23=$P$4,1, IF(AND(C23>=1,C23<=12),2, IF(AND(C23>=13,C23<=24),3, IF(AND(C23>=25,C23<=36),4, IF(AND(C23>=37,C23<=48),5, IF(AND(C23>=49,C23<=60),6, IF(AND(C23>=61,C23<=72),7, IF(AND(C23>=73,C23<=84),8, 0)))))))) -> 0 | J23: =IF(K23<>"",CONCATENATE("Annuité ",COUNT($K$3:K23)),"") | K23: =IF(B23=$P$4,$K$1, IF(C23=0,"", IF(AND(OR(C23=12,C23=24,C23=36,C23=48,C23=60,C23=72),$M$7<1),$O$8, IF(OR(C23=12,C23=24,C23=36,C23=48,C23=60,C23=72),$O$7, IF(B23=$P$6,$O$8,""))))) | L23: =SUM(L22-H23) -> 39874.62 | N23: Annuité 1 | O23: =P4 -> 44428 | P23: {=IFERROR(LOOKUP(2,1/($J$3:$J$86=N23),-$K$3:$K$86),"")} -> -17460 | Q23: ok
A24: 22 | B24: =EDATE($B$1,A24) -> 44216 | C24: =IF(B24=$P$4,0, IF(B23=$P$4,1, IF(C23=0,0, IF(C23=$O$6,0, SUM(C23+1))))) -> 0 | D24: =IF(C24<>0,B24,0) -> 0 | E24: {=IF(C24=0,0, IF(Situation!$B$152=0,0, IF(OR(C24=12,C24=24,C24=36,C24=48,C24=60,C24=72),$E$1, IF(AND(C24>=1,C24<=SUM($M$7*12)),0, IF(AND(I24<=$M$7,TEXT(D24,"aaaa")=TEXT($P$6,"aaaa")),0, IF($M$7=0,SUM((Situation!$B$71:$B$85=MONTH(1&"/"&TEXT(D24,"mmmm")))*(Situation!$C$71:$C$85)), IF(TEXT(D24,"aaaa")=TEXT($P$6,"aaaa"),SUM((Situation!$B$71:$B$85=MONTH(1&"/"&TEXT(D24,"mmmm")))*(Situation!$C$71:$C$85)), 0)))))))} -> 0 | F24: =IF($D$1=0,0, IF(D24=$P$6,$F$1, 0)) -> 0 | G24: {=IFERROR(IF(B24=$P$4,$K$1, IF(B24=EDATE($B$1,84),0, IF(COUNTIF($N$9:$N$20,B24),LOOKUP(2,1/($N$9:$N$20=B24),$Q$9:$Q$21)*-1, IF(C24<>0,$G$1,0)))),0)} -> 0 | H24: =IF(L23<SUM(E24+G24),L23,SUM(E24+G24)) -> 0 | I24: =IF(B24=$P$4,1, IF(AND(C24>=1,C24<=12),2, IF(AND(C24>=13,C24<=24),3, IF(AND(C24>=25,C24<=36),4, IF(AND(C24>=37,C24<=48),5, IF(AND(C24>=49,C24<=60),6, IF(AND(C24>=61,C24<=72),7, IF(AND(C24>=73,C24<=84),8, 0)))))))) -> 0 | J24: =IF(K24<>"",CONCATENATE("Annuité ",COUNT($K$3:K24)),"") | K24: =IF(B24=$P$4,$K$1, IF(C24=0,"", IF(AND(OR(C24=12,C24=24,C24=36,C24=48,C24=60,C24=72),$M$7<1),$O$8, IF(OR(C24=12,C24=24,C24=36,C24=48,C24=60,C24=72),$O$7, IF(B24=$P$6,$O$8,""))))) | L24: =SUM(L23-H24) -> 39874.62 | N24: Annuité 2 | O24: {=IFERROR(LOOKUP(2,1/($J$3:$J$86=N24),$D$3:$D$86),"")} -> 44793 | P24: {=IFERROR(LOOKUP(2,1/($J$3:$J$86=N24),-$K$3:$K$86),"")} -> -13020 | Q24: ok
A25: 23 | B25: =EDATE($B$1,A25) -> 44247 | C25: =IF(B25=$P$4,0, IF(B24=$P$4,1, IF(C24=0,0, IF(C24=$O$6,0, SUM(C24+1))))) -> 0 | D25: =IF(C25<>0,B25,0) -> 0 | E25: {=IF(C25=0,0, IF(Situation!$B$152=0,0, IF(OR(C25=12,C25=24,C25=36,C25=48,C25=60,C25=72),$E$1, IF(AND(C25>=1,C25<=SUM($M$7*12)),0, IF(AND(I25<=$M$7,TEXT(D25,"aaaa")=TEXT($P$6,"aaaa")),0, IF($M$7=0,SUM((Situation!$B$71:$B$85=MONTH(1&"/"&TEXT(D25,"mmmm")))*(Situation!$C$71:$C$85)), IF(TEXT(D25,"aaaa")=TEXT($P$6,"aaaa"),SUM((Situation!$B$71:$B$85=MONTH(1&"/"&TEXT(D25,"mmmm")))*(Situation!$C$71:$C$85)), 0)))))))} -> 0 | F25: =IF($D$1=0,0, IF(D25=$P$6,$F$1, 0)) -> 0 | G25: {=IFERROR(IF(B25=$P$4,$K$1, IF(B25=EDATE($B$1,84),0, IF(COUNTIF($N$9:$N$20,B25),LOOKUP(2,1/($N$9:$N$20=B25),$Q$9:$Q$21)*-1, IF(C25<>0,$G$1,0)))),0)} -> 0 | H25: =IF(L24<SUM(E25+G25),L24,SUM(E25+G25)) -> 0 | I25: =IF(B25=$P$4,1, IF(AND(C25>=1,C25<=12),2, IF(AND(C25>=13,C25<=24),3, IF(AND(C25>=25,C25<=36),4, IF(AND(C25>=37,C25<=48),5, IF(AND(C25>=49,C25<=60),6, IF(AND(C25>=61,C25<=72),7, IF(AND(C25>=73,C25<=84),8, 0)))))))) -> 0 | J25: =IF(K25<>"",CONCATENATE("Annuité ",COUNT($K$3:K25)),"") | K25: =IF(B25=$P$4,$K$1, IF(C25=0,"", IF(AND(OR(C25=12,C25=24,C25=36,C25=48,C25=60,C25=72),$M$7<1),$O$8, IF(OR(C25=12,C25=24,C25=36,C25=48,C25=60,C25=72),$O$7, IF(B25=$P$6,$O$8,""))))) | L25: =SUM(L24-H25) -> 39874.62 | N25: Annuité 3 | O25: {=IFERROR(LOOKUP(2,1/($J$3:$J$86=N25),$D$3:$D$86),"")} -> 45097 | P25: {=IFERROR(LOOKUP(2,1/($J$3:$J$86=N25),-$K$3:$K$86),"")} -> -9394.62 | Q25: ok
A26: 24 | B26: =EDATE($B$1,A26) -> 44275 | C26: =IF(B26=$P$4,0, IF(B25=$P$4,1, IF(C25=0,0, IF(C25=$O$6,0, SUM(C25+1))))) -> 0 | D26: =IF(C26<>0,B26,0) -> 0 | E26: {=IF(C26=0,0, IF(Situation!$B$152=0,0, IF(OR(C26=12,C26=24,C26=36,C26=48,C26=60,C26=72),$E$1, IF(AND(C26>=1,C26<=SUM($M$7*12)),0, IF(AND(I26<=$M$7,TEXT(D26,"aaaa")=TEXT($P$6,"aaaa")),0, IF($M$7=0,SUM((Situation!$B$71:$B$85=MONTH(1&"/"&TEXT(D26,"mmmm")))*(Situation!$C$71:$C$85)), IF(TEXT(D26,"aaaa")=TEXT($P$6,"aaaa"),SUM((Situation!$B$71:$B$85=MONTH(1&"/"&TEXT(D26,"mmmm")))*(Situation!$C$71:$C$85)), 0)))))))} -> 0 | F26: =IF($D$1=0,0, IF(D26=$P$6,$F$1, 0)) -> 0 | G26: {=IFERROR(IF(B26=$P$4,$K$1, IF(B26=EDATE($B$1,84),0, IF(COUNTIF($N$9:$N$20,B26),LOOKUP(2,1/($N$9:$N$20=B26),$Q$9:$Q$21)*-1, IF(C26<>0,$G$1,0)))),0)} -> 0 | H26: =IF(L25<SUM(E26+G26),L25,SUM(E26+G26)) -> 0 | I26: =IF(B26=$P$4,1, IF(AND(C26>=1,C26<=12),2, IF(AND(C26>=13,C26<=24),3, IF(AND(C26>=25,C26<=36),4, IF(AND(C26>=37,C26<=48),5, IF(AND(C26>=49,C26<=60),6, IF(AND(C26>=61,C26<=72),7, IF(AND(C26>=73,C26<=84),8, 0)))))))) -> 0 | J26: =IF(K26<>"",CONCATENATE("Annuité ",COUNT($K$3:K26)),"") | K26: =IF(B26=$P$4,$K$1, IF(C26=0,"", IF(AND(OR(C26=12,C26=24,C26=36,C26=48,C26=60,C26=72),$M$7<1),$O$8, IF(OR(C26=12,C26=24,C26=36,C26=48,C26=60,C26=72),$O$7, IF(B26=$P$6,$O$8,""))))) | L26: =SUM(L25-H26) -> 39874.62 | N26: Annuité 4 | O26: {=IFERROR(LOOKUP(2,1/($J$3:$J$86=N26),$D$3:$D$86),"")} | P26: {=IFERROR(LOOKUP(2,1/($J$3:$J$86=N26),-$K$3:$K$86),"")}
A27: 25 | B27: =EDATE($B$1,A27) -> 44306 | C27: =IF(B27=$P$4,0, IF(B26=$P$4,1, IF(C26=0,0, IF(C26=$O$6,0, SUM(C26+1))))) -> 0 | D27: =IF(C27<>0,B27,0) -> 0 | E27: {=IF(C27=0,0, IF(Situation!$B$152=0,0, IF(OR(C27=12,C27=24,C27=36,C27=48,C27=60,C27=72),$E$1, IF(AND(C27>=1,C27<=SUM($M$7*12)),0, IF(AND(I27<=$M$7,TEXT(D27,"aaaa")=TEXT($P$6,"aaaa")),0, IF($M$7=0,SUM((Situation!$B$71:$B$85=MONTH(1&"/"&TEXT(D27,"mmmm")))*(Situation!$C$71:$C$85)), IF(TEXT(D27,"aaaa")=TEXT($P$6,"aaaa"),SUM((Situation!$B$71:$B$85=MONTH(1&"/"&TEXT(D27,"mmmm")))*(Situation!$C$71:$C$85)), 0)))))))} -> 0 | F27: =IF($D$1=0,0, IF(D27=$P$6,$F$1, 0)) -> 0 | G27: {=IFERROR(IF(B27=$P$4,$K$1, IF(B27=EDATE($B$1,84),0, IF(COUNTIF($N$9:$N$20,B27),LOOKUP(2,1/($N$9:$N$20=B27),$Q$9:$Q$21)*-1, IF(C27<>0,$G$1,0)))),0)} -> 0 | H27: =IF(L26<SUM(E27+G27),L26,SUM(E27+G27)) -> 0 | I27: =IF(B27=$P$4,1, IF(AND(C27>=1,C27<=12),2, IF(AND(C27>=13,C27<=24),3, IF(AND(C27>=25,C27<=36),4, IF(AND(C27>=37,C27<=48),5, IF(AND(C27>=49,C27<=60),6, IF(AND(C27>=61,C27<=72),7, IF(AND(C27>=73,C27<=84),8, 0)))))))) -> 0 | J27: =IF(K27<>"",CONCATENATE("Annuité ",COUNT($K$3:K27)),"") | K27: =IF(B27=$P$4,$K$1, IF(C27=0,"", IF(AND(OR(C27=12,C27=24,C27=36,C27=48,C27=60,C27=72),$M$7<1),$O$8, IF(OR(C27=12,C27=24,C27=36,C27=48,C27=60,C27=72),$O$7, IF(B27=$P$6,$O$8,""))))) | L27: =SUM(L26-H27) -> 39874.62 | N27: Annuité 5 | O27: {=IFERROR(LOOKUP(2,1/($J$3:$J$86=N27),$D$3:$D$86),"")} | P27: {=IFERROR(LOOKUP(2,1/($J$3:$J$86=N27),-$K$3:$K$86),"")}
A28: 26 | B28: =EDATE($B$1,A28) -> 44336 | C28: =IF(B28=$P$4,0, IF(B27=$P$4,1, IF(C27=0,0, IF(C27=$O$6,0, SUM(C27+1))))) -> 0 | D28: =IF(C28<>0,B28,0) -> 0 | E28: {=IF(C28=0,0, IF(Situation!$B$152=0,0, IF(OR(C28=12,C28=24,C28=36,C28=48,C28=60,C28=72),$E$1, IF(AND(C28>=1,C28<=SUM($M$7*12)),0, IF(AND(I28<=$M$7,TEXT(D28,"aaaa")=TEXT($P$6,"aaaa")),0, IF($M$7=0,SUM((Situation!$B$71:$B$85=MONTH(1&"/"&TEXT(D28,"mmmm")))*(Situation!$C$71:$C$85)), IF(TEXT(D28,"aaaa")=TEXT($P$6,"aaaa"),SUM((Situation!$B$71:$B$85=MONTH(1&"/"&TEXT(D28,"mmmm")))*(Situation!$C$71:$C$85)), 0)))))))} -> 0 | F28: =IF($D$1=0,0, IF(D28=$P$6,$F$1, 0)) -> 0 | G28: {=IFERROR(IF(B28=$P$4,$K$1, IF(B28=EDATE($B$1,84),0, IF(COUNTIF($N$9:$N$20,B28),LOOKUP(2,1/($N$9:$N$20=B28),$Q$9:$Q$21)*-1, IF(C28<>0,$G$1,0)))),0)} -> 0 | H28: =IF(L27<SUM(E28+G28),L27,SUM(E28+G28)) -> 0 | I28: =IF(B28=$P$4,1, IF(AND(C28>=1,C28<=12),2, IF(AND(C28>=13,C28<=24),3, IF(AND(C28>=25,C28<=36),4, IF(AND(C28>=37,C28<=48),5, IF(AND(C28>=49,C28<=60),6, IF(AND(C28>=61,C28<=72),7, IF(AND(C28>=73,C28<=84),8, 0)))))))) -> 0 | J28: =IF(K28<>"",CONCATENATE("Annuité ",COUNT($K$3:K28)),"") | K28: =IF(B28=$P$4,$K$1, IF(C28=0,"", IF(AND(OR(C28=12,C28=24,C28=36,C28=48,C28=60,C28=72),$M$7<1),$O$8, IF(OR(C28=12,C28=24,C28=36,C28=48,C28=60,C28=72),$O$7, IF(B28=$P$6,$O$8,""))))) | L28: =SUM(L27-H28) -> 39874.62 | N28: Annuité 6 | O28: {=IFERROR(LOOKUP(2,1/($J$3:$J$86=N28),$D$3:$D$86),"")} | P28: {=IFERROR(LOOKUP(2,1/($J$3:$J$86=N28),-$K$3:$K$86),"")}
A29: 27 | B29: =EDATE($B$1,A29) -> 44367 | C29: =IF(B29=$P$4,0, IF(B28=$P$4,1, IF(C28=0,0, IF(C28=$O$6,0, SUM(C28+1))))) -> 0 | D29: =IF(C29<>0,B29,0) -> 0 | E29: {=IF(C29=0,0, IF(Situation!$B$152=0,0, IF(OR(C29=12,C29=24,C29=36,C29=48,C29=60,C29=72),$E$1, IF(AND(C29>=1,C29<=SUM($M$7*12)),0, IF(AND(I29<=$M$7,TEXT(D29,"aaaa")=TEXT($P$6,"aaaa")),0, IF($M$7=0,SUM((Situation!$B$71:$B$85=MONTH(1&"/"&TEXT(D29,"mmmm")))*(Situation!$C$71:$C$85)), IF(TEXT(D29,"aaaa")=TEXT($P$6,"aaaa"),SUM((Situation!$B$71:$B$85=MONTH(1&"/"&TEXT(D29,"mmmm")))*(Situation!$C$71:$C$85)), 0)))))))} -> 0 | F29: =IF($D$1=0,0, IF(D29=$P$6,$F$1, 0)) -> 0 | G29: {=IFERROR(IF(B29=$P$4,$K$1, IF(B29=EDATE($B$1,84),0, IF(COUNTIF($N$9:$N$20,B29),LOOKUP(2,1/($N$9:$N$20=B29),$Q$9:$Q$21)*-1, IF(C29<>0,$G$1,0)))),0)} -> 0 | H29: =IF(L28<SUM(E29+G29),L28,SUM(E29+G29)) -> 0 | I29: =IF(B29=$P$4,1, IF(AND(C29>=1,C29<=12),2, IF(AND(C29>=13,C29<=24),3, IF(AND(C29>=25,C29<=36),4, IF(AND(C29>=37,C29<=48),5, IF(AND(C29>=49,C29<=60),6, IF(AND(C29>=61,C29<=72),7, IF(AND(C29>=73,C29<=84),8, 0)))))))) -> 0 | J29: =IF(K29<>"",CONCATENATE("Annuité ",COUNT($K$3:K29)),"") | K29: =IF(B29=$P$4,$K$1, IF(C29=0,"", IF(AND(OR(C29=12,C29=24,C29=36,C29=48,C29=60,C29=72),$M$7<1),$O$8, IF(OR(C29=12,C29=24,C29=36,C29=48,C29=60,C29=72),$O$7, IF(B29=$P$6,$O$8,""))))) | L29: =SUM(L28-H29) -> 39874.62 | N29: Annuité 7 | O29: {=IFERROR(LOOKUP(2,1/($J$3:$J$86=N29),$D$3:$D$86),"")} | P29: {=IFERROR(LOOKUP(2,1/($J$3:$J$86=N29),-$K$3:$K$86),"")}
A30: 28 | B30: =EDATE($B$1,A30) -> 44397 | C30: =IF(B30=$P$4,0, IF(B29=$P$4,1, IF(C29=0,0, IF(C29=$O$6,0, SUM(C29+1))))) -> 0 | D30: =IF(C30<>0,B30,0) -> 0 | E30: {=IF(C30=0,0, IF(Situation!$B$152=0,0, IF(OR(C30=12,C30=24,C30=36,C30=48,C30=60,C30=72),$E$1, IF(AND(C30>=1,C30<=SUM($M$7*12)),0, IF(AND(I30<=$M$7,TEXT(D30,"aaaa")=TEXT($P$6,"aaaa")),0, IF($M$7=0,SUM((Situation!$B$71:$B$85=MONTH(1&"/"&TEXT(D30,"mmmm")))*(Situation!$C$71:$C$85)), IF(TEXT(D30,"aaaa")=TEXT($P$6,"aaaa"),SUM((Situation!$B$71:$B$85=MONTH(1&"/"&TEXT(D30,"mmmm")))*(Situation!$C$71:$C$85)), 0)))))))} -> 0 | F30: =IF($D$1=0,0, IF(D30=$P$6,$F$1, 0)) -> 0 | G30: {=IFERROR(IF(B30=$P$4,$K$1, IF(B30=EDATE($B$1,84),0, IF(COUNTIF($N$9:$N$20,B30),LOOKUP(2,1/($N$9:$N$20=B30),$Q$9:$Q$21)*-1, IF(C30<>0,$G$1,0)))),0)} -> 0 | H30: =IF(L29<SUM(E30+G30),L29,SUM(E30+G30)) -> 0 | I30: =IF(B30=$P$4,1, IF(AND(C30>=1,C30<=12),2, IF(AND(C30>=13,C30<=24),3, IF(AND(C30>=25,C30<=36),4, IF(AND(C30>=37,C30<=48),5, IF(AND(C30>=49,C30<=60),6, IF(AND(C30>=61,C30<=72),7, IF(AND(C30>=73,C30<=84),8, 0)))))))) -> 0 | J30: =IF(K30<>"",CONCATENATE("Annuité ",COUNT($K$3:K30)),"") | K30: =IF(B30=$P$4,$K$1, IF(C30=0,"", IF(AND(OR(C30=12,C30=24,C30=36,C30=48,C30=60,C30=72),$M$7<1),$O$8, IF(OR(C30=12,C30=24,C30=36,C30=48,C30=60,C30=72),$O$7, IF(B30=$P$6,$O$8,""))))) | L30: =SUM(L29-H30) -> 39874.62 | N30: Annuité 8 | O30: {=IFERROR(LOOKUP(2,1/($J$3:$J$86=N30),$D$3:$D$86),"")} | P30: {=IFERROR(LOOKUP(2,1/($J$3:$J$86=N30),-$K$3:$K$86),"")}
A31: 29 | B31: =EDATE($B$1,A31) -> 44428 | C31: =IF(B31=$P$4,0, IF(B30=$P$4,1, IF(C30=0,0, IF(C30=$O$6,0, SUM(C30+1))))) -> 0 | D31: =IF(C31<>0,B31,0) -> 0 | E31: {=IF(C31=0,0, IF(Situation!$B$152=0,0, IF(OR(C31=12,C31=24,C31=36,C31=48,C31=60,C31=72),$E$1, IF(AND(C31>=1,C31<=SUM($M$7*12)),0, IF(AND(I31<=$M$7,TEXT(D31,"aaaa")=TEXT($P$6,"aaaa")),0, IF($M$7=0,SUM((Situation!$B$71:$B$85=MONTH(1&"/"&TEXT(D31,"mmmm")))*(Situation!$C$71:$C$85)), IF(TEXT(D31,"aaaa")=TEXT($P$6,"aaaa"),SUM((Situation!$B$71:$B$85=MONTH(1&"/"&TEXT(D31,"mmmm")))*(Situation!$C$71:$C$85)), 0)))))))} -> 0 | F31: =IF($D$1=0,0, IF(D31=$P$6,$F$1, 0)) -> 0 | G31: {=IFERROR(IF(B31=$P$4,$K$1, IF(B31=EDATE($B$1,84),0, IF(COUNTIF($N$9:$N$20,B31),LOOKUP(2,1/($N$9:$N$20=B31),$Q$9:$Q$21)*-1, IF(C31<>0,$G$1,0)))),0)} -> 17460 | H31: =IF(L30<SUM(E31+G31),L30,SUM(E31+G31)) -> 17460 | I31: =IF(B31=$P$4,1, IF(AND(C31>=1,C31<=12),2, IF(AND(C31>=13,C31<=24),3, IF(AND(C31>=25,C31<=36),4, IF(AND(C31>=37,C31<=48),5, IF(AND(C31>=49,C31<=60),6, IF(AND(C31>=61,C31<=72),7, IF(AND(C31>=73,C31<=84),8, 0)))))))) -> 1 | J31: =IF(K31<>"",CONCATENATE("Annuité ",COUNT($K$3:K31)),"") -> Annuité 1 | K31: =IF(B31=$P$4,$K$1, IF(C31=0,"", IF(AND(OR(C31=12,C31=24,C31=36,C31=48,C31=60,C31=72),$M$7<1),$O$8, IF(OR(C31=12,C31=24,C31=36,C31=48,C31=60,C31=72),$O$7, IF(B31=$P$6,$O$8,""))))) -> 17460 | L31: =SUM(L30-H31) -> 22414.62 | N31: Date paiement | P31: =SUM(P22:P29) -> 0 | Q31: ok
A32: 30 | B32: =EDATE($B$1,A32) -> 44459 | C32: =IF(B32=$P$4,0, IF(B31=$P$4,1, IF(C31=0,0, IF(C31=$O$6,0, SUM(C31+1))))) -> 1 | D32: =IF(C32<>0,B32,0) -> 44459 | E32: {=IF(C32=0,0, IF(Situation!$B$152=0,0, IF(OR(C32=12,C32=24,C32=36,C32=48,C32=60,C32=72),$E$1, IF(AND(C32>=1,C32<=SUM($M$7*12)),0, IF(AND(I32<=$M$7,TEXT(D32,"aaaa")=TEXT($P$6,"aaaa")),0, IF($M$7=0,SUM((Situation!$B$71:$B$85=MONTH(1&"/"&TEXT(D32,"mmmm")))*(Situation!$C$71:$C$85)), IF(TEXT(D32,"aaaa")=TEXT($P$6,"aaaa"),SUM((Situation!$B$71:$B$85=MONTH(1&"/"&TEXT(D32,"mmmm")))*(Situation!$C$71:$C$85)), 0)))))))} -> 0 | F32: =IF($D$1=0,0, IF(D32=$P$6,$F$1, 0)) -> 0 | G32: {=IFERROR(IF(B32=$P$4,$K$1, IF(B32=EDATE($B$1,84),0, IF(COUNTIF($N$9:$N$20,B32),LOOKUP(2,1/($N$9:$N$20=B32),$Q$9:$Q$21)*-1, IF(C32<>0,$G$1,0)))),0)} -> 1030 | H32: =IF(L31<SUM(E32+G32),L31,SUM(E32+G32)) -> 1030 | I32: =IF(B32=$P$4,1, IF(AND(C32>=1,C32<=12),2, IF(AND(C32>=13,C32<=24),3, IF(AND(C32>=25,C32<=36),4, IF(AND(C32>=37,C32<=48),5, IF(AND(C32>=49,C32<=60),6, IF(AND(C32>=61,C32<=72),7, IF(AND(C32>=73,C32<=84),8, 0)))))))) -> 2 | J32: =IF(K32<>"",CONCATENATE("Annuité ",COUNT($K$3:K32)),"") | K32: =IF(B32=$P$4,$K$1, IF(C32=0,"", IF(AND(OR(C32=12,C32=24,C32=36,C32=48,C32=60,C32=72),$M$7<1),$O$8, IF(OR(C32=12,C32=24,C32=36,C32=48,C32=60,C32=72),$O$7, IF(B32=$P$6,$O$8,""))))) | L32: =SUM(L31-H32) -> 21384.62 | M32: =D32 -> 44459 | N32: =IF(Q23="ok",N23,"") -> Annuité 1 | O32: 44459 | P32: =IF(Q32="ok",P23,"") -> -17460 | Q32: ok
A33: 31 | B33: =EDATE($B$1,A33) -> 44489 | C33: =IF(B33=$P$4,0, IF(B32=$P$4,1, IF(C32=0,0, IF(C32=$O$6,0, SUM(C32+1))))) -> 2 | D33: =IF(C33<>0,B33,0) -> 44489 | E33: {=IF(C33=0,0, IF(Situation!$B$152=0,0, IF(OR(C33=12,C33=24,C33=36,C33=48,C33=60,C33=72),$E$1, IF(AND(C33>=1,C33<=SUM($M$7*12)),0, IF(AND(I33<=$M$7,TEXT(D33,"aaaa")=TEXT($P$6,"aaaa")),0, IF($M$7=0,SUM((Situation!$B$71:$B$85=MONTH(1&"/"&TEXT(D33,"mmmm")))*(Situation!$C$71:$C$85)), IF(TEXT(D33,"aaaa")=TEXT($P$6,"aaaa"),SUM((Situation!$B$71:$B$85=MONTH(1&"/"&TEXT(D33,"mmmm")))*(Situation!$C$71:$C$85)), 0)))))))} -> 0 | F33: =IF($D$1=0,0, IF(D33=$P$6,$F$1, 0)) -> 0 | G33: {=IFERROR(IF(B33=$P$4,$K$1, IF(B33=EDATE($B$1,84),0, IF(COUNTIF($N$9:$N$20,B33),LOOKUP(2,1/($N$9:$N$20=B33),$Q$9:$Q$21)*-1, IF(C33<>0,$G$1,0)))),0)} -> 1030 | H33: =IF(L32<SUM(E33+G33),L32,SUM(E33+G33)) -> 1030 | I33: =IF(B33=$P$4,1, IF(AND(C33>=1,C33<=12),2, IF(AND(C33>=13,C33<=24),3, IF(AND(C33>=25,C33<=36),4, IF(AND(C33>=37,C33<=48),5, IF(AND(C33>=49,C33<=60),6, IF(AND(C33>=61,C33<=72),7, IF(AND(C33>=73,C33<=84),8, 0)))))))) -> 2 | J33: =IF(K33<>"",CONCATENATE("Annuité ",COUNT($K$3:K33)),"") | K33: =IF(B33=$P$4,$K$1, IF(C33=0,"", IF(AND(OR(C33=12,C33=24,C33=36,C33=48,C33=60,C33=72),$M$7<1),$O$8, IF(OR(C33=12,C33=24,C33=36,C33=48,C33=60,C33=72),$O$7, IF(B33=$P$6,$O$8,""))))) | L33: =SUM(L32-H33) -> 20354.62 | M33: =D33 -> 44489 | N33: =IF(Q24="ok",N24,"") -> Annuité 2 | O33: 44824 | P33: =IF(Q33="ok",P24,"") -> -13020 | Q33: ok
A34: 32 | B34: =EDATE($B$1,A34) -> 44520 | C34: =IF(B34=$P$4,0, IF(B33=$P$4,1, IF(C33=0,0, IF(C33=$O$6,0, SUM(C33+1))))) -> 3 | D34: =IF(C34<>0,B34,0) -> 44520 | E34: {=IF(C34=0,0, IF(Situation!$B$152=0,0, IF(OR(C34=12,C34=24,C34=36,C34=48,C34=60,C34=72),$E$1, IF(AND(C34>=1,C34<=SUM($M$7*12)),0, IF(AND(I34<=$M$7,TEXT(D34,"aaaa")=TEXT($P$6,"aaaa")),0, IF($M$7=0,SUM((Situation!$B$71:$B$85=MONTH(1&"/"&TEXT(D34,"mmmm")))*(Situation!$C$71:$C$85)), IF(TEXT(D34,"aaaa")=TEXT($P$6,"aaaa"),SUM((Situation!$B$71:$B$85=MONTH(1&"/"&TEXT(D34,"mmmm")))*(Situation!$C$71:$C$85)), 0)))))))} -> 0 | F34: =IF($D$1=0,0, IF(D34=$P$6,$F$1, 0)) -> 0 | G34: {=IFERROR(IF(B34=$P$4,$K$1, IF(B34=EDATE($B$1,84),0, IF(COUNTIF($N$9:$N$20,B34),LOOKUP(2,1/($N$9:$N$20=B34),$Q$9:$Q$21)*-1, IF(C34<>0,$G$1,0)))),0)} -> 1030 | H34: =IF(L33<SUM(E34+G34),L33,SUM(E34+G34)) -> 1030 | I34: =IF(B34=$P$4,1, IF(AND(C34>=1,C34<=12),2, IF(AND(C34>=13,C34<=24),3, IF(AND(C34>=25,C34<=36),4, IF(AND(C34>=37,C34<=48),5, IF(AND(C34>=49,C34<=60),6, IF(AND(C34>=61,C34<=72),7, IF(AND(C34>=73,C34<=84),8, 0)))))))) -> 2 | J34: =IF(K34<>"",CONCATENATE("Annuité ",COUNT($K$3:K34)),"") | K34: =IF(B34=$P$4,$K$1, IF(C34=0,"", IF(AND(OR(C34=12,C34=24,C34=36,C34=48,C34=60,C34=72),$M$7<1),$O$8, IF(OR(C34=12,C34=24,C34=36,C34=48,C34=60,C34=72),$O$7, IF(B34=$P$6,$O$8,""))))) | L34: =SUM(L33-H34) -> 19324.62 | M34: =D34 -> 44520 | N34: =IF(Q25="ok",N25,"") -> Annuité 3 | O34: 45097 | P34: =IF(Q34="ok",P25,"") -> -9394.62 | Q34: ok
A35: 33 | B35: =EDATE($B$1,A35) -> 44550 | C35: =IF(B35=$P$4,0, IF(B34=$P$4,1, IF(C34=0,0, IF(C34=$O$6,0, SUM(C34+1))))) -> 4 | D35: =IF(C35<>0,B35,0) -> 44550 | E35: {=IF(C35=0,0, IF(Situation!$B$152=0,0, IF(OR(C35=12,C35=24,C35=36,C35=48,C35=60,C35=72),$E$1, IF(AND(C35>=1,C35<=SUM($M$7*12)),0, IF(AND(I35<=$M$7,TEXT(D35,"aaaa")=TEXT($P$6,"aaaa")),0, IF($M$7=0,SUM((Situation!$B$71:$B$85=MONTH(1&"/"&TEXT(D35,"mmmm")))*(Situation!$C$71:$C$85)), IF(TEXT(D35,"aaaa")=TEXT($P$6,"aaaa"),SUM((Situation!$B$71:$B$85=MONTH(1&"/"&TEXT(D35,"mmmm")))*(Situation!$C$71:$C$85)), 0)))))))} -> 0 | F35: =IF($D$1=0,0, IF(D35=$P$6,$F$1, 0)) -> 0 | G35: {=IFERROR(IF(B35=$P$4,$K$1, IF(B35=EDATE($B$1,84),0, IF(COUNTIF($N$9:$N$20,B35),LOOKUP(2,1/($N$9:$N$20=B35),$Q$9:$Q$21)*-1, IF(C35<>0,$G$1,0)))),0)} -> 1030 | H35: =IF(L34<SUM(E35+G35),L34,SUM(E35+G35)) -> 1030 | I35: =IF(B35=$P$4,1, IF(AND(C35>=1,C35<=12),2, IF(AND(C35>=13,C35<=24),3, IF(AND(C35>=25,C35<=36),4, IF(AND(C35>=37,C35<=48),5, IF(AND(C35>=49,C35<=60),6, IF(AND(C35>=61,C35<=72),7, IF(AND(C35>=73,C35<=84),8, 0)))))))) -> 2 | J35: =IF(K35<>"",CONCATENATE("Annuité ",COUNT($K$3:K35)),"") | K35: =IF(B35=$P$4,$K$1, IF(C35=0,"", IF(AND(OR(C35=12,C35=24,C35=36,C35=48,C35=60,C35=72),$M$7<1),$O$8, IF(OR(C35=12,C35=24,C35=36,C35=48,C35=60,C35=72),$O$7, IF(B35=$P$6,$O$8,""))))) | L35: =SUM(L34-H35) -> 18294.62 | M35: =D35 -> 44550 | N35: =IF(Q26="ok",N26,"") | P35: =IF(Q35="ok",P26,"")
A36: 34 | B36: =EDATE($B$1,A36) -> 44581 | C36: =IF(B36=$P$4,0, IF(B35=$P$4,1, IF(C35=0,0, IF(C35=$O$6,0, SUM(C35+1))))) -> 5 | D36: =IF(C36<>0,B36,0) -> 44581 | E36: {=IF(C36=0,0, IF(Situation!$B$152=0,0, IF(OR(C36=12,C36=24,C36=36,C36=48,C36=60,C36=72),$E$1, IF(AND(C36>=1,C36<=SUM($M$7*12)),0, IF(AND(I36<=$M$7,TEXT(D36,"aaaa")=TEXT($P$6,"aaaa")),0, IF($M$7=0,SUM((Situation!$B$71:$B$85=MONTH(1&"/"&TEXT(D36,"mmmm")))*(Situation!$C$71:$C$85)), IF(TEXT(D36,"aaaa")=TEXT($P$6,"aaaa"),SUM((Situation!$B$71:$B$85=MONTH(1&"/"&TEXT(D36,"mmmm")))*(Situation!$C$71:$C$85)), 0)))))))} -> 0 | F36: =IF($D$1=0,0, IF(D36=$P$6,$F$1, 0)) -> 0 | G36: {=IFERROR(IF(B36=$P$4,$K$1, IF(B36=EDATE($B$1,84),0, IF(COUNTIF($N$9:$N$20,B36),LOOKUP(2,1/($N$9:$N$20=B36),$Q$9:$Q$21)*-1, IF(C36<>0,$G$1,0)))),0)} -> 1030 | H36: =IF(L35<SUM(E36+G36),L35,SUM(E36+G36)) -> 1030 | I36: =IF(B36=$P$4,1, IF(AND(C36>=1,C36<=12),2, IF(AND(C36>=13,C36<=24),3, IF(AND(C36>=25,C36<=36),4, IF(AND(C36>=37,C36<=48),5, IF(AND(C36>=49,C36<=60),6, IF(AND(C36>=61,C36<=72),7, IF(AND(C36>=73,C36<=84),8, 0)))))))) -> 2 | J36: =IF(K36<>"",CONCATENATE("Annuité ",COUNT($K$3:K36)),"") | K36: =IF(B36=$P$4,$K$1, IF(C36=0,"", IF(AND(OR(C36=12,C36=24,C36=36,C36=48,C36=60,C36=72),$M$7<1),$O$8, IF(OR(C36=12,C36=24,C36=36,C36=48,C36=60,C36=72),$O$7, IF(B36=$P$6,$O$8,""))))) | L36: =SUM(L35-H36) -> 17264.62 | M36: =D36 -> 44581 | N36: =IF(Q27="ok",N27,"") | P36: =IF(Q36="ok",P27,"")
A37: 35 | B37: =EDATE($B$1,A37) -> 44612 | C37: =IF(B37=$P$4,0, IF(B36=$P$4,1, IF(C36=0,0, IF(C36=$O$6,0, SUM(C36+1))))) -> 6 | D37: =IF(C37<>0,B37,0) -> 44612 | E37: {=IF(C37=0,0, IF(Situation!$B$152=0,0, IF(OR(C37=12,C37=24,C37=36,C37=48,C37=60,C37=72),$E$1, IF(AND(C37>=1,C37<=SUM($M$7*12)),0, IF(AND(I37<=$M$7,TEXT(D37,"aaaa")=TEXT($P$6,"aaaa")),0, IF($M$7=0,SUM((Situation!$B$71:$B$85=MONTH(1&"/"&TEXT(D37,"mmmm")))*(Situation!$C$71:$C$85)), IF(TEXT(D37,"aaaa")=TEXT($P$6,"aaaa"),SUM((Situation!$B$71:$B$85=MONTH(1&"/"&TEXT(D37,"mmmm")))*(Situation!$C$71:$C$85)), 0)))))))} -> 0 | F37: =IF($D$1=0,0, IF(D37=$P$6,$F$1, 0)) -> 0 | G37: {=IFERROR(IF(B37=$P$4,$K$1, IF(B37=EDATE($B$1,84),0, IF(COUNTIF($N$9:$N$20,B37),LOOKUP(2,1/($N$9:$N$20=B37),$Q$9:$Q$21)*-1, IF(C37<>0,$G$1,0)))),0)} -> 1030 | H37: =IF(L36<SUM(E37+G37),L36,SUM(E37+G37)) -> 1030 | I37: =IF(B37=$P$4,1, IF(AND(C37>=1,C37<=12),2, IF(AND(C37>=13,C37<=24),3, IF(AND(C37>=25,C37<=36),4, IF(AND(C37>=37,C37<=48),5, IF(AND(C37>=49,C37<=60),6, IF(AND(C37>=61,C37<=72),7, IF(AND(C37>=73,C37<=84),8, 0)))))))) -> 2 | J37: =IF(K37<>"",CONCATENATE("Annuité ",COUNT($K$3:K37)),"") | K37: =IF(B37=$P$4,$K$1, IF(C37=0,"", IF(AND(OR(C37=12,C37=24,C37=36,C37=48,C37=60,C37=72),$M$7<1),$O$8, IF(OR(C37=12,C37=24,C37=36,C37=48,C37=60,C37=72),$O$7, IF(B37=$P$6,$O$8,""))))) | L37: =SUM(L36-H37) -> 16234.62 | M37: =D37 -> 44612 | N37: =IF(Q28="ok",N28,"") | P37: =IF(Q37="ok",P28,"")
A38: 36 | B38: =EDATE($B$1,A38) -> 44640 | C38: =IF(B38=$P$4,0, IF(B37=$P$4,1, IF(C37=0,0, IF(C37=$O$6,0, SUM(C37+1))))) -> 7 | D38: =IF(C38<>0,B38,0) -> 44640 | E38: {=IF(C38=0,0, IF(Situation!$B$152=0,0, IF(OR(C38=12,C38=24,C38=36,C38=48,C38=60,C38=72),$E$1, IF(AND(C38>=1,C38<=SUM($M$7*12)),0, IF(AND(I38<=$M$7,TEXT(D38,"aaaa")=TEXT($P$6,"aaaa")),0, IF($M$7=0,SUM((Situation!$B$71:$B$85=MONTH(1&"/"&TEXT(D38,"mmmm")))*(Situation!$C$71:$C$85)), IF(TEXT(D38,"aaaa")=TEXT($P$6,"aaaa"),SUM((Situation!$B$71:$B$85=MONTH(1&"/"&TEXT(D38,"mmmm")))*(Situation!$C$71:$C$85)), 0)))))))} -> 0 | F38: =IF($D$1=0,0, IF(D38=$P$6,$F$1, 0)) -> 0 | G38: {=IFERROR(IF(B38=$P$4,$K$1, IF(B38=EDATE($B$1,84),0, IF(COUNTIF($N$9:$N$20,B38),LOOKUP(2,1/($N$9:$N$20=B38),$Q$9:$Q$21)*-1, IF(C38<>0,$G$1,0)))),0)} -> 1030 | H38: =IF(L37<SUM(E38+G38),L37,SUM(E38+G38)) -> 1030 | I38: =IF(B38=$P$4,1, IF(AND(C38>=1,C38<=12),2, IF(AND(C38>=13,C38<=24),3, IF(AND(C38>=25,C38<=36),4, IF(AND(C38>=37,C38<=48),5, IF(AND(C38>=49,C38<=60),6, IF(AND(C38>=61,C38<=72),7, IF(AND(C38>=73,C38<=84),8, 0)))))))) -> 2 | J38: =IF(K38<>"",CONCATENATE("Annuité ",COUNT($K$3:K38)),"") | K38: =IF(B38=$P$4,$K$1, IF(C38=0,"", IF(AND(OR(C38=12,C38=24,C38=36,C38=48,C38=60,C38=72),$M$7<1),$O$8, IF(OR(C38=12,C38=24,C38=36,C38=48,C38=60,C38=72),$O$7, IF(B38=$P$6,$O$8,""))))) | L38: =SUM(L37-H38) -> 15204.62 | M38: =D38 -> 44640 | N38: =IF(Q29="ok",N29,"") | P38: =IF(Q38="ok",P29,"")
A39: 37 | B39: =EDATE($B$1,A39) -> 44671 | C39: =IF(B39=$P$4,0, IF(B38=$P$4,1, IF(C38=0,0, IF(C38=$O$6,0, SUM(C38+1))))) -> 8 | D39: =IF(C39<>0,B39,0) -> 44671 | E39: {=IF(C39=0,0, IF(Situation!$B$152=0,0, IF(OR(C39=12,C39=24,C39=36,C39=48,C39=60,C39=72),$E$1, IF(AND(C39>=1,C39<=SUM($M$7*12)),0, IF(AND(I39<=$M$7,TEXT(D39,"aaaa")=TEXT($P$6,"aaaa")),0, IF($M$7=0,SUM((Situation!$B$71:$B$85=MONTH(1&"/"&TEXT(D39,"mmmm")))*(Situation!$C$71:$C$85)), IF(TEXT(D39,"aaaa")=TEXT($P$6,"aaaa"),SUM((Situation!$B$71:$B$85=MONTH(1&"/"&TEXT(D39,"mmmm")))*(Situation!$C$71:$C$85)), 0)))))))} -> 0 | F39: =IF($D$1=0,0, IF(D39=$P$6,$F$1, 0)) -> 0 | G39: {=IFERROR(IF(B39=$P$4,$K$1, IF(B39=EDATE($B$1,84),0, IF(COUNTIF($N$9:$N$20,B39),LOOKUP(2,1/($N$9:$N$20=B39),$Q$9:$Q$21)*-1, IF(C39<>0,$G$1,0)))),0)} -> 1030 | H39: =IF(L38<SUM(E39+G39),L38,SUM(E39+G39)) -> 1030 | I39: =IF(B39=$P$4,1, IF(AND(C39>=1,C39<=12),2, IF(AND(C39>=13,C39<=24),3, IF(AND(C39>=25,C39<=36),4, IF(AND(C39>=37,C39<=48),5, IF(AND(C39>=49,C39<=60),6, IF(AND(C39>=61,C39<=72),7, IF(AND(C39>=73,C39<=84),8, 0)))))))) -> 2 | J39: =IF(K39<>"",CONCATENATE("Annuité ",COUNT($K$3:K39)),"") | K39: =IF(B39=$P$4,$K$1, IF(C39=0,"", IF(AND(OR(C39=12,C39=24,C39=36,C39=48,C39=60,C39=72),$M$7<1),$O$8, IF(OR(C39=12,C39=24,C39=36,C39=48,C39=60,C39=72),$O$7, IF(B39=$P$6,$O$8,""))))) | L39: =SUM(L38-H39) -> 14174.62 | M39: =D39 -> 44671
A40: 38 | B40: =EDATE($B$1,A40) -> 44701 | C40: =IF(B40=$P$4,0, IF(B39=$P$4,1, IF(C39=0,0, IF(C39=$O$6,0, SUM(C39+1))))) -> 9 | D40: =IF(C40<>0,B40,0) -> 44701 | E40: {=IF(C40=0,0, IF(Situation!$B$152=0,0, IF(OR(C40=12,C40=24,C40=36,C40=48,C40=60,C40=72),$E$1, IF(AND(C40>=1,C40<=SUM($M$7*12)),0, IF(AND(I40<=$M$7,TEXT(D40,"aaaa")=TEXT($P$6,"aaaa")),0, IF($M$7=0,SUM((Situation!$B$71:$B$85=MONTH(1&"/"&TEXT(D40,"mmmm")))*(Situation!$C$71:$C$85)), IF(TEXT(D40,"aaaa")=TEXT($P$6,"aaaa"),SUM((Situation!$B$71:$B$85=MONTH(1&"/"&TEXT(D40,"mmmm")))*(Situation!$C$71:$C$85)), 0)))))))} -> 0 | F40: =IF($D$1=0,0, IF(D40=$P$6,$F$1, 0)) -> 0 | G40: {=IFERROR(IF(B40=$P$4,$K$1, IF(B40=EDATE($B$1,84),0, IF(COUNTIF($N$9:$N$20,B40),LOOKUP(2,1/($N$9:$N$20=B40),$Q$9:$Q$21)*-1, IF(C40<>0,$G$1,0)))),0)} -> 1030 | H40: =IF(L39<SUM(E40+G40),L39,SUM(E40+G40)) -> 1030 | I40: =IF(B40=$P$4,1, IF(AND(C40>=1,C40<=12),2, IF(AND(C40>=13,C40<=24),3, IF(AND(C40>=25,C40<=36),4, IF(AND(C40>=37,C40<=48),5, IF(AND(C40>=49,C40<=60),6, IF(AND(C40>=61,C40<=72),7, IF(AND(C40>=73,C40<=84),8, 0)))))))) -> 2 | J40: =IF(K40<>"",CONCATENATE("Annuité ",COUNT($K$3:K40)),"") | K40: =IF(B40=$P$4,$K$1, IF(C40=0,"", IF(AND(OR(C40=12,C40=24,C40=36,C40=48,C40=60,C40=72),$M$7<1),$O$8, IF(OR(C40=12,C40=24,C40=36,C40=48,C40=60,C40=72),$O$7, IF(B40=$P$6,$O$8,""))))) | L40: =SUM(L39-H40) -> 13144.62 | M40: =D40 -> 44701
A41: 39 | B41: =EDATE($B$1,A41) -> 44732 | C41: =IF(B41=$P$4,0, IF(B40=$P$4,1, IF(C40=0,0, IF(C40=$O$6,0, SUM(C40+1))))) -> 10 | D41: =IF(C41<>0,B41,0) -> 44732 | E41: {=IF(C41=0,0, IF(Situation!$B$152=0,0, IF(OR(C41=12,C41=24,C41=36,C41=48,C41=60,C41=72),$E$1, IF(AND(C41>=1,C41<=SUM($M$7*12)),0, IF(AND(I41<=$M$7,TEXT(D41,"aaaa")=TEXT($P$6,"aaaa")),0, IF($M$7=0,SUM((Situation!$B$71:$B$85=MONTH(1&"/"&TEXT(D41,"mmmm")))*(Situation!$C$71:$C$85)), IF(TEXT(D41,"aaaa")=TEXT($P$6,"aaaa"),SUM((Situation!$B$71:$B$85=MONTH(1&"/"&TEXT(D41,"mmmm")))*(Situation!$C$71:$C$85)), 0)))))))} -> 0 | F41: =IF($D$1=0,0, IF(D41=$P$6,$F$1, 0)) -> 0 | G41: {=IFERROR(IF(B41=$P$4,$K$1, IF(B41=EDATE($B$1,84),0, IF(COUNTIF($N$9:$N$20,B41),LOOKUP(2,1/($N$9:$N$20=B41),$Q$9:$Q$21)*-1, IF(C41<>0,$G$1,0)))),0)} -> 1030 | H41: =IF(L40<SUM(E41+G41),L40,SUM(E41+G41)) -> 1030 | I41: =IF(B41=$P$4,1, IF(AND(C41>=1,C41<=12),2, IF(AND(C41>=13,C41<=24),3, IF(AND(C41>=25,C41<=36),4, IF(AND(C41>=37,C41<=48),5, IF(AND(C41>=49,C41<=60),6, IF(AND(C41>=61,C41<=72),7, IF(AND(C41>=73,C41<=84),8, 0)))))))) -> 2 | J41: =IF(K41<>"",CONCATENATE("Annuité ",COUNT($K$3:K41)),"") | K41: =IF(B41=$P$4,$K$1, IF(C41=0,"", IF(AND(OR(C41=12,C41=24,C41=36,C41=48,C41=60,C41=72),$M$7<1),$O$8, IF(OR(C41=12,C41=24,C41=36,C41=48,C41=60,C41=72),$O$7, IF(B41=$P$6,$O$8,""))))) | L41: =SUM(L40-H41) -> 12114.62 | M41: =D41 -> 44732
A42: 40 | B42: =EDATE($B$1,A42) -> 44762 | C42: =IF(B42=$P$4,0, IF(B41=$P$4,1, IF(C41=0,0, IF(C41=$O$6,0, SUM(C41+1))))) -> 11 | D42: =IF(C42<>0,B42,0) -> 44762 | E42: {=IF(C42=0,0, IF(Situation!$B$152=0,0, IF(OR(C42=12,C42=24,C42=36,C42=48,C42=60,C42=72),$E$1, IF(AND(C42>=1,C42<=SUM($M$7*12)),0, IF(AND(I42<=$M$7,TEXT(D42,"aaaa")=TEXT($P$6,"aaaa")),0, IF($M$7=0,SUM((Situation!$B$71:$B$85=MONTH(1&"/"&TEXT(D42,"mmmm")))*(Situation!$C$71:$C$85)), IF(TEXT(D42,"aaaa")=TEXT($P$6,"aaaa"),SUM((Situation!$B$71:$B$85=MONTH(1&"/"&TEXT(D42,"mmmm")))*(Situation!$C$71:$C$85)), 0)))))))} -> 0 | F42: =IF($D$1=0,0, IF(D42=$P$6,$F$1, 0)) -> 0 | G42: {=IFERROR(IF(B42=$P$4,$K$1, IF(B42=EDATE($B$1,84),0, IF(COUNTIF($N$9:$N$20,B42),LOOKUP(2,1/($N$9:$N$20=B42),$Q$9:$Q$21)*-1, IF(C42<>0,$G$1,0)))),0)} -> 1030 | H42: =IF(L41<SUM(E42+G42),L41,SUM(E42+G42)) -> 1030 | I42: =IF(B42=$P$4,1, IF(AND(C42>=1,C42<=12),2, IF(AND(C42>=13,C42<=24),3, IF(AND(C42>=25,C42<=36),4, IF(AND(C42>=37,C42<=48),5, IF(AND(C42>=49,C42<=60),6, IF(AND(C42>=61,C42<=72),7, IF(AND(C42>=73,C42<=84),8, 0)))))))) -> 2 | J42: =IF(K42<>"",CONCATENATE("Annuité ",COUNT($K$3:K42)),"") | K42: =IF(B42=$P$4,$K$1, IF(C42=0,"", IF(AND(OR(C42=12,C42=24,C42=36,C42=48,C42=60,C42=72),$M$7<1),$O$8, IF(OR(C42=12,C42=24,C42=36,C42=48,C42=60,C42=72),$O$7, IF(B42=$P$6,$O$8,""))))) | L42: =SUM(L41-H42) -> 11084.62 | M42: =D42 -> 44762
A43: 41 | B43: =EDATE($B$1,A43) -> 44793 | C43: =IF(B43=$P$4,0, IF(B42=$P$4,1, IF(C42=0,0, IF(C42=$O$6,0, SUM(C42+1))))) -> 12 | D43: =IF(C43<>0,B43,0) -> 44793 | E43: {=IF(C43=0,0, IF(Situation!$B$152=0,0, IF(OR(C43=12,C43=24,C43=36,C43=48,C43=60,C43=72),$E$1, IF(AND(C43>=1,C43<=SUM($M$7*12)),0, IF(AND(I43<=$M$7,TEXT(D43,"aaaa")=TEXT($P$6,"aaaa")),0, IF($M$7=0,SUM((Situation!$B$71:$B$85=MONTH(1&"/"&TEXT(D43,"mmmm")))*(Situation!$C$71:$C$85)), IF(TEXT(D43,"aaaa")=TEXT($P$6,"aaaa"),SUM((Situation!$B$71:$B$85=MONTH(1&"/"&TEXT(D43,"mmmm")))*(Situation!$C$71:$C$85)), 0)))))))} -> 660 | F43: =IF($D$1=0,0, IF(D43=$P$6,$F$1, 0)) -> 0 | G43: {=IFERROR(IF(B43=$P$4,$K$1, IF(B43=EDATE($B$1,84),0, IF(COUNTIF($N$9:$N$20,B43),LOOKUP(2,1/($N$9:$N$20=B43),$Q$9:$Q$21)*-1, IF(C43<>0,$G$1,0)))),0)} -> 1030 | H43: =IF(L42<SUM(E43+G43),L42,SUM(E43+G43)) -> 1690 | I43: =IF(B43=$P$4,1, IF(AND(C43>=1,C43<=12),2, IF(AND(C43>=13,C43<=24),3, IF(AND(C43>=25,C43<=36),4, IF(AND(C43>=37,C43<=48),5, IF(AND(C43>=49,C43<=60),6, IF(AND(C43>=61,C43<=72),7, IF(AND(C43>=73,C43<=84),8, 0)))))))) -> 2 | J43: =IF(K43<>"",CONCATENATE("Annuité ",COUNT($K$3:K43)),"") -> Annuité 2 | K43: =IF(B43=$P$4,$K$1, IF(C43=0,"", IF(AND(OR(C43=12,C43=24,C43=36,C43=48,C43=60,C43=72),$M$7<1),$O$8, IF(OR(C43=12,C43=24,C43=36,C43=48,C43=60,C43=72),$O$7, IF(B43=$P$6,$O$8,""))))) -> 13020 | L43: =SUM(L42-H43) -> 9394.62 | M43: =D43 -> 44793
A44: 42 | B44: =EDATE($B$1,A44) -> 44824 | C44: =IF(B44=$P$4,0, IF(B43=$P$4,1, IF(C43=0,0, IF(C43=$O$6,0, SUM(C43+1))))) -> 13 | D44: =IF(C44<>0,B44,0) -> 44824 | E44: {=IF(C44=0,0, IF(Situation!$B$152=0,0, IF(OR(C44=12,C44=24,C44=36,C44=48,C44=60,C44=72),$E$1, IF(AND(C44>=1,C44<=SUM($M$7*12)),0, IF(AND(I44<=$M$7,TEXT(D44,"aaaa")=TEXT($P$6,"aaaa")),0, IF($M$7=0,SUM((Situation!$B$71:$B$85=MONTH(1&"/"&TEXT(D44,"mmmm")))*(Situation!$C$71:$C$85)), IF(TEXT(D44,"aaaa")=TEXT($P$6,"aaaa"),SUM((Situation!$B$71:$B$85=MONTH(1&"/"&TEXT(D44,"mmmm")))*(Situation!$C$71:$C$85)), 0)))))))} -> 0 | F44: =IF($D$1=0,0, IF(D44=$P$6,$F$1, 0)) -> 0 | G44: {=IFERROR(IF(B44=$P$4,$K$1, IF(B44=EDATE($B$1,84),0, IF(COUNTIF($N$9:$N$20,B44),LOOKUP(2,1/($N$9:$N$20=B44),$Q$9:$Q$21)*-1, IF(C44<>0,$G$1,0)))),0)} -> 971.66667 | H44: =IF(L43<SUM(E44+G44),L43,SUM(E44+G44)) -> 971.66667 | I44: =IF(B44=$P$4,1, IF(AND(C44>=1,C44<=12),2, IF(AND(C44>=13,C44<=24),3, IF(AND(C44>=25,C44<=36),4, IF(AND(C44>=37,C44<=48),5, IF(AND(C44>=49,C44<=60),6, IF(AND(C44>=61,C44<=72),7, IF(AND(C44>=73,C44<=84),8, 0)))))))) -> 3 | J44: =IF(K44<>"",CONCATENATE("Annuité ",COUNT($K$3:K44)),"") | K44: =IF(B44=$P$4,$K$1, IF(C44=0,"", IF(AND(OR(C44=12,C44=24,C44=36,C44=48,C44=60,C44=72),$M$7<1),$O$8, IF(OR(C44=12,C44=24,C44=36,C44=48,C44=60,C44=72),$O$7, IF(B44=$P$6,$O$8,""))))) | L44: =SUM(L43-H44) -> 8422.9533 | M44: =D44 -> 44824
A45: 43 | B45: =EDATE($B$1,A45) -> 44854 | C45: =IF(B45=$P$4,0, IF(B44=$P$4,1, IF(C44=0,0, IF(C44=$O$6,0, SUM(C44+1))))) -> 14 | D45: =IF(C45<>0,B45,0) -> 44854 | E45: {=IF(C45=0,0, IF(Situation!$B$152=0,0, IF(OR(C45=12,C45=24,C45=36,C45=48,C45=60,C45=72),$E$1, IF(AND(C45>=1,C45<=SUM($M$7*12)),0, IF(AND(I45<=$M$7,TEXT(D45,"aaaa")=TEXT($P$6,"aaaa")),0, IF($M$7=0,SUM((Situation!$B$71:$B$85=MONTH(1&"/"&TEXT(D45,"mmmm")))*(Situation!$C$71:$C$85)), IF(TEXT(D45,"aaaa")=TEXT($P$6,"aaaa"),SUM((Situation!$B$71:$B$85=MONTH(1&"/"&TEXT(D45,"mmmm")))*(Situation!$C$71:$C$85)), 0)))))))} -> 0 | F45: =IF($D$1=0,0, IF(D45=$P$6,$F$1, 0)) -> 0 | G45: {=IFERROR(IF(B45=$P$4,$K$1, IF(B45=EDATE($B$1,84),0, IF(COUNTIF($N$9:$N$20,B45),LOOKUP(2,1/($N$9:$N$20=B45),$Q$9:$Q$21)*-1, IF(C45<>0,$G$1,0)))),0)} -> 971.66667 | H45: =IF(L44<SUM(E45+G45),L44,SUM(E45+G45)) -> 971.66667 | I45: =IF(B45=$P$4,1, IF(AND(C45>=1,C45<=12),2, IF(AND(C45>=13,C45<=24),3, IF(AND(C45>=25,C45<=36),4, IF(AND(C45>=37,C45<=48),5, IF(AND(C45>=49,C45<=60),6, IF(AND(C45>=61,C45<=72),7, IF(AND(C45>=73,C45<=84),8, 0)))))))) -> 3 | J45: =IF(K45<>"",CONCATENATE("Annuité ",COUNT($K$3:K45)),"") | K45: =IF(B45=$P$4,$K$1, IF(C45=0,"", IF(AND(OR(C45=12,C45=24,C45=36,C45=48,C45=60,C45=72),$M$7<1),$O$8, IF(OR(C45=12,C45=24,C45=36,C45=48,C45=60,C45=72),$O$7, IF(B45=$P$6,$O$8,""))))) | L45: =SUM(L44-H45) -> 7451.2867 | M45: =D45 -> 44854
A46: 44 | B46: =EDATE($B$1,A46) -> 44885 | C46: =IF(B46=$P$4,0, IF(B45=$P$4,1, IF(C45=0,0, IF(C45=$O$6,0, SUM(C45+1))))) -> 15 | D46: =IF(C46<>0,B46,0) -> 44885 | E46: {=IF(C46=0,0, IF(Situation!$B$152=0,0, IF(OR(C46=12,C46=24,C46=36,C46=48,C46=60,C46=72),$E$1, IF(AND(C46>=1,C46<=SUM($M$7*12)),0, IF(AND(I46<=$M$7,TEXT(D46,"aaaa")=TEXT($P$6,"aaaa")),0, IF($M$7=0,SUM((Situation!$B$71:$B$85=MONTH(1&"/"&TEXT(D46,"mmmm")))*(Situation!$C$71:$C$85)), IF(TEXT(D46,"aaaa")=TEXT($P$6,"aaaa"),SUM((Situation!$B$71:$B$85=MONTH(1&"/"&TEXT(D46,"mmmm")))*(Situation!$C$71:$C$85)), 0)))))))} -> 0 | F46: =IF($D$1=0,0, IF(D46=$P$6,$F$1, 0)) -> 0 | G46: {=IFERROR(IF(B46=$P$4,$K$1, IF(B46=EDATE($B$1,84),0, IF(COUNTIF($N$9:$N$20,B46),LOOKUP(2,1/($N$9:$N$20=B46),$Q$9:$Q$21)*-1, IF(C46<>0,$G$1,0)))),0)} -> 971.66667 | H46: =IF(L45<SUM(E46+G46),L45,SUM(E46+G46)) -> 971.66667 | I46: =IF(B46=$P$4,1, IF(AND(C46>=1,C46<=12),2, IF(AND(C46>=13,C46<=24),3, IF(AND(C46>=25,C46<=36),4, IF(AND(C46>=37,C46<=48),5, IF(AND(C46>=49,C46<=60),6, IF(AND(C46>=61,C46<=72),7, IF(AND(C46>=73,C46<=84),8, 0)))))))) -> 3 | J46: =IF(K46<>"",CONCATENATE("Annuité ",COUNT($K$3:K46)),"") | K46: =IF(B46=$P$4,$K$1, IF(C46=0,"", IF(AND(OR(C46=12,C46=24,C46=36,C46=48,C46=60,C46=72),$M$7<1),$O$8, IF(OR(C46=12,C46=24,C46=36,C46=48,C46=60,C46=72),$O$7, IF(B46=$P$6,$O$8,""))))) | L46: =SUM(L45-H46) -> 6479.62 | M46: =D46 -> 44885
A47: 45 | B47: =EDATE($B$1,A47) -> 44915 | C47: =IF(B47=$P$4,0, IF(B46=$P$4,1, IF(C46=0,0, IF(C46=$O$6,0, SUM(C46+1))))) -> 16 | D47: =IF(C47<>0,B47,0) -> 44915 | E47: {=IF(C47=0,0, IF(Situation!$B$152=0,0, IF(OR(C47=12,C47=24,C47=36,C47=48,C47=60,C47=72),$E$1, IF(AND(C47>=1,C47<=SUM($M$7*12)),0, IF(AND(I47<=$M$7,TEXT(D47,"aaaa")=TEXT($P$6,"aaaa")),0, IF($M$7=0,SUM((Situation!$B$71:$B$85=MONTH(1&"/"&TEXT(D47,"mmmm")))*(Situation!$C$71:$C$85)), IF(TEXT(D47,"aaaa")=TEXT($P$6,"aaaa"),SUM((Situation!$B$71:$B$85=MONTH(1&"/"&TEXT(D47,"mmmm")))*(Situation!$C$71:$C$85)), 0)))))))} -> 0 | F47: =IF($D$1=0,0, IF(D47=$P$6,$F$1, 0)) -> 0 | G47: {=IFERROR(IF(B47=$P$4,$K$1, IF(B47=EDATE($B$1,84),0, IF(COUNTIF($N$9:$N$20,B47),LOOKUP(2,1/($N$9:$N$20=B47),$Q$9:$Q$21)*-1, IF(C47<>0,$G$1,0)))),0)} -> 971.66667 | H47: =IF(L46<SUM(E47+G47),L46,SUM(E47+G47)) -> 971.66667 | I47: =IF(B47=$P$4,1, IF(AND(C47>=1,C47<=12),2, IF(AND(C47>=13,C47<=24),3, IF(AND(C47>=25,C47<=36),4, IF(AND(C47>=37,C47<=48),5, IF(AND(C47>=49,C47<=60),6, IF(AND(C47>=61,C47<=72),7, IF(AND(C47>=73,C47<=84),8, 0)))))))) -> 3 | J47: =IF(K47<>"",CONCATENATE("Annuité ",COUNT($K$3:K47)),"") | K47: =IF(B47=$P$4,$K$1, IF(C47=0,"", IF(AND(OR(C47=12,C47=24,C47=36,C47=48,C47=60,C47=72),$M$7<1),$O$8, IF(OR(C47=12,C47=24,C47=36,C47=48,C47=60,C47=72),$O$7, IF(B47=$P$6,$O$8,""))))) | L47: =SUM(L46-H47) -> 5507.9533 | M47: =D47 -> 44915
A48: 46 | B48: =EDATE($B$1,A48) -> 44946 | C48: =IF(B48=$P$4,0, IF(B47=$P$4,1, IF(C47=0,0, IF(C47=$O$6,0, SUM(C47+1))))) -> 17 | D48: =IF(C48<>0,B48,0) -> 44946 | E48: {=IF(C48=0,0, IF(Situation!$B$152=0,0, IF(OR(C48=12,C48=24,C48=36,C48=48,C48=60,C48=72),$E$1, IF(AND(C48>=1,C48<=SUM($M$7*12)),0, IF(AND(I48<=$M$7,TEXT(D48,"aaaa")=TEXT($P$6,"aaaa")),0, IF($M$7=0,SUM((Situation!$B$71:$B$85=MONTH(1&"/"&TEXT(D48,"mmmm")))*(Situation!$C$71:$C$85)), IF(TEXT(D48,"aaaa")=TEXT($P$6,"aaaa"),SUM((Situation!$B$71:$B$85=MONTH(1&"/"&TEXT(D48,"mmmm")))*(Situation!$C$71:$C$85)), 0)))))))} -> 0 | F48: =IF($D$1=0,0, IF(D48=$P$6,$F$1, 0)) -> 0 | G48: {=IFERROR(IF(B48=$P$4,$K$1, IF(B48=EDATE($B$1,84),0, IF(COUNTIF($N$9:$N$20,B48),LOOKUP(2,1/($N$9:$N$20=B48),$Q$9:$Q$21)*-1, IF(C48<>0,$G$1,0)))),0)} -> 971.66667 | H48: =IF(L47<SUM(E48+G48),L47,SUM(E48+G48)) -> 971.66667 | I48: =IF(B48=$P$4,1, IF(AND(C48>=1,C48<=12),2, IF(AND(C48>=13,C48<=24),3, IF(AND(C48>=25,C48<=36),4, IF(AND(C48>=37,C48<=48),5, IF(AND(C48>=49,C48<=60),6, IF(AND(C48>=61,C48<=72),7, IF(AND(C48>=73,C48<=84),8, 0)))))))) -> 3 | J48: =IF(K48<>"",CONCATENATE("Annuité ",COUNT($K$3:K48)),"") | K48: =IF(B48=$P$4,$K$1, IF(C48=0,"", IF(AND(OR(C48=12,C48=24,C48=36,C48=48,C48=60,C48=72),$M$7<1),$O$8, IF(OR(C48=12,C48=24,C48=36,C48=48,C48=60,C48=72),$O$7, IF(B48=$P$6,$O$8,""))))) | L48: =SUM(L47-H48) -> 4536.2867 | M48: =D48 -> 44946
A49: 47 | B49: =EDATE($B$1,A49) -> 44977 | C49: =IF(B49=$P$4,0, IF(B48=$P$4,1, IF(C48=0,0, IF(C48=$O$6,0, SUM(C48+1))))) -> 18 | D49: =IF(C49<>0,B49,0) -> 44977 | E49: {=IF(C49=0,0, IF(Situation!$B$152=0,0, IF(OR(C49=12,C49=24,C49=36,C49=48,C49=60,C49=72),$E$1, IF(AND(C49>=1,C49<=SUM($M$7*12)),0, IF(AND(I49<=$M$7,TEXT(D49,"aaaa")=TEXT($P$6,"aaaa")),0, IF($M$7=0,SUM((Situation!$B$71:$B$85=MONTH(1&"/"&TEXT(D49,"mmmm")))*(Situation!$C$71:$C$85)), IF(TEXT(D49,"aaaa")=TEXT($P$6,"aaaa"),SUM((Situation!$B$71:$B$85=MONTH(1&"/"&TEXT(D49,"mmmm")))*(Situation!$C$71:$C$85)), 0)))))))} -> 0 | F49: =IF($D$1=0,0, IF(D49=$P$6,$F$1, 0)) -> 0 | G49: {=IFERROR(IF(B49=$P$4,$K$1, IF(B49=EDATE($B$1,84),0, IF(COUNTIF($N$9:$N$20,B49),LOOKUP(2,1/($N$9:$N$20=B49),$Q$9:$Q$21)*-1, IF(C49<>0,$G$1,0)))),0)} -> 971.66667 | H49: =IF(L48<SUM(E49+G49),L48,SUM(E49+G49)) -> 971.66667 | I49: =IF(B49=$P$4,1, IF(AND(C49>=1,C49<=12),2, IF(AND(C49>=13,C49<=24),3, IF(AND(C49>=25,C49<=36),4, IF(AND(C49>=37,C49<=48),5, IF(AND(C49>=49,C49<=60),6, IF(AND(C49>=61,C49<=72),7, IF(AND(C49>=73,C49<=84),8, 0)))))))) -> 3 | J49: =IF(K49<>"",CONCATENATE("Annuité ",COUNT($K$3:K49)),"") | K49: =IF(B49=$P$4,$K$1, IF(C49=0,"", IF(AND(OR(C49=12,C49=24,C49=36,C49=48,C49=60,C49=72),$M$7<1),$O$8, IF(OR(C49=12,C49=24,C49=36,C49=48,C49=60,C49=72),$O$7, IF(B49=$P$6,$O$8,""))))) | L49: =SUM(L48-H49) -> 3564.62 | M49: =D49 -> 44977
A50: 48 | B50: =EDATE($B$1,A50) -> 45005 | C50: =IF(B50=$P$4,0, IF(B49=$P$4,1, IF(C49=0,0, IF(C49=$O$6,0, SUM(C49+1))))) -> 19 | D50: =IF(C50<>0,B50,0) -> 45005 | E50: {=IF(C50=0,0, IF(Situation!$B$152=0,0, IF(OR(C50=12,C50=24,C50=36,C50=48,C50=60,C50=72),$E$1, IF(AND(C50>=1,C50<=SUM($M$7*12)),0, IF(AND(I50<=$M$7,TEXT(D50,"aaaa")=TEXT($P$6,"aaaa")),0, IF($M$7=0,SUM((Situation!$B$71:$B$85=MONTH(1&"/"&TEXT(D50,"mmmm")))*(Situation!$C$71:$C$85)), IF(TEXT(D50,"aaaa")=TEXT($P$6,"aaaa"),SUM((Situation!$B$71:$B$85=MONTH(1&"/"&TEXT(D50,"mmmm")))*(Situation!$C$71:$C$85)), 0)))))))} -> 0 | F50: =IF($D$1=0,0, IF(D50=$P$6,$F$1, 0)) -> 0 | G50: {=IFERROR(IF(B50=$P$4,$K$1, IF(B50=EDATE($B$1,84),0, IF(COUNTIF($N$9:$N$20,B50),LOOKUP(2,1/($N$9:$N$20=B50),$Q$9:$Q$21)*-1, IF(C50<>0,$G$1,0)))),0)} -> 971.66667 | H50: =IF(L49<SUM(E50+G50),L49,SUM(E50+G50)) -> 971.66667 | I50: =IF(B50=$P$4,1, IF(AND(C50>=1,C50<=12),2, IF(AND(C50>=13,C50<=24),3, IF(AND(C50>=25,C50<=36),4, IF(AND(C50>=37,C50<=48),5, IF(AND(C50>=49,C50<=60),6, IF(AND(C50>=61,C50<=72),7, IF(AND(C50>=73,C50<=84),8, 0)))))))) -> 3 | J50: =IF(K50<>"",CONCATENATE("Annuité ",COUNT($K$3:K50)),"") | K50: =IF(B50=$P$4,$K$1, IF(C50=0,"", IF(AND(OR(C50=12,C50=24,C50=36,C50=48,C50=60,C50=72),$M$7<1),$O$8, IF(OR(C50=12,C50=24,C50=36,C50=48,C50=60,C50=72),$O$7, IF(B50=$P$6,$O$8,""))))) | L50: =SUM(L49-H50) -> 2592.9533 | M50: =D50 -> 45005
... A52: 50 | B52: =EDATE($B$1,A52) -> 45066 | C52: =IF(B52=$P$4,0, IF(B51=$P$4,1, IF(C51=0,0, IF(C51=$O$6,0, SUM(C51+1))))) -> 21 | D52: =IF(C52<>0,B52,0) -> 45066 | E52: {=IF(C52=0,0, IF(Situation!$B$152=0,0, IF(OR(C52=12,C52=24,C52=36,C52=48,C52=60,C52=72),$E$1, IF(AND(C52>=1,C52<=SUM($M$7*12)),0, IF(AND(I52<=$M$7,TEXT(D52,"aaaa")=TEXT($P$6,"aaaa")),0, IF($M$7=0,SUM((Situation!$B$71:$B$85=MONTH(1&"/"&TEXT(D52,"mmmm")))*(Situation!$C$71:$C$85)), IF(TEXT(D52,"aaaa")=TEXT($P$6,"aaaa"),SUM((Situation!$B$71:$B$85=MONTH(1&"/"&TEXT(D52,"mmmm")))*(Situation!$C$71:$C$85)), 0)))))))} -> 0 | F52: =IF($D$1=0,0, IF(D52=$P$6,$F$1, 0)) -> 0 | G52: {=IFERROR(IF(B52=$P$4,$K$1, IF(B52=EDATE($B$1,84),0, IF(COUNTIF($N$9:$N$20,B52),LOOKUP(2,1/($N$9:$N$20=B52),$Q$9:$Q$21)*-1, IF(C52<>0,$G$1,0)))),0)} -> 971.66667 | H52: =IF(L51<SUM(E52+G52),L51,SUM(E52+G52)) -> 971.66667 | I52: =IF(B52=$P$4,1, IF(AND(C52>=1,C52<=12),2, IF(AND(C52>=13,C52<=24),3, IF(AND(C52>=25,C52<=36),4, IF(AND(C52>=37,C52<=48),5, IF(AND(C52>=49,C52<=60),6, IF(AND(C52>=61,C52<=72),7, IF(AND(C52>=73,C52<=84),8, 0)))))))) -> 3 | J52: =IF(K52<>"",CONCATENATE("Annuité ",COUNT($K$3:K52)),"") | K52: =IF(B52=$P$4,$K$1, IF(C52=0,"", IF(AND(OR(C52=12,C52=24,C52=36,C52=48,C52=60,C52=72),$M$7<1),$O$8, IF(OR(C52=12,C52=24,C52=36,C52=48,C52=60,C52=72),$O$7, IF(B52=$P$6,$O$8,""))))) | L52: =SUM(L51-H52) -> 649.62 | M52: =D52 -> 45066
A53: 51 | B53: =EDATE($B$1,A53) -> 45097 | C53: =IF(B53=$P$4,0, IF(B52=$P$4,1, IF(C52=0,0, IF(C52=$O$6,0, SUM(C52+1))))) -> 22 | D53: =IF(C53<>0,B53,0) -> 45097 | E53: {=IF(C53=0,0, IF(Situation!$B$152=0,0, IF(OR(C53=12,C53=24,C53=36,C53=48,C53=60,C53=72),$E$1, IF(AND(C53>=1,C53<=SUM($M$7*12)),0, IF(AND(I53<=$M$7,TEXT(D53,"aaaa")=TEXT($P$6,"aaaa")),0, IF($M$7=0,SUM((Situation!$B$71:$B$85=MONTH(1&"/"&TEXT(D53,"mmmm")))*(Situation!$C$71:$C$85)), IF(TEXT(D53,"aaaa")=TEXT($P$6,"aaaa"),SUM((Situation!$B$71:$B$85=MONTH(1&"/"&TEXT(D53,"mmmm")))*(Situation!$C$71:$C$85)), 0)))))))} -> 1861.88 | F53: =IF($D$1=0,0, IF(D53=$P$6,$F$1, 0)) -> 700 | G53: {=IFERROR(IF(B53=$P$4,$K$1, IF(B53=EDATE($B$1,84),0, IF(COUNTIF($N$9:$N$20,B53),LOOKUP(2,1/($N$9:$N$20=B53),$Q$9:$Q$21)*-1, IF(C53<>0,$G$1,0)))),0)} -> 649.62 | H53: =IF(L52<SUM(E53+G53),L52,SUM(E53+G53)) -> 649.62 | I53: =IF(B53=$P$4,1, IF(AND(C53>=1,C53<=12),2, IF(AND(C53>=13,C53<=24),3, IF(AND(C53>=25,C53<=36),4, IF(AND(C53>=37,C53<=48),5, IF(AND(C53>=49,C53<=60),6, IF(AND(C53>=61,C53<=72),7, IF(AND(C53>=73,C53<=84),8, 0)))))))) -> 3 | J53: =IF(K53<>"",CONCATENATE("Annuité ",COUNT($K$3:K53)),"") -> Annuité 3 | K53: =IF(B53=$P$4,$K$1, IF(C53=0,"", IF(AND(OR(C53=12,C53=24,C53=36,C53=48,C53=60,C53=72),$M$7<1),$O$8, IF(OR(C53=12,C53=24,C53=36,C53=48,C53=60,C53=72),$O$7, IF(B53=$P$6,$O$8,""))))) -> 9394.62 | L53: =SUM(L52-H53) -> 0
A54: 52 | B54: =EDATE($B$1,A54) -> 45127 | C54: =IF(B54=$P$4,0, IF(B53=$P$4,1, IF(C53=0,0, IF(C53=$O$6,0, SUM(C53+1))))) -> 0 | D54: =IF(C54<>0,B54,0) -> 0 | E54: {=IF(C54=0,0, IF(Situation!$B$152=0,0, IF(OR(C54=12,C54=24,C54=36,C54=48,C54=60,C54=72),$E$1, IF(AND(C54>=1,C54<=SUM($M$7*12)),0, IF(AND(I54<=$M$7,TEXT(D54,"aaaa")=TEXT($P$6,"aaaa")),0, IF($M$7=0,SUM((Situation!$B$71:$B$85=MONTH(1&"/"&TEXT(D54,"mmmm")))*(Situation!$C$71:$C$85)), IF(TEXT(D54,"aaaa")=TEXT($P$6,"aaaa"),SUM((Situation!$B$71:$B$85=MONTH(1&"/"&TEXT(D54,"mmmm")))*(Situation!$C$71:$C$85)), 0)))))))} -> 0 | F54: =IF($D$1=0,0, IF(D54=$P$6,$F$1, 0)) -> 0 | G54: {=IFERROR(IF(B54=$P$4,$K$1, IF(B54=EDATE($B$1,84),0, IF(COUNTIF($N$9:$N$20,B54),LOOKUP(2,1/($N$9:$N$20=B54),$Q$9:$Q$21)*-1, IF(C54<>0,$G$1,0)))),0)} -> 0 | H54: =IF(L53<SUM(E54+G54),L53,SUM(E54+G54)) -> 0 | I54: =IF(B54=$P$4,1, IF(AND(C54>=1,C54<=12),2, IF(AND(C54>=13,C54<=24),3, IF(AND(C54>=25,C54<=36),4, IF(AND(C54>=37,C54<=48),5, IF(AND(C54>=49,C54<=60),6, IF(AND(C54>=61,C54<=72),7, IF(AND(C54>=73,C54<=84),8, 0)))))))) -> 0 | J54: =IF(K54<>"",CONCATENATE("Annuité ",COUNT($K$3:K54)),"") | K54: =IF(B54=$P$4,$K$1, IF(C54=0,"", IF(AND(OR(C54=12,C54=24,C54=36,C54=48,C54=60,C54=72),$M$7<1),$O$8, IF(OR(C54=12,C54=24,C54=36,C54=48,C54=60,C54=72),$O$7, IF(B54=$P$6,$O$8,""))))) | L54: =SUM(L53-H54) -> 0
A55: 53 | B55: =EDATE($B$1,A55) -> 45158 | C55: =IF(B55=$P$4,0, IF(B54=$P$4,1, IF(C54=0,0, IF(C54=$O$6,0, SUM(C54+1))))) -> 0 | D55: =IF(C55<>0,B55,0) -> 0 | E55: {=IF(C55=0,0, IF(Situation!$B$152=0,0, IF(OR(C55=12,C55=24,C55=36,C55=48,C55=60,C55=72),$E$1, IF(AND(C55>=1,C55<=SUM($M$7*12)),0, IF(AND(I55<=$M$7,TEXT(D55,"aaaa")=TEXT($P$6,"aaaa")),0, IF($M$7=0,SUM((Situation!$B$71:$B$85=MONTH(1&"/"&TEXT(D55,"mmmm")))*(Situation!$C$71:$C$85)), IF(TEXT(D55,"aaaa")=TEXT($P$6,"aaaa"),SUM((Situation!$B$71:$B$85=MONTH(1&"/"&TEXT(D55,"mmmm")))*(Situation!$C$71:$C$85)), 0)))))))} -> 0 | F55: =IF($D$1=0,0, IF(D55=$P$6,$F$1, 0)) -> 0 | G55: {=IFERROR(IF(B55=$P$4,$K$1, IF(B55=EDATE($B$1,84),0, IF(COUNTIF($N$9:$N$20,B55),LOOKUP(2,1/($N$9:$N$20=B55),$Q$9:$Q$21)*-1, IF(C55<>0,$G$1,0)))),0)} -> 0 | H55: =IF(L54<SUM(E55+G55),L54,SUM(E55+G55)) -> 0 | I55: =IF(B55=$P$4,1, IF(AND(C55>=1,C55<=12),2, IF(AND(C55>=13,C55<=24),3, IF(AND(C55>=25,C55<=36),4, IF(AND(C55>=37,C55<=48),5, IF(AND(C55>=49,C55<=60),6, IF(AND(C55>=61,C55<=72),7, IF(AND(C55>=73,C55<=84),8, 0)))))))) -> 0 | J55: =IF(K55<>"",CONCATENATE("Annuité ",COUNT($K$3:K55)),"") | K55: =IF(B55=$P$4,$K$1, IF(C55=0,"", IF(AND(OR(C55=12,C55=24,C55=36,C55=48,C55=60,C55=72),$M$7<1),$O$8, IF(OR(C55=12,C55=24,C55=36,C55=48,C55=60,C55=72),$O$7, IF(B55=$P$6,$O$8,""))))) | L55: =SUM(L54-H55) -> 0 | N55: =+IF(C41=0,0,) -> 0
A56: 54 | B56: =EDATE($B$1,A56) -> 45189 | C56: =IF(B56=$P$4,0, IF(B55=$P$4,1, IF(C55=0,0, IF(C55=$O$6,0, SUM(C55+1))))) -> 0 | D56: =IF(C56<>0,B56,0) -> 0 | E56: {=IF(C56=0,0, IF(Situation!$B$152=0,0, IF(OR(C56=12,C56=24,C56=36,C56=48,C56=60,C56=72),$E$1, IF(AND(C56>=1,C56<=SUM($M$7*12)),0, IF(AND(I56<=$M$7,TEXT(D56,"aaaa")=TEXT($P$6,"aaaa")),0, IF($M$7=0,SUM((Situation!$B$71:$B$85=MONTH(1&"/"&TEXT(D56,"mmmm")))*(Situation!$C$71:$C$85)), IF(TEXT(D56,"aaaa")=TEXT($P$6,"aaaa"),SUM((Situation!$B$71:$B$85=MONTH(1&"/"&TEXT(D56,"mmmm")))*(Situation!$C$71:$C$85)), 0)))))))} -> 0 | F56: =IF($D$1=0,0, IF(D56=$P$6,$F$1, 0)) -> 0 | G56: {=IFERROR(IF(B56=$P$4,$K$1, IF(B56=EDATE($B$1,84),0, IF(COUNTIF($N$9:$N$20,B56),LOOKUP(2,1/($N$9:$N$20=B56),$Q$9:$Q$21)*-1, IF(C56<>0,$G$1,0)))),0)} -> 0 | H56: =IF(L55<SUM(E56+G56),L55,SUM(E56+G56)) -> 0 | I56: =IF(B56=$P$4,1, IF(AND(C56>=1,C56<=12),2, IF(AND(C56>=13,C56<=24),3, IF(AND(C56>=25,C56<=36),4, IF(AND(C56>=37,C56<=48),5, IF(AND(C56>=49,C56<=60),6, IF(AND(C56>=61,C56<=72),7, IF(AND(C56>=73,C56<=84),8, 0)))))))) -> 0 | J56: =IF(K56<>"",CONCATENATE("Annuité ",COUNT($K$3:K56)),"") | K56: =IF(B56=$P$4,$K$1, IF(C56=0,"", IF(AND(OR(C56=12,C56=24,C56=36,C56=48,C56=60,C56=72),$M$7<1),$O$8, IF(OR(C56=12,C56=24,C56=36,C56=48,C56=60,C56=72),$O$7, IF(B56=$P$6,$O$8,""))))) | L56: =SUM(L55-H56) -> 0 | N56: =+IF(Situation!$B$152=0,0,) -> 0
A57: 55 | B57: =EDATE($B$1,A57) -> 45219 | C57: =IF(B57=$P$4,0, IF(B56=$P$4,1, IF(C56=0,0, IF(C56=$O$6,0, SUM(C56+1))))) -> 0 | D57: =IF(C57<>0,B57,0) -> 0 | E57: {=IF(C57=0,0, IF(Situation!$B$152=0,0, IF(OR(C57=12,C57=24,C57=36,C57=48,C57=60,C57=72),$E$1, IF(AND(C57>=1,C57<=SUM($M$7*12)),0, IF(AND(I57<=$M$7,TEXT(D57,"aaaa")=TEXT($P$6,"aaaa")),0, IF($M$7=0,SUM((Situation!$B$71:$B$85=MONTH(1&"/"&TEXT(D57,"mmmm")))*(Situation!$C$71:$C$85)), IF(TEXT(D57,"aaaa")=TEXT($P$6,"aaaa"),SUM((Situation!$B$71:$B$85=MONTH(1&"/"&TEXT(D57,"mmmm")))*(Situation!$C$71:$C$85)), 0)))))))} -> 0 | F57: =IF($D$1=0,0, IF(D57=$P$6,$F$1, 0)) -> 0 | G57: {=IFERROR(IF(B57=$P$4,$K$1, IF(B57=EDATE($B$1,84),0, IF(COUNTIF($N$9:$N$20,B57),LOOKUP(2,1/($N$9:$N$20=B57),$Q$9:$Q$21)*-1, IF(C57<>0,$G$1,0)))),0)} -> 0 | H57: =IF(L56<SUM(E57+G57),L56,SUM(E57+G57)) -> 0 | I57: =IF(B57=$P$4,1, IF(AND(C57>=1,C57<=12),2, IF(AND(C57>=13,C57<=24),3, IF(AND(C57>=25,C57<=36),4, IF(AND(C57>=37,C57<=48),5, IF(AND(C57>=49,C57<=60),6, IF(AND(C57>=61,C57<=72),7, IF(AND(C57>=73,C57<=84),8, 0)))))))) -> 0 | J57: =IF(K57<>"",CONCATENATE("Annuité ",COUNT($K$3:K57)),"") | K57: =IF(B57=$P$4,$K$1, IF(C57=0,"", IF(AND(OR(C57=12,C57=24,C57=36,C57=48,C57=60,C57=72),$M$7<1),$O$8, IF(OR(C57=12,C57=24,C57=36,C57=48,C57=60,C57=72),$O$7, IF(B57=$P$6,$O$8,""))))) | L57: =SUM(L56-H57) -> 0
A58: 56 | B58: =EDATE($B$1,A58) -> 45250 | C58: =IF(B58=$P$4,0, IF(B57=$P$4,1, IF(C57=0,0, IF(C57=$O$6,0, SUM(C57+1))))) -> 0 | D58: =IF(C58<>0,B58,0) -> 0 | E58: {=IF(C58=0,0, IF(Situation!$B$152=0,0, IF(OR(C58=12,C58=24,C58=36,C58=48,C58=60,C58=72),$E$1, IF(AND(C58>=1,C58<=SUM($M$7*12)),0, IF(AND(I58<=$M$7,TEXT(D58,"aaaa")=TEXT($P$6,"aaaa")),0, IF($M$7=0,SUM((Situation!$B$71:$B$85=MONTH(1&"/"&TEXT(D58,"mmmm")))*(Situation!$C$71:$C$85)), IF(TEXT(D58,"aaaa")=TEXT($P$6,"aaaa"),SUM((Situation!$B$71:$B$85=MONTH(1&"/"&TEXT(D58,"mmmm")))*(Situation!$C$71:$C$85)), 0)))))))} -> 0 | F58: =IF($D$1=0,0, IF(D58=$P$6,$F$1, 0)) -> 0 | G58: {=IFERROR(IF(B58=$P$4,$K$1, IF(B58=EDATE($B$1,84),0, IF(COUNTIF($N$9:$N$20,B58),LOOKUP(2,1/($N$9:$N$20=B58),$Q$9:$Q$21)*-1, IF(C58<>0,$G$1,0)))),0)} -> 0 | H58: =IF(L57<SUM(E58+G58),L57,SUM(E58+G58)) -> 0 | I58: =IF(B58=$P$4,1, IF(AND(C58>=1,C58<=12),2, IF(AND(C58>=13,C58<=24),3, IF(AND(C58>=25,C58<=36),4, IF(AND(C58>=37,C58<=48),5, IF(AND(C58>=49,C58<=60),6, IF(AND(C58>=61,C58<=72),7, IF(AND(C58>=73,C58<=84),8, 0)))))))) -> 0 | J58: =IF(K58<>"",CONCATENATE("Annuité ",COUNT($K$3:K58)),"") | K58: =IF(B58=$P$4,$K$1, IF(C58=0,"", IF(AND(OR(C58=12,C58=24,C58=36,C58=48,C58=60,C58=72),$M$7<1),$O$8, IF(OR(C58=12,C58=24,C58=36,C58=48,C58=60,C58=72),$O$7, IF(B58=$P$6,$O$8,""))))) | L58: =SUM(L57-H58) -> 0
A59: 57 | B59: =EDATE($B$1,A59) -> 45280 | C59: =IF(B59=$P$4,0, IF(B58=$P$4,1, IF(C58=0,0, IF(C58=$O$6,0, SUM(C58+1))))) -> 0 | D59: =IF(C59<>0,B59,0) -> 0 | E59: {=IF(C59=0,0, IF(Situation!$B$152=0,0, IF(OR(C59=12,C59=24,C59=36,C59=48,C59=60,C59=72),$E$1, IF(AND(C59>=1,C59<=SUM($M$7*12)),0, IF(AND(I59<=$M$7,TEXT(D59,"aaaa")=TEXT($P$6,"aaaa")),0, IF($M$7=0,SUM((Situation!$B$71:$B$85=MONTH(1&"/"&TEXT(D59,"mmmm")))*(Situation!$C$71:$C$85)), IF(TEXT(D59,"aaaa")=TEXT($P$6,"aaaa"),SUM((Situation!$B$71:$B$85=MONTH(1&"/"&TEXT(D59,"mmmm")))*(Situation!$C$71:$C$85)), 0)))))))} -> 0 | F59: =IF($D$1=0,0, IF(D59=$P$6,$F$1, 0)) -> 0 | G59: {=IFERROR(IF(B59=$P$4,$K$1, IF(B59=EDATE($B$1,84),0, IF(COUNTIF($N$9:$N$20,B59),LOOKUP(2,1/($N$9:$N$20=B59),$Q$9:$Q$21)*-1, IF(C59<>0,$G$1,0)))),0)} -> 0 | H59: =IF(L58<SUM(E59+G59),L58,SUM(E59+G59)) -> 0 | I59: =IF(B59=$P$4,1, IF(AND(C59>=1,C59<=12),2, IF(AND(C59>=13,C59<=24),3, IF(AND(C59>=25,C59<=36),4, IF(AND(C59>=37,C59<=48),5, IF(AND(C59>=49,C59<=60),6, IF(AND(C59>=61,C59<=72),7, IF(AND(C59>=73,C59<=84),8, 0)))))))) -> 0 | J59: =IF(K59<>"",CONCATENATE("Annuité ",COUNT($K$3:K59)),"") | K59: =IF(B59=$P$4,$K$1, IF(C59=0,"", IF(AND(OR(C59=12,C59=24,C59=36,C59=48,C59=60,C59=72),$M$7<1),$O$8, IF(OR(C59=12,C59=24,C59=36,C59=48,C59=60,C59=72),$O$7, IF(B59=$P$6,$O$8,""))))) | L59: =SUM(L58-H59) -> 0
A60: 58 | B60: =EDATE($B$1,A60) -> 45311 | C60: =IF(B60=$P$4,0, IF(B59=$P$4,1, IF(C59=0,0, IF(C59=$O$6,0, SUM(C59+1))))) -> 0 | D60: =IF(C60<>0,B60,0) -> 0 | E60: {=IF(C60=0,0, IF(Situation!$B$152=0,0, IF(OR(C60=12,C60=24,C60=36,C60=48,C60=60,C60=72),$E$1, IF(AND(C60>=1,C60<=SUM($M$7*12)),0, IF(AND(I60<=$M$7,TEXT(D60,"aaaa")=TEXT($P$6,"aaaa")),0, IF($M$7=0,SUM((Situation!$B$71:$B$85=MONTH(1&"/"&TEXT(D60,"mmmm")))*(Situation!$C$71:$C$85)), IF(TEXT(D60,"aaaa")=TEXT($P$6,"aaaa"),SUM((Situation!$B$71:$B$85=MONTH(1&"/"&TEXT(D60,"mmmm")))*(Situation!$C$71:$C$85)), 0)))))))} -> 0 | F60: =IF($D$1=0,0, IF(D60=$P$6,$F$1, 0)) -> 0 | G60: {=IFERROR(IF(B60=$P$4,$K$1, IF(B60=EDATE($B$1,84),0, IF(COUNTIF($N$9:$N$20,B60),LOOKUP(2,1/($N$9:$N$20=B60),$Q$9:$Q$21)*-1, IF(C60<>0,$G$1,0)))),0)} -> 0 | H60: =IF(L59<SUM(E60+G60),L59,SUM(E60+G60)) -> 0 | I60: =IF(B60=$P$4,1, IF(AND(C60>=1,C60<=12),2, IF(AND(C60>=13,C60<=24),3, IF(AND(C60>=25,C60<=36),4, IF(AND(C60>=37,C60<=48),5, IF(AND(C60>=49,C60<=60),6, IF(AND(C60>=61,C60<=72),7, IF(AND(C60>=73,C60<=84),8, 0)))))))) -> 0 | J60: =IF(K60<>"",CONCATENATE("Annuité ",COUNT($K$3:K60)),"") | K60: =IF(B60=$P$4,$K$1, IF(C60=0,"", IF(AND(OR(C60=12,C60=24,C60=36,C60=48,C60=60,C60=72),$M$7<1),$O$8, IF(OR(C60=12,C60=24,C60=36,C60=48,C60=60,C60=72),$O$7, IF(B60=$P$6,$O$8,""))))) | L60: =SUM(L59-H60) -> 0 | N60: =0 -> 0
A61: 59 | B61: =EDATE($B$1,A61) -> 45342 | C61: =IF(B61=$P$4,0, IF(B60=$P$4,1, IF(C60=0,0, IF(C60=$O$6,0, SUM(C60+1))))) -> 0 | D61: =IF(C61<>0,B61,0) -> 0 | E61: {=IF(C61=0,0, IF(Situation!$B$152=0,0, IF(OR(C61=12,C61=24,C61=36,C61=48,C61=60,C61=72),$E$1, IF(AND(C61>=1,C61<=SUM($M$7*12)),0, IF(AND(I61<=$M$7,TEXT(D61,"aaaa")=TEXT($P$6,"aaaa")),0, IF($M$7=0,SUM((Situation!$B$71:$B$85=MONTH(1&"/"&TEXT(D61,"mmmm")))*(Situation!$C$71:$C$85)), IF(TEXT(D61,"aaaa")=TEXT($P$6,"aaaa"),SUM((Situation!$B$71:$B$85=MONTH(1&"/"&TEXT(D61,"mmmm")))*(Situation!$C$71:$C$85)), 0)))))))} -> 0 | F61: =IF($D$1=0,0, IF(D61=$P$6,$F$1, 0)) -> 0 | G61: {=IFERROR(IF(B61=$P$4,$K$1, IF(B61=EDATE($B$1,84),0, IF(COUNTIF($N$9:$N$20,B61),LOOKUP(2,1/($N$9:$N$20=B61),$Q$9:$Q$21)*-1, IF(C61<>0,$G$1,0)))),0)} -> 0 | H61: =IF(L60<SUM(E61+G61),L60,SUM(E61+G61)) -> 0 | I61: =IF(B61=$P$4,1, IF(AND(C61>=1,C61<=12),2, IF(AND(C61>=13,C61<=24),3, IF(AND(C61>=25,C61<=36),4, IF(AND(C61>=37,C61<=48),5, IF(AND(C61>=49,C61<=60),6, IF(AND(C61>=61,C61<=72),7, IF(AND(C61>=73,C61<=84),8, 0)))))))) -> 0 | J61: =IF(K61<>"",CONCATENATE("Annuité ",COUNT($K$3:K61)),"") | K61: =IF(B61=$P$4,$K$1, IF(C61=0,"", IF(AND(OR(C61=12,C61=24,C61=36,C61=48,C61=60,C61=72),$M$7<1),$O$8, IF(OR(C61=12,C61=24,C61=36,C61=48,C61=60,C61=72),$O$7, IF(B61=$P$6,$O$8,""))))) | L61: =SUM(L60-H61) -> 0
A62: 60 | B62: =EDATE($B$1,A62) -> 45371 | C62: =IF(B62=$P$4,0, IF(B61=$P$4,1, IF(C61=0,0, IF(C61=$O$6,0, SUM(C61+1))))) -> 0 | D62: =IF(C62<>0,B62,0) -> 0 | E62: {=IF(C62=0,0, IF(Situation!$B$152=0,0, IF(OR(C62=12,C62=24,C62=36,C62=48,C62=60,C62=72),$E$1, IF(AND(C62>=1,C62<=SUM($M$7*12)),0, IF(AND(I62<=$M$7,TEXT(D62,"aaaa")=TEXT($P$6,"aaaa")),0, IF($M$7=0,SUM((Situation!$B$71:$B$85=MONTH(1&"/"&TEXT(D62,"mmmm")))*(Situation!$C$71:$C$85)), IF(TEXT(D62,"aaaa")=TEXT($P$6,"aaaa"),SUM((Situation!$B$71:$B$85=MONTH(1&"/"&TEXT(D62,"mmmm")))*(Situation!$C$71:$C$85)), 0)))))))} -> 0 | F62: =IF($D$1=0,0, IF(D62=$P$6,$F$1, 0)) -> 0 | G62: {=IFERROR(IF(B62=$P$4,$K$1, IF(B62=EDATE($B$1,84),0, IF(COUNTIF($N$9:$N$20,B62),LOOKUP(2,1/($N$9:$N$20=B62),$Q$9:$Q$21)*-1, IF(C62<>0,$G$1,0)))),0)} -> 0 | H62: =IF(L61<SUM(E62+G62),L61,SUM(E62+G62)) -> 0 | I62: =IF(B62=$P$4,1, IF(AND(C62>=1,C62<=12),2, IF(AND(C62>=13,C62<=24),3, IF(AND(C62>=25,C62<=36),4, IF(AND(C62>=37,C62<=48),5, IF(AND(C62>=49,C62<=60),6, IF(AND(C62>=61,C62<=72),7, IF(AND(C62>=73,C62<=84),8, 0)))))))) -> 0 | J62: =IF(K62<>"",CONCATENATE("Annuité ",COUNT($K$3:K62)),"") | K62: =IF(B62=$P$4,$K$1, IF(C62=0,"", IF(AND(OR(C62=12,C62=24,C62=36,C62=48,C62=60,C62=72),$M$7<1),$O$8, IF(OR(C62=12,C62=24,C62=36,C62=48,C62=60,C62=72),$O$7, IF(B62=$P$6,$O$8,""))))) | L62: =SUM(L61-H62) -> 0
A63: 61 | B63: =EDATE($B$1,A63) -> 45402 | C63: =IF(B63=$P$4,0, IF(B62=$P$4,1, IF(C62=0,0, IF(C62=$O$6,0, SUM(C62+1))))) -> 0 | D63: =IF(C63<>0,B63,0) -> 0 | E63: {=IF(C63=0,0, IF(Situation!$B$152=0,0, IF(OR(C63=12,C63=24,C63=36,C63=48,C63=60,C63=72),$E$1, IF(AND(C63>=1,C63<=SUM($M$7*12)),0, IF(AND(I63<=$M$7,TEXT(D63,"aaaa")=TEXT($P$6,"aaaa")),0, IF($M$7=0,SUM((Situation!$B$71:$B$85=MONTH(1&"/"&TEXT(D63,"mmmm")))*(Situation!$C$71:$C$85)), IF(TEXT(D63,"aaaa")=TEXT($P$6,"aaaa"),SUM((Situation!$B$71:$B$85=MONTH(1&"/"&TEXT(D63,"mmmm")))*(Situation!$C$71:$C$85)), 0)))))))} -> 0 | F63: =IF($D$1=0,0, IF(D63=$P$6,$F$1, 0)) -> 0 | G63: {=IFERROR(IF(B63=$P$4,$K$1, IF(B63=EDATE($B$1,84),0, IF(COUNTIF($N$9:$N$20,B63),LOOKUP(2,1/($N$9:$N$20=B63),$Q$9:$Q$21)*-1, IF(C63<>0,$G$1,0)))),0)} -> 0 | H63: =IF(L62<SUM(E63+G63),L62,SUM(E63+G63)) -> 0 | I63: =IF(B63=$P$4,1, IF(AND(C63>=1,C63<=12),2, IF(AND(C63>=13,C63<=24),3, IF(AND(C63>=25,C63<=36),4, IF(AND(C63>=37,C63<=48),5, IF(AND(C63>=49,C63<=60),6, IF(AND(C63>=61,C63<=72),7, IF(AND(C63>=73,C63<=84),8, 0)))))))) -> 0 | J63: =IF(K63<>"",CONCATENATE("Annuité ",COUNT($K$3:K63)),"") | K63: =IF(B63=$P$4,$K$1, IF(C63=0,"", IF(AND(OR(C63=12,C63=24,C63=36,C63=48,C63=60,C63=72),$M$7<1),$O$8, IF(OR(C63=12,C63=24,C63=36,C63=48,C63=60,C63=72),$O$7, IF(B63=$P$6,$O$8,""))))) | L63: =SUM(L62-H63) -> 0
A64: 62 | B64: =EDATE($B$1,A64) -> 45432 | C64: =IF(B64=$P$4,0, IF(B63=$P$4,1, IF(C63=0,0, IF(C63=$O$6,0, SUM(C63+1))))) -> 0 | D64: =IF(C64<>0,B64,0) -> 0 | E64: {=IF(C64=0,0, IF(Situation!$B$152=0,0, IF(OR(C64=12,C64=24,C64=36,C64=48,C64=60,C64=72),$E$1, IF(AND(C64>=1,C64<=SUM($M$7*12)),0, IF(AND(I64<=$M$7,TEXT(D64,"aaaa")=TEXT($P$6,"aaaa")),0, IF($M$7=0,SUM((Situation!$B$71:$B$85=MONTH(1&"/"&TEXT(D64,"mmmm")))*(Situation!$C$71:$C$85)), IF(TEXT(D64,"aaaa")=TEXT($P$6,"aaaa"),SUM((Situation!$B$71:$B$85=MONTH(1&"/"&TEXT(D64,"mmmm")))*(Situation!$C$71:$C$85)), 0)))))))} -> 0 | F64: =IF($D$1=0,0, IF(D64=$P$6,$F$1, 0)) -> 0 | G64: {=IFERROR(IF(B64=$P$4,$K$1, IF(B64=EDATE($B$1,84),0, IF(COUNTIF($N$9:$N$20,B64),LOOKUP(2,1/($N$9:$N$20=B64),$Q$9:$Q$21)*-1, IF(C64<>0,$G$1,0)))),0)} -> 0 | H64: =IF(L63<SUM(E64+G64),L63,SUM(E64+G64)) -> 0 | I64: =IF(B64=$P$4,1, IF(AND(C64>=1,C64<=12),2, IF(AND(C64>=13,C64<=24),3, IF(AND(C64>=25,C64<=36),4, IF(AND(C64>=37,C64<=48),5, IF(AND(C64>=49,C64<=60),6, IF(AND(C64>=61,C64<=72),7, IF(AND(C64>=73,C64<=84),8, 0)))))))) -> 0 | J64: =IF(K64<>"",CONCATENATE("Annuité ",COUNT($K$3:K64)),"") | K64: =IF(B64=$P$4,$K$1, IF(C64=0,"", IF(AND(OR(C64=12,C64=24,C64=36,C64=48,C64=60,C64=72),$M$7<1),$O$8, IF(OR(C64=12,C64=24,C64=36,C64=48,C64=60,C64=72),$O$7, IF(B64=$P$6,$O$8,""))))) | L64: =SUM(L63-H64) -> 0
A65: 63 | B65: =EDATE($B$1,A65) -> 45463 | C65: =IF(B65=$P$4,0, IF(B64=$P$4,1, IF(C64=0,0, IF(C64=$O$6,0, SUM(C64+1))))) -> 0 | D65: =IF(C65<>0,B65,0) -> 0 | E65: {=IF(C65=0,0, IF(Situation!$B$152=0,0, IF(OR(C65=12,C65=24,C65=36,C65=48,C65=60,C65=72),$E$1, IF(AND(C65>=1,C65<=SUM($M$7*12)),0, IF(AND(I65<=$M$7,TEXT(D65,"aaaa")=TEXT($P$6,"aaaa")),0, IF($M$7=0,SUM((Situation!$B$71:$B$85=MONTH(1&"/"&TEXT(D65,"mmmm")))*(Situation!$C$71:$C$85)), IF(TEXT(D65,"aaaa")=TEXT($P$6,"aaaa"),SUM((Situation!$B$71:$B$85=MONTH(1&"/"&TEXT(D65,"mmmm")))*(Situation!$C$71:$C$85)), 0)))))))} -> 0 | F65: =IF($D$1=0,0, IF(D65=$P$6,$F$1, 0)) -> 0 | G65: {=IFERROR(IF(B65=$P$4,$K$1, IF(B65=EDATE($B$1,84),0, IF(COUNTIF($N$9:$N$20,B65),LOOKUP(2,1/($N$9:$N$20=B65),$Q$9:$Q$21)*-1, IF(C65<>0,$G$1,0)))),0)} -> 0 | H65: =IF(L64<SUM(E65+G65),L64,SUM(E65+G65)) -> 0 | I65: =IF(B65=$P$4,1, IF(AND(C65>=1,C65<=12),2, IF(AND(C65>=13,C65<=24),3, IF(AND(C65>=25,C65<=36),4, IF(AND(C65>=37,C65<=48),5, IF(AND(C65>=49,C65<=60),6, IF(AND(C65>=61,C65<=72),7, IF(AND(C65>=73,C65<=84),8, 0)))))))) -> 0 | J65: =IF(K65<>"",CONCATENATE("Annuité ",COUNT($K$3:K65)),"") | K65: =IF(B65=$P$4,$K$1, IF(C65=0,"", IF(AND(OR(C65=12,C65=24,C65=36,C65=48,C65=60,C65=72),$M$7<1),$O$8, IF(OR(C65=12,C65=24,C65=36,C65=48,C65=60,C65=72),$O$7, IF(B65=$P$6,$O$8,""))))) | L65: =SUM(L64-H65) -> 0
A66: 64 | B66: =EDATE($B$1,A66) -> 45493 | C66: =IF(B66=$P$4,0, IF(B65=$P$4,1, IF(C65=0,0, IF(C65=$O$6,0, SUM(C65+1))))) -> 0 | D66: =IF(C66<>0,B66,0) -> 0 | E66: {=IF(C66=0,0, IF(Situation!$B$152=0,0, IF(OR(C66=12,C66=24,C66=36,C66=48,C66=60,C66=72),$E$1, IF(AND(C66>=1,C66<=SUM($M$7*12)),0, IF(AND(I66<=$M$7,TEXT(D66,"aaaa")=TEXT($P$6,"aaaa")),0, IF($M$7=0,SUM((Situation!$B$71:$B$85=MONTH(1&"/"&TEXT(D66,"mmmm")))*(Situation!$C$71:$C$85)), IF(TEXT(D66,"aaaa")=TEXT($P$6,"aaaa"),SUM((Situation!$B$71:$B$85=MONTH(1&"/"&TEXT(D66,"mmmm")))*(Situation!$C$71:$C$85)), 0)))))))} -> 0 | F66: =IF($D$1=0,0, IF(D66=$P$6,$F$1, 0)) -> 0 | G66: {=IFERROR(IF(B66=$P$4,$K$1, IF(B66=EDATE($B$1,84),0, IF(COUNTIF($N$9:$N$20,B66),LOOKUP(2,1/($N$9:$N$20=B66),$Q$9:$Q$21)*-1, IF(C66<>0,$G$1,0)))),0)} -> 0 | H66: =IF(L65<SUM(E66+G66),L65,SUM(E66+G66)) -> 0 | I66: =IF(B66=$P$4,1, IF(AND(C66>=1,C66<=12),2, IF(AND(C66>=13,C66<=24),3, IF(AND(C66>=25,C66<=36),4, IF(AND(C66>=37,C66<=48),5, IF(AND(C66>=49,C66<=60),6, IF(AND(C66>=61,C66<=72),7, IF(AND(C66>=73,C66<=84),8, 0)))))))) -> 0 | J66: =IF(K66<>"",CONCATENATE("Annuité ",COUNT($K$3:K66)),"") | K66: =IF(B66=$P$4,$K$1, IF(C66=0,"", IF(AND(OR(C66=12,C66=24,C66=36,C66=48,C66=60,C66=72),$M$7<1),$O$8, IF(OR(C66=12,C66=24,C66=36,C66=48,C66=60,C66=72),$O$7, IF(B66=$P$6,$O$8,""))))) | L66: =SUM(L65-H66) -> 0
A67: 65 | B67: =EDATE($B$1,A67) -> 45524 | C67: =IF(B67=$P$4,0, IF(B66=$P$4,1, IF(C66=0,0, IF(C66=$O$6,0, SUM(C66+1))))) -> 0 | D67: =IF(C67<>0,B67,0) -> 0 | E67: {=IF(C67=0,0, IF(Situation!$B$152=0,0, IF(OR(C67=12,C67=24,C67=36,C67=48,C67=60,C67=72),$E$1, IF(AND(C67>=1,C67<=SUM($M$7*12)),0, IF(AND(I67<=$M$7,TEXT(D67,"aaaa")=TEXT($P$6,"aaaa")),0, IF($M$7=0,SUM((Situation!$B$71:$B$85=MONTH(1&"/"&TEXT(D67,"mmmm")))*(Situation!$C$71:$C$85)), IF(TEXT(D67,"aaaa")=TEXT($P$6,"aaaa"),SUM((Situation!$B$71:$B$85=MONTH(1&"/"&TEXT(D67,"mmmm")))*(Situation!$C$71:$C$85)), 0)))))))} -> 0 | F67: =IF($D$1=0,0, IF(D67=$P$6,$F$1, 0)) -> 0 | G67: {=IFERROR(IF(B67=$P$4,$K$1, IF(B67=EDATE($B$1,84),0, IF(COUNTIF($N$9:$N$20,B67),LOOKUP(2,1/($N$9:$N$20=B67),$Q$9:$Q$21)*-1, IF(C67<>0,$G$1,0)))),0)} -> 0 | H67: =IF(L66<SUM(E67+G67),L66,SUM(E67+G67)) -> 0 | I67: =IF(B67=$P$4,1, IF(AND(C67>=1,C67<=12),2, IF(AND(C67>=13,C67<=24),3, IF(AND(C67>=25,C67<=36),4, IF(AND(C67>=37,C67<=48),5, IF(AND(C67>=49,C67<=60),6, IF(AND(C67>=61,C67<=72),7, IF(AND(C67>=73,C67<=84),8, 0)))))))) -> 0 | J67: =IF(K67<>"",CONCATENATE("Annuité ",COUNT($K$3:K67)),"") | K67: =IF(B67=$P$4,$K$1, IF(C67=0,"", IF(AND(OR(C67=12,C67=24,C67=36,C67=48,C67=60,C67=72),$M$7<1),$O$8, IF(OR(C67=12,C67=24,C67=36,C67=48,C67=60,C67=72),$O$7, IF(B67=$P$6,$O$8,""))))) | L67: =SUM(L66-H67) -> 0
A68: 66 | B68: =EDATE($B$1,A68) -> 45555 | C68: =IF(B68=$P$4,0, IF(B67=$P$4,1, IF(C67=0,0, IF(C67=$O$6,0, SUM(C67+1))))) -> 0 | D68: =IF(C68<>0,B68,0) -> 0 | E68: {=IF(C68=0,0, IF(Situation!$B$152=0,0, IF(OR(C68=12,C68=24,C68=36,C68=48,C68=60,C68=72),$E$1, IF(AND(C68>=1,C68<=SUM($M$7*12)),0, IF(AND(I68<=$M$7,TEXT(D68,"aaaa")=TEXT($P$6,"aaaa")),0, IF($M$7=0,SUM((Situation!$B$71:$B$85=MONTH(1&"/"&TEXT(D68,"mmmm")))*(Situation!$C$71:$C$85)), IF(TEXT(D68,"aaaa")=TEXT($P$6,"aaaa"),SUM((Situation!$B$71:$B$85=MONTH(1&"/"&TEXT(D68,"mmmm")))*(Situation!$C$71:$C$85)), 0)))))))} -> 0 | F68: =IF($D$1=0,0, IF(D68=$P$6,$F$1, 0)) -> 0 | G68: {=IFERROR(IF(B68=$P$4,$K$1, IF(B68=EDATE($B$1,84),0, IF(COUNTIF($N$9:$N$20,B68),LOOKUP(2,1/($N$9:$N$20=B68),$Q$9:$Q$21)*-1, IF(C68<>0,$G$1,0)))),0)} -> 0 | H68: =IF(L67<SUM(E68+G68),L67,SUM(E68+G68)) -> 0 | I68: =IF(B68=$P$4,1, IF(AND(C68>=1,C68<=12),2, IF(AND(C68>=13,C68<=24),3, IF(AND(C68>=25,C68<=36),4, IF(AND(C68>=37,C68<=48),5, IF(AND(C68>=49,C68<=60),6, IF(AND(C68>=61,C68<=72),7, IF(AND(C68>=73,C68<=84),8, 0)))))))) -> 0 | J68: =IF(K68<>"",CONCATENATE("Annuité ",COUNT($K$3:K68)),"") | K68: =IF(B68=$P$4,$K$1, IF(C68=0,"", IF(AND(OR(C68=12,C68=24,C68=36,C68=48,C68=60,C68=72),$M$7<1),$O$8, IF(OR(C68=12,C68=24,C68=36,C68=48,C68=60,C68=72),$O$7, IF(B68=$P$6,$O$8,""))))) | L68: =SUM(L67-H68) -> 0
A69: 67 | B69: =EDATE($B$1,A69) -> 45585 | C69: =IF(B69=$P$4,0, IF(B68=$P$4,1, IF(C68=0,0, IF(C68=$O$6,0, SUM(C68+1))))) -> 0 | D69: =IF(C69<>0,B69,0) -> 0 | E69: {=IF(C69=0,0, IF(Situation!$B$152=0,0, IF(OR(C69=12,C69=24,C69=36,C69=48,C69=60,C69=72),$E$1, IF(AND(C69>=1,C69<=SUM($M$7*12)),0, IF(AND(I69<=$M$7,TEXT(D69,"aaaa")=TEXT($P$6,"aaaa")),0, IF($M$7=0,SUM((Situation!$B$71:$B$85=MONTH(1&"/"&TEXT(D69,"mmmm")))*(Situation!$C$71:$C$85)), IF(TEXT(D69,"aaaa")=TEXT($P$6,"aaaa"),SUM((Situation!$B$71:$B$85=MONTH(1&"/"&TEXT(D69,"mmmm")))*(Situation!$C$71:$C$85)), 0)))))))} -> 0 | F69: =IF($D$1=0,0, IF(D69=$P$6,$F$1, 0)) -> 0 | G69: {=IFERROR(IF(B69=$P$4,$K$1, IF(B69=EDATE($B$1,84),0, IF(COUNTIF($N$9:$N$20,B69),LOOKUP(2,1/($N$9:$N$20=B69),$Q$9:$Q$21)*-1, IF(C69<>0,$G$1,0)))),0)} -> 0 | H69: =IF(L68<SUM(E69+G69),L68,SUM(E69+G69)) -> 0 | I69: =IF(B69=$P$4,1, IF(AND(C69>=1,C69<=12),2, IF(AND(C69>=13,C69<=24),3, IF(AND(C69>=25,C69<=36),4, IF(AND(C69>=37,C69<=48),5, IF(AND(C69>=49,C69<=60),6, IF(AND(C69>=61,C69<=72),7, IF(AND(C69>=73,C69<=84),8, 0)))))))) -> 0 | J69: =IF(K69<>"",CONCATENATE("Annuité ",COUNT($K$3:K69)),"") | K69: =IF(B69=$P$4,$K$1, IF(C69=0,"", IF(AND(OR(C69=12,C69=24,C69=36,C69=48,C69=60,C69=72),$M$7<1),$O$8, IF(OR(C69=12,C69=24,C69=36,C69=48,C69=60,C69=72),$O$7, IF(B69=$P$6,$O$8,""))))) | L69: =SUM(L68-H69) -> 0
A70: 68 | B70: =EDATE($B$1,A70) -> 45616 | C70: =IF(B70=$P$4,0, IF(B69=$P$4,1, IF(C69=0,0, IF(C69=$O$6,0, SUM(C69+1))))) -> 0 | D70: =IF(C70<>0,B70,0) -> 0 | E70: {=IF(C70=0,0, IF(Situation!$B$152=0,0, IF(OR(C70=12,C70=24,C70=36,C70=48,C70=60,C70=72),$E$1, IF(AND(C70>=1,C70<=SUM($M$7*12)),0, IF(AND(I70<=$M$7,TEXT(D70,"aaaa")=TEXT($P$6,"aaaa")),0, IF($M$7=0,SUM((Situation!$B$71:$B$85=MONTH(1&"/"&TEXT(D70,"mmmm")))*(Situation!$C$71:$C$85)), IF(TEXT(D70,"aaaa")=TEXT($P$6,"aaaa"),SUM((Situation!$B$71:$B$85=MONTH(1&"/"&TEXT(D70,"mmmm")))*(Situation!$C$71:$C$85)), 0)))))))} -> 0 | F70: =IF($D$1=0,0, IF(D70=$P$6,$F$1, 0)) -> 0 | G70: {=IFERROR(IF(B70=$P$4,$K$1, IF(B70=EDATE($B$1,84),0, IF(COUNTIF($N$9:$N$20,B70),LOOKUP(2,1/($N$9:$N$20=B70),$Q$9:$Q$21)*-1, IF(C70<>0,$G$1,0)))),0)} -> 0 | H70: =IF(L69<SUM(E70+G70),L69,SUM(E70+G70)) -> 0 | I70: =IF(B70=$P$4,1, IF(AND(C70>=1,C70<=12),2, IF(AND(C70>=13,C70<=24),3, IF(AND(C70>=25,C70<=36),4, IF(AND(C70>=37,C70<=48),5, IF(AND(C70>=49,C70<=60),6, IF(AND(C70>=61,C70<=72),7, IF(AND(C70>=73,C70<=84),8, 0)))))))) -> 0 | J70: =IF(K70<>"",CONCATENATE("Annuité ",COUNT($K$3:K70)),"") | K70: =IF(B70=$P$4,$K$1, IF(C70=0,"", IF(AND(OR(C70=12,C70=24,C70=36,C70=48,C70=60,C70=72),$M$7<1),$O$8, IF(OR(C70=12,C70=24,C70=36,C70=48,C70=60,C70=72),$O$7, IF(B70=$P$6,$O$8,""))))) | L70: =SUM(L69-H70) -> 0
A71: 69 | B71: =EDATE($B$1,A71) -> 45646 | C71: =IF(B71=$P$4,0, IF(B70=$P$4,1, IF(C70=0,0, IF(C70=$O$6,0, SUM(C70+1))))) -> 0 | D71: =IF(C71<>0,B71,0) -> 0 | E71: {=IF(C71=0,0, IF(Situation!$B$152=0,0, IF(OR(C71=12,C71=24,C71=36,C71=48,C71=60,C71=72),$E$1, IF(AND(C71>=1,C71<=SUM($M$7*12)),0, IF(AND(I71<=$M$7,TEXT(D71,"aaaa")=TEXT($P$6,"aaaa")),0, IF($M$7=0,SUM((Situation!$B$71:$B$85=MONTH(1&"/"&TEXT(D71,"mmmm")))*(Situation!$C$71:$C$85)), IF(TEXT(D71,"aaaa")=TEXT($P$6,"aaaa"),SUM((Situation!$B$71:$B$85=MONTH(1&"/"&TEXT(D71,"mmmm")))*(Situation!$C$71:$C$85)), 0)))))))} -> 0 | F71: =IF($D$1=0,0, IF(D71=$P$6,$F$1, 0)) -> 0 | G71: {=IFERROR(IF(B71=$P$4,$K$1, IF(B71=EDATE($B$1,84),0, IF(COUNTIF($N$9:$N$20,B71),LOOKUP(2,1/($N$9:$N$20=B71),$Q$9:$Q$21)*-1, IF(C71<>0,$G$1,0)))),0)} -> 0 | H71: =IF(L70<SUM(E71+G71),L70,SUM(E71+G71)) -> 0 | I71: =IF(B71=$P$4,1, IF(AND(C71>=1,C71<=12),2, IF(AND(C71>=13,C71<=24),3, IF(AND(C71>=25,C71<=36),4, IF(AND(C71>=37,C71<=48),5, IF(AND(C71>=49,C71<=60),6, IF(AND(C71>=61,C71<=72),7, IF(AND(C71>=73,C71<=84),8, 0)))))))) -> 0 | J71: =IF(K71<>"",CONCATENATE("Annuité ",COUNT($K$3:K71)),"") | K71: =IF(B71=$P$4,$K$1, IF(C71=0,"", IF(AND(OR(C71=12,C71=24,C71=36,C71=48,C71=60,C71=72),$M$7<1),$O$8, IF(OR(C71=12,C71=24,C71=36,C71=48,C71=60,C71=72),$O$7, IF(B71=$P$6,$O$8,""))))) | L71: =SUM(L70-H71) -> 0
A72: 70 | B72: =EDATE($B$1,A72) -> 45677 | C72: =IF(B72=$P$4,0, IF(B71=$P$4,1, IF(C71=0,0, IF(C71=$O$6,0, SUM(C71+1))))) -> 0 | D72: =IF(C72<>0,B72,0) -> 0 | E72: {=IF(C72=0,0, IF(Situation!$B$152=0,0, IF(OR(C72=12,C72=24,C72=36,C72=48,C72=60,C72=72),$E$1, IF(AND(C72>=1,C72<=SUM($M$7*12)),0, IF(AND(I72<=$M$7,TEXT(D72,"aaaa")=TEXT($P$6,"aaaa")),0, IF($M$7=0,SUM((Situation!$B$71:$B$85=MONTH(1&"/"&TEXT(D72,"mmmm")))*(Situation!$C$71:$C$85)), IF(TEXT(D72,"aaaa")=TEXT($P$6,"aaaa"),SUM((Situation!$B$71:$B$85=MONTH(1&"/"&TEXT(D72,"mmmm")))*(Situation!$C$71:$C$85)), 0)))))))} -> 0 | F72: =IF($D$1=0,0, IF(D72=$P$6,$F$1, 0)) -> 0 | G72: {=IFERROR(IF(B72=$P$4,$K$1, IF(B72=EDATE($B$1,84),0, IF(COUNTIF($N$9:$N$20,B72),LOOKUP(2,1/($N$9:$N$20=B72),$Q$9:$Q$21)*-1, IF(C72<>0,$G$1,0)))),0)} -> 0 | H72: =IF(L71<SUM(E72+G72),L71,SUM(E72+G72)) -> 0 | I72: =IF(B72=$P$4,1, IF(AND(C72>=1,C72<=12),2, IF(AND(C72>=13,C72<=24),3, IF(AND(C72>=25,C72<=36),4, IF(AND(C72>=37,C72<=48),5, IF(AND(C72>=49,C72<=60),6, IF(AND(C72>=61,C72<=72),7, IF(AND(C72>=73,C72<=84),8, 0)))))))) -> 0 | J72: =IF(K72<>"",CONCATENATE("Annuité ",COUNT($K$3:K72)),"") | K72: =IF(B72=$P$4,$K$1, IF(C72=0,"", IF(AND(OR(C72=12,C72=24,C72=36,C72=48,C72=60,C72=72),$M$7<1),$O$8, IF(OR(C72=12,C72=24,C72=36,C72=48,C72=60,C72=72),$O$7, IF(B72=$P$6,$O$8,""))))) | L72: =SUM(L71-H72) -> 0
... A86: 84 | B86: =EDATE($B$1,A86) -> 46101 | C86: =IF(B86=$P$4,0, IF(B85=$P$4,1, IF(C85=0,0, IF(C85=$O$6,0, SUM(C85+1))))) -> 0 | D86: =IF(C86<>0,B86,0) -> 0 | E86: {=IF(C86=0,0, IF(Situation!$B$152=0,0, IF(OR(C86=12,C86=24,C86=36,C86=48,C86=60,C86=72),$E$1, IF(AND(C86>=1,C86<=SUM($M$7*12)),0, IF(AND(I86<=$M$7,TEXT(D86,"aaaa")=TEXT($P$6,"aaaa")),0, IF($M$7=0,SUM((Situation!$B$71:$B$85=MONTH(1&"/"&TEXT(D86,"mmmm")))*(Situation!$C$71:$C$85)), IF(TEXT(D86,"aaaa")=TEXT($P$6,"aaaa"),SUM((Situation!$B$71:$B$85=MONTH(1&"/"&TEXT(D86,"mmmm")))*(Situation!$C$71:$C$85)), 0)))))))} -> 0 | F86: =IF($D$1=0,0, IF(D86=$P$6,$F$1, 0)) -> 0 | G86: {=IFERROR(IF(B86=$P$4,$K$1, IF(B86=EDATE($B$1,84),0, IF(COUNTIF($N$9:$N$20,B86),LOOKUP(2,1/($N$9:$N$20=B86),$Q$9:$Q$21)*-1, IF(C86<>0,$G$1,0)))),0)} -> 0 | H86: =IF(L85<SUM(E86+G86),L85,SUM(E86+G86)) -> 0 | I86: =IF(B86=$P$4,1, IF(AND(C86>=1,C86<=12),2, IF(AND(C86>=13,C86<=24),3, IF(AND(C86>=25,C86<=36),4, IF(AND(C86>=37,C86<=48),5, IF(AND(C86>=49,C86<=60),6, IF(AND(C86>=61,C86<=72),7, IF(AND(C86>=73,C86<=84),8, 0)))))))) -> 0 | J86: =IF(K86<>"",CONCATENATE("Annuité ",COUNT($K$3:K86)),"") | K86: =IF(B86=$P$4,$K$1, IF(C86=0,"", IF(AND(OR(C86=12,C86=24,C86=36,C86=48,C86=60,C86=72),$M$7<1),$O$8, IF(OR(C86=12,C86=24,C86=36,C86=48,C86=60,C86=72),$O$7, IF(B86=$P$6,$O$8,""))))) | L86: =SUM(L85-H86) -> 0
A87: TOTAL : | H87: =SUM(H4:H86) -> 39874.62 | J87: =SUM(H87/L1)*100 -> 100 | K87: =SUM(K3:K86) -> 39874.62

Sheet Tableau de répartion actuel
B1: =Situation!B9 -> 43544 | D1: =Situation!G159 -> 0 | E1: =Situation!C152 -> 0 | F1: =Situation!E130 -> 300 | G1: =Situation!C145 -> 0 | K1: =Situation!G165 -> 0 | L1: =Situation!H170 -> 0
A2: Nbre de mois | B2: Date d'admissibilité | C2: Nombre de mois | D2: Date de plan | E2: Revenus annuel | F2: EFH | G2: Disponible | H2: Total | I2: N° | J2: Annuité | K2: Montant annuité | L2: Solde restant dû | N2: Nombre de mois restant | O2: =IF(D1=0,0,DATEDIF(D1,EDATE(B1,85),"m")) -> 0 | P2: =EDATE(B1,84) -> 46101
A3: 1 | B3: =EDATE($B$1,A3) -> 43575 | C3: =IF(B3<$D$1,0, IF(AND(MONTH(B3)&YEAR(B3)=MONTH($D$1)&YEAR($D$1),DAY($D$1)),1,0)) -> 0 | D3: =IF(C3<>0,B3,0) -> 0 | E3: =IF(C3=0,0, IF(Situation!$C$153=0,0, IF(MOD(C3,12)<>0,0,$E$1))) -> 0 | F3: =IF($D$1=0,0, IF(D3=$P$6,$F$1, 0)) -> 0 | G3: {=IFERROR(IF(B3=$P$4,$K$1, IF(B3=EDATE($B$1,84),0, IF(COUNTIF($N$9:$N$20,B3),LOOKUP(2,1/($N$9:$N$20=B3),$Q$9:$Q$21)*-1, IF(C3<>0,$G$1,0)))),0)} -> 0 | H3: =SUM(E3+G3) -> 0 | I3: =IF(B3=$P$4,1, IF(AND(C3>=1,C3<=12),2, IF(AND(C3>=13,C3<=24),3, IF(AND(C3>=25,C3<=36),4, IF(AND(C3>=37,C3<=48),5, IF(AND(C3>=49,C3<=60),6, IF(AND(C3>=61,C3<=72),7, IF(AND(C3>=73,C3<=84),8, 0)))))))) -> 0 | J3: =IF(K3<>"",CONCATENATE("Annuité ",COUNT($K$3:K3)),"") | K3: =IF(B3=$P$4,$K$1, IF(C3=0,"", IF(AND(OR(C3=12,C3=24,C3=36,C3=48,C3=60,C3=72),$M$7<1),$O$8, IF(OR(C3=12,C3=24,C3=36,C3=48,C3=60,C3=72),$O$7, IF(B3=$P$6,$O$8,""))))) | L3: =IFERROR(SUM(L1-H3),0) -> 0 | N3: Passif | O3: =L1 -> 0
A4: 2 | B4: =EDATE($B$1,A4) -> 43605 | C4: =IF(B4=$P$4,0, IF(B3=$P$4,1, IF(C3=0,0, IF(C3=$O$6,0, SUM(C3+1))))) -> 0 | D4: =IF(C4<>0,B4,0) -> 0 | E4: {=IF(C4=0,0, IF(Situation!$C$153=0,0, IF(OR(C4=12,C4=24,C4=36,C4=48,C4=60,C4=72),$E$1, IF(AND(C4>=1,C4<=SUM($M$7*12)),0, IF(AND(I4<=$M$7,TEXT(D4,"aaaa")=TEXT($P$6,"aaaa")),0, IF(M7=0,SUM((Situation!$D$71:$D$85=MONTH(1&"/"&TEXT(D4,"mmmm")))*(Situation!$E$71:$E$85)), IF(TEXT(D4,"aaaa")=TEXT($P$6,"aaaa"),SUM((Situation!$D$71:$D$85=MONTH(1&"/"&TEXT(D4,"mmmm")))*(Situation!$E$71:$E$85)), 0)))))))} -> 0 | F4: =IF($D$1=0,0, IF(D4=$P$6,$F$1, 0)) -> 0 | G4: {=IFERROR(IF(B4=$P$4,$K$1, IF(B4=EDATE($B$1,84),0, IF(COUNTIF($N$9:$N$20,B4),LOOKUP(2,1/($N$9:$N$20=B4),$Q$9:$Q$21)*-1, IF(C4<>0,$G$1,0)))),0)} -> 0 | H4: =IF(L3<SUM(E4+G4),L3,SUM(E4+G4)) -> 0 | I4: =IF(B4=$P$4,1, IF(AND(C4>=1,C4<=12),2, IF(AND(C4>=13,C4<=24),3, IF(AND(C4>=25,C4<=36),4, IF(AND(C4>=37,C4<=48),5, IF(AND(C4>=49,C4<=60),6, IF(AND(C4>=61,C4<=72),7, IF(AND(C4>=73,C4<=84),8, 0)))))))) -> 0 | J4: =IF(K4<>"",CONCATENATE("Annuité ",COUNT($K$3:K4)),"") | K4: =IF(B4=$P$4,$K$1, IF(C4=0,"", IF(AND(OR(C4=12,C4=24,C4=36,C4=48,C4=60,C4=72),$M$7<1),$O$8, IF(OR(C4=12,C4=24,C4=36,C4=48,C4=60,C4=72),$O$7, IF(B4=$P$6,$O$8,""))))) | L4: =SUM(L3-H4) -> 0 | N4: Annuité | O4: =-K1 -> 0 | P4: =IFERROR(EDATE(B1,SUM(DATEDIF(B1,D1,"m"))-1),0) -> 0
A5: 3 | B5: =EDATE($B$1,A5) -> 43636 | C5: =IF(B5=$P$4,0, IF(B4=$P$4,1, IF(C4=0,0, IF(C4=$O$6,0, SUM(C4+1))))) -> 0 | D5: =IF(C5<>0,B5,0) -> 0 | E5: {=IF(C5=0,0, IF(Situation!$C$153=0,0, IF(OR(C5=12,C5=24,C5=36,C5=48,C5=60,C5=72),$E$1, IF(AND(C5>=1,C5<=SUM($M$7*12)),0, IF(AND(I5<=$M$7,TEXT(D5,"aaaa")=TEXT($P$6,"aaaa")),0, IF(M8=0,SUM((Situation!$D$71:$D$85=MONTH(1&"/"&TEXT(D5,"mmmm")))*(Situation!$E$71:$E$85)), IF(TEXT(D5,"aaaa")=TEXT($P$6,"aaaa"),SUM((Situation!$D$71:$D$85=MONTH(1&"/"&TEXT(D5,"mmmm")))*(Situation!$E$71:$E$85)), 0)))))))} -> 0 | F5: =IF($D$1=0,0, IF(D5=$P$6,$F$1, 0)) -> 0 | G5: {=IFERROR(IF(B5=$P$4,$K$1, IF(B5=EDATE($B$1,84),0, IF(COUNTIF($N$9:$N$20,B5),LOOKUP(2,1/($N$9:$N$20=B5),$Q$9:$Q$21)*-1, IF(C5<>0,$G$1,0)))),0)} -> 0 | H5: =IF(L4<SUM(E5+G5),L4,SUM(E5+G5)) -> 0 | I5: =IF(B5=$P$4,1, IF(AND(C5>=1,C5<=12),2, IF(AND(C5>=13,C5<=24),3, IF(AND(C5>=25,C5<=36),4, IF(AND(C5>=37,C5<=48),5, IF(AND(C5>=49,C5<=60),6, IF(AND(C5>=61,C5<=72),7, IF(AND(C5>=73,C5<=84),8, 0)))))))) -> 0 | J5: =IF(K5<>"",CONCATENATE("Annuité ",COUNT($K$3:K5)),"") | K5: =IF(B5=$P$4,$K$1, IF(C5=0,"", IF(AND(OR(C5=12,C5=24,C5=36,C5=48,C5=60,C5=72),$M$7<1),$O$8, IF(OR(C5=12,C5=24,C5=36,C5=48,C5=60,C5=72),$O$7, IF(B5=$P$6,$O$8,""))))) | L5: =SUM(L4-H5) -> 0 | N5: Solde : | O5: =SUM(O3:O4) -> 0
A6: 4 | B6: =EDATE($B$1,A6) -> 43666 | C6: =IF(B6=$P$4,0, IF(B5=$P$4,1, IF(C5=0,0, IF(C5=$O$6,0, SUM(C5+1))))) -> 0 | D6: =IF(C6<>0,B6,0) -> 0 | E6: {=IF(C6=0,0, IF(Situation!$C$153=0,0, IF(OR(C6=12,C6=24,C6=36,C6=48,C6=60,C6=72),$E$1, IF(AND(C6>=1,C6<=SUM($M$7*12)),0, IF(AND(I6<=$M$7,TEXT(D6,"aaaa")=TEXT($P$6,"aaaa")),0, IF(M9=0,SUM((Situation!$D$71:$D$85=MONTH(1&"/"&TEXT(D6,"mmmm")))*(Situation!$E$71:$E$85)), IF(TEXT(D6,"aaaa")=TEXT($P$6,"aaaa"),SUM((Situation!$D$71:$D$85=MONTH(1&"/"&TEXT(D6,"mmmm")))*(Situation!$E$71:$E$85)), 0)))))))} -> 0 | F6: =IF($D$1=0,0, IF(D6=$P$6,$F$1, 0)) -> 0 | G6: {=IFERROR(IF(B6=$P$4,$K$1, IF(B6=EDATE($B$1,84),0, IF(COUNTIF($N$9:$N$20,B6),LOOKUP(2,1/($N$9:$N$20=B6),$Q$9:$Q$21)*-1, IF(C6<>0,$G$1,0)))),0)} -> 0 | H6: =IF(L5<SUM(E6+G6),L5,SUM(E6+G6)) -> 0 | I6: =IF(B6=$P$4,1, IF(AND(C6>=1,C6<=12),2, IF(AND(C6>=13,C6<=24),3, IF(AND(C6>=25,C6<=36),4, IF(AND(C6>=37,C6<=48),5, IF(AND(C6>=49,C6<=60),6, IF(AND(C6>=61,C6<=72),7, IF(AND(C6>=73,C6<=84),8, 0)))))))) -> 0 | J6: =IF(K6<>"",CONCATENATE("Annuité ",COUNT($K$3:K6)),"") | K6: =IF(B6=$P$4,$K$1, IF(C6=0,"", IF(AND(OR(C6=12,C6=24,C6=36,C6=48,C6=60,C6=72),$M$7<1),$O$8, IF(OR(C6=12,C6=24,C6=36,C6=48,C6=60,C6=72),$O$7, IF(B6=$P$6,$O$8,""))))) | L6: =SUM(L5-H6) -> 0 | N6: Nb de mois | O6: =IF(SUM(SUM(M7*12)+M8)>O2,O2,SUM(SUM(M7*12)+M8)) -> 0 | P6: {=IFERROR(LOOKUP(2,1/($Q$9:$Q$20<>0),$N$9:$N$20),0)} -> 0 | Q6: {=IFERROR(LOOKUP(2,1/($H$3:$H$86<>0),$A$3:$A$86),0)} -> 0
A7: 5 | B7: =EDATE($B$1,A7) -> 43697 | C7: =IF(B7=$P$4,0, IF(B6=$P$4,1, IF(C6=0,0, IF(C6=$O$6,0, SUM(C6+1))))) -> 0 | D7: =IF(C7<>0,B7,0) -> 0 | E7: {=IF(C7=0,0, IF(Situation!$C$153=0,0, IF(OR(C7=12,C7=24,C7=36,C7=48,C7=60,C7=72),$E$1, IF(AND(C7>=1,C7<=SUM($M$7*12)),0, IF(AND(I7<=$M$7,TEXT(D7,"aaaa")=TEXT($P$6,"aaaa")),0, IF(M10=0,SUM((Situation!$D$71:$D$85=MONTH(1&"/"&TEXT(D7,"mmmm")))*(Situation!$E$71:$E$85)), IF(TEXT(D7,"aaaa")=TEXT($P$6,"aaaa"),SUM((Situation!$D$71:$D$85=MONTH(1&"/"&TEXT(D7,"mmmm")))*(Situation!$E$71:$E$85)), 0)))))))} -> 0 | F7: =IF($D$1=0,0, IF(D7=$P$6,$F$1, 0)) -> 0 | G7: {=IFERROR(IF(B7=$P$4,$K$1, IF(B7=EDATE($B$1,84),0, IF(COUNTIF($N$9:$N$20,B7),LOOKUP(2,1/($N$9:$N$20=B7),$Q$9:$Q$21)*-1, IF(C7<>0,$G$1,0)))),0)} -> 0 | H7: =IF(L6<SUM(E7+G7),L6,SUM(E7+G7)) -> 0 | I7: =IF(B7=$P$4,1, IF(AND(C7>=1,C7<=12),2, IF(AND(C7>=13,C7<=24),3, IF(AND(C7>=25,C7<=36),4, IF(AND(C7>=37,C7<=48),5, IF(AND(C7>=49,C7<=60),6, IF(AND(C7>=61,C7<=72),7, IF(AND(C7>=73,C7<=84),8, 0)))))))) -> 0 | J7: =IF(K7<>"",CONCATENATE("Annuité ",COUNT($K$3:K7)),"") | K7: =IF(B7=$P$4,$K$1, IF(C7=0,"", IF(AND(OR(C7=12,C7=24,C7=36,C7=48,C7=60,C7=72),$M$7<1),$O$8, IF(OR(C7=12,C7=24,C7=36,C7=48,C7=60,C7=72),$O$7, IF(B7=$P$6,$O$8,""))))) | L7: =SUM(L6-H7) -> 0 | M7: =IFERROR(IF(ROUNDDOWN(SUM(O5/O7),0)>ROUNDDOWN(SUM(O2/12),0),ROUNDDOWN(SUM(O2/12),0),ROUNDDOWN(SUM(O5/O7),0)),0) -> 0 | N7: Annuité | O7: =IF(D1=0,0,SUM(E1+SUM(G1*12))) -> 0
A8: 6 | B8: =EDATE($B$1,A8) -> 43728 | C8: =IF(B8=$P$4,0, IF(B7=$P$4,1, IF(C7=0,0, IF(C7=$O$6,0, SUM(C7+1))))) -> 0 | D8: =IF(C8<>0,B8,0) -> 0 | E8: {=IF(C8=0,0, IF(Situation!$C$153=0,0, IF(OR(C8=12,C8=24,C8=36,C8=48,C8=60,C8=72),$E$1, IF(AND(C8>=1,C8<=SUM($M$7*12)),0, IF(AND(I8<=$M$7,TEXT(D8,"aaaa")=TEXT($P$6,"aaaa")),0, IF(M11=0,SUM((Situation!$D$71:$D$85=MONTH(1&"/"&TEXT(D8,"mmmm")))*(Situation!$E$71:$E$85)), IF(TEXT(D8,"aaaa")=TEXT($P$6,"aaaa"),SUM((Situation!$D$71:$D$85=MONTH(1&"/"&TEXT(D8,"mmmm")))*(Situation!$E$71:$E$85)), 0)))))))} -> 0 | F8: =IF($D$1=0,0, IF(D8=$P$6,$F$1, 0)) -> 0 | G8: {=IFERROR(IF(B8=$P$4,$K$1, IF(B8=EDATE($B$1,84),0, IF(COUNTIF($N$9:$N$20,B8),LOOKUP(2,1/($N$9:$N$20=B8),$Q$9:$Q$21)*-1, IF(C8<>0,$G$1,0)))),0)} -> 0 | H8: =IF(L7<SUM(E8+G8),L7,SUM(E8+G8)) -> 0 | I8: =IF(B8=$P$4,1, IF(AND(C8>=1,C8<=12),2, IF(AND(C8>=13,C8<=24),3, IF(AND(C8>=25,C8<=36),4, IF(AND(C8>=37,C8<=48),5, IF(AND(C8>=49,C8<=60),6, IF(AND(C8>=61,C8<=72),7, IF(AND(C8>=73,C8<=84),8, 0)))))))) -> 0 | J8: =IF(K8<>"",CONCATENATE("Annuité ",COUNT($K$3:K8)),"") | K8: =IF(B8=$P$4,$K$1, IF(C8=0,"", IF(AND(OR(C8=12,C8=24,C8=36,C8=48,C8=60,C8=72),$M$7<1),$O$8, IF(OR(C8=12,C8=24,C8=36,C8=48,C8=60,C8=72),$O$7, IF(B8=$P$6,$O$8,""))))) | L8: =SUM(L7-H8) -> 0 | M8: {=IFERROR(LOOKUP(2,1/($Q$9:$Q$20<>0),$M$9:$M$20),0)} -> 0 | N8: Mois : Dernière annuité | O8: =SUM(Q9:Q20)*-1 -> 0 | P8: =IFERROR(EDATE(P4,SUM(M7*12)-1),0) -> 0 | Q8: =SUM(O5-SUM(O7*M7)) -> 0
A9: 7 | B9: =EDATE($B$1,A9) -> 43758 | C9: =IF(B9=$P$4,0, IF(B8=$P$4,1, IF(C8=0,0, IF(C8=$O$6,0, SUM(C8+1))))) -> 0 | D9: =IF(C9<>0,B9,0) -> 0 | E9: {=IF(C9=0,0, IF(Situation!$C$153=0,0, IF(OR(C9=12,C9=24,C9=36,C9=48,C9=60,C9=72),$E$1, IF(AND(C9>=1,C9<=SUM($M$7*12)),0, IF(AND(I9<=$M$7,TEXT(D9,"aaaa")=TEXT($P$6,"aaaa")),0, IF(M12=0,SUM((Situation!$D$71:$D$85=MONTH(1&"/"&TEXT(D9,"mmmm")))*(Situation!$E$71:$E$85)), IF(TEXT(D9,"aaaa")=TEXT($P$6,"aaaa"),SUM((Situation!$D$71:$D$85=MONTH(1&"/"&TEXT(D9,"mmmm")))*(Situation!$E$71:$E$85)), 0)))))))} -> 0 | F9: =IF($D$1=0,0, IF(D9=$P$6,$F$1, 0)) -> 0 | G9: {=IFERROR(IF(B9=$P$4,$K$1, IF(B9=EDATE($B$1,84),0, IF(COUNTIF($N$9:$N$20,B9),LOOKUP(2,1/($N$9:$N$20=B9),$Q$9:$Q$21)*-1, IF(C9<>0,$G$1,0)))),0)} -> 0 | H9: =IF(L8<SUM(E9+G9),L8,SUM(E9+G9)) -> 0 | I9: =IF(B9=$P$4,1, IF(AND(C9>=1,C9<=12),2, IF(AND(C9>=13,C9<=24),3, IF(AND(C9>=25,C9<=36),4, IF(AND(C9>=37,C9<=48),5, IF(AND(C9>=49,C9<=60),6, IF(AND(C9>=61,C9<=72),7, IF(AND(C9>=73,C9<=84),8, 0)))))))) -> 0 | J9: =IF(K9<>"",CONCATENATE("Annuité ",COUNT($K$3:K9)),"") | K9: =IF(B9=$P$4,$K$1, IF(C9=0,"", IF(AND(OR(C9=12,C9=24,C9=36,C9=48,C9=60,C9=72),$M$7<1),$O$8, IF(OR(C9=12,C9=24,C9=36,C9=48,C9=60,C9=72),$O$7, IF(B9=$P$6,$O$8,""))))) | L9: =SUM(L8-H9) -> 0 | M9: =IF(N9=0,0,1) -> 0 | N9: =IF($Q$8=0,0, IF(P8=P2,0, IF(IF(AND(OR(DAY(B1)=29,DAY(B1)=30,DAY(B1)=31),OR(DAY(P8)=28,DAY(P8)=29)),SUM(P8+DAY(B1)+1))=EDATE($B$1,84),0, IF(EDATE(P8,1)=EDATE($B$1,84),0, EDATE($P$8,1))))) -> 0 | O9: {=IF(N9=0,0, IF(Situation!$C$152=0,0, SUM((Situation!$D$71:$D$85=MONTH(1&"/"&TEXT(N9,"mmmm")))*(Situation!$E$71:$E$85))))} -> 0 | P9: =IF(N9=0,0, IF(AND(SUM($Q$8/$G$1)>11,SUM($Q$8/$G$1)<=12),$G$1, IF(Situation!$C$143=0,SUM($G$1-SUM($F$1/12)),$G$1))) -> 0 | Q9: =IF(N9=0,0, IF(SUM(O9:P9)>Q8,-Q8, -SUM(O9:P9))) -> 0 | R9: =SUM(Q8+Q9) -> 0
A10: 8 | B10: =EDATE($B$1,A10) -> 43789 | C10: =IF(B10=$P$4,0, IF(B9=$P$4,1, IF(C9=0,0, IF(C9=$O$6,0, SUM(C9+1))))) -> 0 | D10: =IF(C10<>0,B10,0) -> 0 | E10: {=IF(C10=0,0, IF(Situation!$C$153=0,0, IF(OR(C10=12,C10=24,C10=36,C10=48,C10=60,C10=72),$E$1, IF(AND(C10>=1,C10<=SUM($M$7*12)),0, IF(AND(I10<=$M$7,TEXT(D10,"aaaa")=TEXT($P$6,"aaaa")),0, IF(M13=0,SUM((Situation!$D$71:$D$85=MONTH(1&"/"&TEXT(D10,"mmmm")))*(Situation!$E$71:$E$85)), IF(TEXT(D10,"aaaa")=TEXT($P$6,"aaaa"),SUM((Situation!$D$71:$D$85=MONTH(1&"/"&TEXT(D10,"mmmm")))*(Situation!$E$71:$E$85)), 0)))))))} -> 0 | F10: =IF($D$1=0,0, IF(D10=$P$6,$F$1, 0)) -> 0 | G10: {=IFERROR(IF(B10=$P$4,$K$1, IF(B10=EDATE($B$1,84),0, IF(COUNTIF($N$9:$N$20,B10),LOOKUP(2,1/($N$9:$N$20=B10),$Q$9:$Q$21)*-1, IF(C10<>0,$G$1,0)))),0)} -> 0 | H10: =IF(L9<SUM(E10+G10),L9,SUM(E10+G10)) -> 0 | I10: =IF(B10=$P$4,1, IF(AND(C10>=1,C10<=12),2, IF(AND(C10>=13,C10<=24),3, IF(AND(C10>=25,C10<=36),4, IF(AND(C10>=37,C10<=48),5, IF(AND(C10>=49,C10<=60),6, IF(AND(C10>=61,C10<=72),7, IF(AND(C10>=73,C10<=84),8, 0)))))))) -> 0 | J10: =IF(K10<>"",CONCATENATE("Annuité ",COUNT($K$3:K10)),"") | K10: =IF(B10=$P$4,$K$1, IF(C10=0,"", IF(AND(OR(C10=12,C10=24,C10=36,C10=48,C10=60,C10=72),$M$7<1),$O$8, IF(OR(C10=12,C10=24,C10=36,C10=48,C10=60,C10=72),$O$7, IF(B10=$P$6,$O$8,""))))) | L10: =SUM(L9-H10) -> 0 | M10: =IF(N10=0,0,SUM(M9+1)) -> 0 | N10: =IF(N9=0,0, IF(R9=0,0, IF(EDATE(N9,1)=EDATE($B$1,84),0, EDATE(N9,1)))) -> 0 | O10: {=IF(N10=0,0, IF(Situation!$C$152=0,0, SUM((Situation!$D$71:$D$85=MONTH(1&"/"&TEXT(N10,"mmmm")))*(Situation!$E$71:$E$85))))} -> 0 | P10: =IF(N10=0,0, IF(AND(SUM($Q$8/$G$1)>11,SUM($Q$8/$G$1)<=12),$G$1, IF(Situation!$C$143=0,SUM($G$1-SUM($F$1/12)),$G$1))) -> 0 | Q10: =IF(N10=0,0, IF(SUM(O10:P10)>R9,-R9,-SUM(O10:P10))) -> 0 | R10: =SUM(R9+Q10) -> 0
A11: 9 | B11: =EDATE($B$1,A11) -> 43819 | C11: =IF(B11=$P$4,0, IF(B10=$P$4,1, IF(C10=0,0, IF(C10=$O$6,0, SUM(C10+1))))) -> 0 | D11: =IF(C11<>0,B11,0) -> 0 | E11: {=IF(C11=0,0, IF(Situation!$C$153=0,0, IF(OR(C11=12,C11=24,C11=36,C11=48,C11=60,C11=72),$E$1, IF(AND(C11>=1,C11<=SUM($M$7*12)),0, IF(AND(I11<=$M$7,TEXT(D11,"aaaa")=TEXT($P$6,"aaaa")),0, IF(M14=0,SUM((Situation!$D$71:$D$85=MONTH(1&"/"&TEXT(D11,"mmmm")))*(Situation!$E$71:$E$85)), IF(TEXT(D11,"aaaa")=TEXT($P$6,"aaaa"),SUM((Situation!$D$71:$D$85=MONTH(1&"/"&TEXT(D11,"mmmm")))*(Situation!$E$71:$E$85)), 0)))))))} -> 0 | F11: =IF($D$1=0,0, IF(D11=$P$6,$F$1, 0)) -> 0 | G11: {=IFERROR(IF(B11=$P$4,$K$1, IF(B11=EDATE($B$1,84),0, IF(COUNTIF($N$9:$N$20,B11),LOOKUP(2,1/($N$9:$N$20=B11),$Q$9:$Q$21)*-1, IF(C11<>0,$G$1,0)))),0)} -> 0 | H11: =IF(L10<SUM(E11+G11),L10,SUM(E11+G11)) -> 0 | I11: =IF(B11=$P$4,1, IF(AND(C11>=1,C11<=12),2, IF(AND(C11>=13,C11<=24),3, IF(AND(C11>=25,C11<=36),4, IF(AND(C11>=37,C11<=48),5, IF(AND(C11>=49,C11<=60),6, IF(AND(C11>=61,C11<=72),7, IF(AND(C11>=73,C11<=84),8, 0)))))))) -> 0 | J11: =IF(K11<>"",CONCATENATE("Annuité ",COUNT($K$3:K11)),"") | K11: =IF(B11=$P$4,$K$1, IF(C11=0,"", IF(AND(OR(C11=12,C11=24,C11=36,C11=48,C11=60,C11=72),$M$7<1),$O$8, IF(OR(C11=12,C11=24,C11=36,C11=48,C11=60,C11=72),$O$7, IF(B11=$P$6,$O$8,""))))) | L11: =SUM(L10-H11) -> 0 | M11: =IF(N11=0,0,SUM(M10+1)) -> 0 | N11: =IF(N10=0,0, IF(R10=0,0, IF(EDATE(N10,1)=EDATE($B$1,84),0, EDATE(N10,1)))) -> 0 | O11: {=IF(N11=0,0, IF(Situation!$C$152=0,0, SUM((Situation!$D$71:$D$85=MONTH(1&"/"&TEXT(N11,"mmmm")))*(Situation!$E$71:$E$85))))} -> 0 | P11: =IF(N11=0,0, IF(AND(SUM($Q$8/$G$1)>11,SUM($Q$8/$G$1)<=12),$G$1, IF(Situation!$C$143=0,SUM($G$1-SUM($F$1/12)),$G$1))) -> 0 | Q11: =IF(N11=0,0, IF(SUM(O11:P11)>R10,-R10,-SUM(O11:P11))) -> 0 | R11: =SUM(R10+Q11) -> 0
A12: 10 | B12: =EDATE($B$1,A12) -> 43850 | C12: =IF(B12=$P$4,0, IF(B11=$P$4,1, IF(C11=0,0, IF(C11=$O$6,0, SUM(C11+1))))) -> 0 | D12: =IF(C12<>0,B12,0) -> 0 | E12: {=IF(C12=0,0, IF(Situation!$C$153=0,0, IF(OR(C12=12,C12=24,C12=36,C12=48,C12=60,C12=72),$E$1, IF(AND(C12>=1,C12<=SUM($M$7*12)),0, IF(AND(I12<=$M$7,TEXT(D12,"aaaa")=TEXT($P$6,"aaaa")),0, IF(M15=0,SUM((Situation!$D$71:$D$85=MONTH(1&"/"&TEXT(D12,"mmmm")))*(Situation!$E$71:$E$85)), IF(TEXT(D12,"aaaa")=TEXT($P$6,"aaaa"),SUM((Situation!$D$71:$D$85=MONTH(1&"/"&TEXT(D12,"mmmm")))*(Situation!$E$71:$E$85)), 0)))))))} -> 0 | F12: =IF($D$1=0,0, IF(D12=$P$6,$F$1, 0)) -> 0 | G12: {=IFERROR(IF(B12=$P$4,$K$1, IF(B12=EDATE($B$1,84),0, IF(COUNTIF($N$9:$N$20,B12),LOOKUP(2,1/($N$9:$N$20=B12),$Q$9:$Q$21)*-1, IF(C12<>0,$G$1,0)))),0)} -> 0 | H12: =IF(L11<SUM(E12+G12),L11,SUM(E12+G12)) -> 0 | I12: =IF(B12=$P$4,1, IF(AND(C12>=1,C12<=12),2, IF(AND(C12>=13,C12<=24),3, IF(AND(C12>=25,C12<=36),4, IF(AND(C12>=37,C12<=48),5, IF(AND(C12>=49,C12<=60),6, IF(AND(C12>=61,C12<=72),7, IF(AND(C12>=73,C12<=84),8, 0)))))))) -> 0 | J12: =IF(K12<>"",CONCATENATE("Annuité ",COUNT($K$3:K12)),"") | K12: =IF(B12=$P$4,$K$1, IF(C12=0,"", IF(AND(OR(C12=12,C12=24,C12=36,C12=48,C12=60,C12=72),$M$7<1),$O$8, IF(OR(C12=12,C12=24,C12=36,C12=48,C12=60,C12=72),$O$7, IF(B12=$P$6,$O$8,""))))) | L12: =SUM(L11-H12) -> 0 | M12: =IF(N12=0,0,SUM(M11+1)) -> 0 | N12: =IF(N11=0,0, IF(R11=0,0, IF(EDATE(N11,1)=EDATE($B$1,84),0, EDATE(N11,1)))) -> 0 | O12: {=IF(N12=0,0, IF(Situation!$C$152=0,0, SUM((Situation!$D$71:$D$85=MONTH(1&"/"&TEXT(N12,"mmmm")))*(Situation!$E$71:$E$85))))} -> 0 | P12: =IF(N12=0,0, IF(AND(SUM($Q$8/$G$1)>11,SUM($Q$8/$G$1)<=12),$G$1, IF(Situation!$C$143=0,SUM($G$1-SUM($F$1/12)),$G$1))) -> 0 | Q12: =IF(N12=0,0, IF(SUM(O12:P12)>R11,-R11,-SUM(O12:P12))) -> 0 | R12: =SUM(R11+Q12) -> 0
A13: 11 | B13: =EDATE($B$1,A13) -> 43881 | C13: =IF(B13=$P$4,0, IF(B12=$P$4,1, IF(C12=0,0, IF(C12=$O$6,0, SUM(C12+1))))) -> 0 | D13: =IF(C13<>0,B13,0) -> 0 | E13: {=IF(C13=0,0, IF(Situation!$C$153=0,0, IF(OR(C13=12,C13=24,C13=36,C13=48,C13=60,C13=72),$E$1, IF(AND(C13>=1,C13<=SUM($M$7*12)),0, IF(AND(I13<=$M$7,TEXT(D13,"aaaa")=TEXT($P$6,"aaaa")),0, IF(M16=0,SUM((Situation!$D$71:$D$85=MONTH(1&"/"&TEXT(D13,"mmmm")))*(Situation!$E$71:$E$85)), IF(TEXT(D13,"aaaa")=TEXT($P$6,"aaaa"),SUM((Situation!$D$71:$D$85=MONTH(1&"/"&TEXT(D13,"mmmm")))*(Situation!$E$71:$E$85)), 0)))))))} -> 0 | F13: =IF($D$1=0,0, IF(D13=$P$6,$F$1, 0)) -> 0 | G13: {=IFERROR(IF(B13=$P$4,$K$1, IF(B13=EDATE($B$1,84),0, IF(COUNTIF($N$9:$N$20,B13),LOOKUP(2,1/($N$9:$N$20=B13),$Q$9:$Q$21)*-1, IF(C13<>0,$G$1,0)))),0)} -> 0 | H13: =IF(L12<SUM(E13+G13),L12,SUM(E13+G13)) -> 0 | I13: =IF(B13=$P$4,1, IF(AND(C13>=1,C13<=12),2, IF(AND(C13>=13,C13<=24),3, IF(AND(C13>=25,C13<=36),4, IF(AND(C13>=37,C13<=48),5, IF(AND(C13>=49,C13<=60),6, IF(AND(C13>=61,C13<=72),7, IF(AND(C13>=73,C13<=84),8, 0)))))))) -> 0 | J13: =IF(K13<>"",CONCATENATE("Annuité ",COUNT($K$3:K13)),"") | K13: =IF(B13=$P$4,$K$1, IF(C13=0,"", IF(AND(OR(C13=12,C13=24,C13=36,C13=48,C13=60,C13=72),$M$7<1),$O$8, IF(OR(C13=12,C13=24,C13=36,C13=48,C13=60,C13=72),$O$7, IF(B13=$P$6,$O$8,""))))) | L13: =SUM(L12-H13) -> 0 | M13: =IF(N13=0,0,SUM(M12+1)) -> 0 | N13: =IF(N12=0,0, IF(R12=0,0, IF(EDATE(N12,1)=EDATE($B$1,84),0, EDATE(N12,1)))) -> 0 | O13: {=IF(N13=0,0, IF(Situation!$C$152=0,0, SUM((Situation!$D$71:$D$85=MONTH(1&"/"&TEXT(N13,"mmmm")))*(Situation!$E$71:$E$85))))} -> 0 | P13: =IF(N13=0,0, IF(AND(SUM($Q$8/$G$1)>11,SUM($Q$8/$G$1)<=12),$G$1, IF(Situation!$C$143=0,SUM($G$1-SUM($F$1/12)),$G$1))) -> 0 | Q13: =IF(N13=0,0, IF(SUM(O13:P13)>R12,-R12,-SUM(O13:P13))) -> 0 | R13: =SUM(R12+Q13) -> 0
A14: 12 | B14: =EDATE($B$1,A14) -> 43910 | C14: =IF(B14=$P$4,0, IF(B13=$P$4,1, IF(C13=0,0, IF(C13=$O$6,0, SUM(C13+1))))) -> 0 | D14: =IF(C14<>0,B14,0) -> 0 | E14: {=IF(C14=0,0, IF(Situation!$C$153=0,0, IF(OR(C14=12,C14=24,C14=36,C14=48,C14=60,C14=72),$E$1, IF(AND(C14>=1,C14<=SUM($M$7*12)),0, IF(AND(I14<=$M$7,TEXT(D14,"aaaa")=TEXT($P$6,"aaaa")),0, IF(M17=0,SUM((Situation!$D$71:$D$85=MONTH(1&"/"&TEXT(D14,"mmmm")))*(Situation!$E$71:$E$85)), IF(TEXT(D14,"aaaa")=TEXT($P$6,"aaaa"),SUM((Situation!$D$71:$D$85=MONTH(1&"/"&TEXT(D14,"mmmm")))*(Situation!$E$71:$E$85)), 0)))))))} -> 0 | F14: =IF($D$1=0,0, IF(D14=$P$6,$F$1, 0)) -> 0 | G14: {=IFERROR(IF(B14=$P$4,$K$1, IF(B14=EDATE($B$1,84),0, IF(COUNTIF($N$9:$N$20,B14),LOOKUP(2,1/($N$9:$N$20=B14),$Q$9:$Q$21)*-1, IF(C14<>0,$G$1,0)))),0)} -> 0 | H14: =IF(L13<SUM(E14+G14),L13,SUM(E14+G14)) -> 0 | I14: =IF(B14=$P$4,1, IF(AND(C14>=1,C14<=12),2, IF(AND(C14>=13,C14<=24),3, IF(AND(C14>=25,C14<=36),4, IF(AND(C14>=37,C14<=48),5, IF(AND(C14>=49,C14<=60),6, IF(AND(C14>=61,C14<=72),7, IF(AND(C14>=73,C14<=84),8, 0)))))))) -> 0 | J14: =IF(K14<>"",CONCATENATE("Annuité ",COUNT($K$3:K14)),"") | K14: =IF(B14=$P$4,$K$1, IF(C14=0,"", IF(AND(OR(C14=12,C14=24,C14=36,C14=48,C14=60,C14=72),$M$7<1),$O$8, IF(OR(C14=12,C14=24,C14=36,C14=48,C14=60,C14=72),$O$7, IF(B14=$P$6,$O$8,""))))) | L14: =SUM(L13-H14) -> 0 | M14: =IF(N14=0,0,SUM(M13+1)) -> 0 | N14: =IF(N13=0,0, IF(R13=0,0, IF(EDATE(N13,1)=EDATE($B$1,84),0, EDATE(N13,1)))) -> 0 | O14: {=IF(N14=0,0, IF(Situation!$C$152=0,0, SUM((Situation!$D$71:$D$85=MONTH(1&"/"&TEXT(N14,"mmmm")))*(Situation!$E$71:$E$85))))} -> 0 | P14: =IF(N14=0,0, IF(AND(SUM($Q$8/$G$1)>11,SUM($Q$8/$G$1)<=12),$G$1, IF(Situation!$C$143=0,SUM($G$1-SUM($F$1/12)),$G$1))) -> 0 | Q14: =IF(N14=0,0, IF(SUM(O14:P14)>R13,-R13,-SUM(O14:P14))) -> 0 | R14: =SUM(R13+Q14) -> 0
A15: 13 | B15: =EDATE($B$1,A15) -> 43941 | C15: =IF(B15=$P$4,0, IF(B14=$P$4,1, IF(C14=0,0, IF(C14=$O$6,0, SUM(C14+1))))) -> 0 | D15: =IF(C15<>0,B15,0) -> 0 | E15: {=IF(C15=0,0, IF(Situation!$C$153=0,0, IF(OR(C15=12,C15=24,C15=36,C15=48,C15=60,C15=72),$E$1, IF(AND(C15>=1,C15<=SUM($M$7*12)),0, IF(AND(I15<=$M$7,TEXT(D15,"aaaa")=TEXT($P$6,"aaaa")),0, IF(M18=0,SUM((Situation!$D$71:$D$85=MONTH(1&"/"&TEXT(D15,"mmmm")))*(Situation!$E$71:$E$85)), IF(TEXT(D15,"aaaa")=TEXT($P$6,"aaaa"),SUM((Situation!$D$71:$D$85=MONTH(1&"/"&TEXT(D15,"mmmm")))*(Situation!$E$71:$E$85)), 0)))))))} -> 0 | F15: =IF($D$1=0,0, IF(D15=$P$6,$F$1, 0)) -> 0 | G15: {=IFERROR(IF(B15=$P$4,$K$1, IF(B15=EDATE($B$1,84),0, IF(COUNTIF($N$9:$N$20,B15),LOOKUP(2,1/($N$9:$N$20=B15),$Q$9:$Q$21)*-1, IF(C15<>0,$G$1,0)))),0)} -> 0 | H15: =IF(L14<SUM(E15+G15),L14,SUM(E15+G15)) -> 0 | I15: =IF(B15=$P$4,1, IF(AND(C15>=1,C15<=12),2, IF(AND(C15>=13,C15<=24),3, IF(AND(C15>=25,C15<=36),4, IF(AND(C15>=37,C15<=48),5, IF(AND(C15>=49,C15<=60),6, IF(AND(C15>=61,C15<=72),7, IF(AND(C15>=73,C15<=84),8, 0)))))))) -> 0 | J15: =IF(K15<>"",CONCATENATE("Annuité ",COUNT($K$3:K15)),"") | K15: =IF(B15=$P$4,$K$1, IF(C15=0,"", IF(AND(OR(C15=12,C15=24,C15=36,C15=48,C15=60,C15=72),$M$7<1),$O$8, IF(OR(C15=12,C15=24,C15=36,C15=48,C15=60,C15=72),$O$7, IF(B15=$P$6,$O$8,""))))) | L15: =SUM(L14-H15) -> 0 | M15: =IF(N15=0,0,SUM(M14+1)) -> 0 | N15: =IF(N14=0,0, IF(R14=0,0, IF(EDATE(N14,1)=EDATE($B$1,84),0, EDATE(N14,1)))) -> 0 | O15: {=IF(N15=0,0, IF(Situation!$C$152=0,0, SUM((Situation!$D$71:$D$85=MONTH(1&"/"&TEXT(N15,"mmmm")))*(Situation!$E$71:$E$85))))} -> 0 | P15: =IF(N15=0,0, IF(AND(SUM($Q$8/$G$1)>11,SUM($Q$8/$G$1)<=12),$G$1, IF(Situation!$C$143=0,SUM($G$1-SUM($F$1/12)),$G$1))) -> 0 | Q15: =IF(N15=0,0, IF(SUM(O15:P15)>R14,-R14,-SUM(O15:P15))) -> 0 | R15: =SUM(R14+Q15) -> 0
A16: 14 | B16: =EDATE($B$1,A16) -> 43971 | C16: =IF(B16=$P$4,0, IF(B15=$P$4,1, IF(C15=0,0, IF(C15=$O$6,0, SUM(C15+1))))) -> 0 | D16: =IF(C16<>0,B16,0) -> 0 | E16: {=IF(C16=0,0, IF(Situation!$C$153=0,0, IF(OR(C16=12,C16=24,C16=36,C16=48,C16=60,C16=72),$E$1, IF(AND(C16>=1,C16<=SUM($M$7*12)),0, IF(AND(I16<=$M$7,TEXT(D16,"aaaa")=TEXT($P$6,"aaaa")),0, IF(M19=0,SUM((Situation!$D$71:$D$85=MONTH(1&"/"&TEXT(D16,"mmmm")))*(Situation!$E$71:$E$85)), IF(TEXT(D16,"aaaa")=TEXT($P$6,"aaaa"),SUM((Situation!$D$71:$D$85=MONTH(1&"/"&TEXT(D16,"mmmm")))*(Situation!$E$71:$E$85)), 0)))))))} -> 0 | F16: =IF($D$1=0,0, IF(D16=$P$6,$F$1, 0)) -> 0 | G16: {=IFERROR(IF(B16=$P$4,$K$1, IF(B16=EDATE($B$1,84),0, IF(COUNTIF($N$9:$N$20,B16),LOOKUP(2,1/($N$9:$N$20=B16),$Q$9:$Q$21)*-1, IF(C16<>0,$G$1,0)))),0)} -> 0 | H16: =IF(L15<SUM(E16+G16),L15,SUM(E16+G16)) -> 0 | I16: =IF(B16=$P$4,1, IF(AND(C16>=1,C16<=12),2, IF(AND(C16>=13,C16<=24),3, IF(AND(C16>=25,C16<=36),4, IF(AND(C16>=37,C16<=48),5, IF(AND(C16>=49,C16<=60),6, IF(AND(C16>=61,C16<=72),7, IF(AND(C16>=73,C16<=84),8, 0)))))))) -> 0 | J16: =IF(K16<>"",CONCATENATE("Annuité ",COUNT($K$3:K16)),"") | K16: =IF(B16=$P$4,$K$1, IF(C16=0,"", IF(AND(OR(C16=12,C16=24,C16=36,C16=48,C16=60,C16=72),$M$7<1),$O$8, IF(OR(C16=12,C16=24,C16=36,C16=48,C16=60,C16=72),$O$7, IF(B16=$P$6,$O$8,""))))) | L16: =SUM(L15-H16) -> 0 | M16: =IF(N16=0,0,SUM(M15+1)) -> 0 | N16: =IF(N15=0,0, IF(R15=0,0, IF(EDATE(N15,1)=EDATE($B$1,84),0, EDATE(N15,1)))) -> 0 | O16: {=IF(N16=0,0, IF(Situation!$C$152=0,0, SUM((Situation!$D$71:$D$85=MONTH(1&"/"&TEXT(N16,"mmmm")))*(Situation!$E$71:$E$85))))} -> 0 | P16: =IF(N16=0,0, IF(AND(SUM($Q$8/$G$1)>11,SUM($Q$8/$G$1)<=12),$G$1, IF(Situation!$C$143=0,SUM($G$1-SUM($F$1/12)),$G$1))) -> 0 | Q16: =IF(N16=0,0, IF(SUM(O16:P16)>R15,-R15,-SUM(O16:P16))) -> 0 | R16: =SUM(R15+Q16) -> 0
A17: 15 | B17: =EDATE($B$1,A17) -> 44002 | C17: =IF(B17=$P$4,0, IF(B16=$P$4,1, IF(C16=0,0, IF(C16=$O$6,0, SUM(C16+1))))) -> 0 | D17: =IF(C17<>0,B17,0) -> 0 | E17: {=IF(C17=0,0, IF(Situation!$C$153=0,0, IF(OR(C17=12,C17=24,C17=36,C17=48,C17=60,C17=72),$E$1, IF(AND(C17>=1,C17<=SUM($M$7*12)),0, IF(AND(I17<=$M$7,TEXT(D17,"aaaa")=TEXT($P$6,"aaaa")),0, IF(M20=0,SUM((Situation!$D$71:$D$85=MONTH(1&"/"&TEXT(D17,"mmmm")))*(Situation!$E$71:$E$85)), IF(TEXT(D17,"aaaa")=TEXT($P$6,"aaaa"),SUM((Situation!$D$71:$D$85=MONTH(1&"/"&TEXT(D17,"mmmm")))*(Situation!$E$71:$E$85)), 0)))))))} -> 0 | F17: =IF($D$1=0,0, IF(D17=$P$6,$F$1, 0)) -> 0 | G17: {=IFERROR(IF(B17=$P$4,$K$1, IF(B17=EDATE($B$1,84),0, IF(COUNTIF($N$9:$N$20,B17),LOOKUP(2,1/($N$9:$N$20=B17),$Q$9:$Q$21)*-1, IF(C17<>0,$G$1,0)))),0)} -> 0 | H17: =IF(L16<SUM(E17+G17),L16,SUM(E17+G17)) -> 0 | I17: =IF(B17=$P$4,1, IF(AND(C17>=1,C17<=12),2, IF(AND(C17>=13,C17<=24),3, IF(AND(C17>=25,C17<=36),4, IF(AND(C17>=37,C17<=48),5, IF(AND(C17>=49,C17<=60),6, IF(AND(C17>=61,C17<=72),7, IF(AND(C17>=73,C17<=84),8, 0)))))))) -> 0 | J17: =IF(K17<>"",CONCATENATE("Annuité ",COUNT($K$3:K17)),"") | K17: =IF(B17=$P$4,$K$1, IF(C17=0,"", IF(AND(OR(C17=12,C17=24,C17=36,C17=48,C17=60,C17=72),$M$7<1),$O$8, IF(OR(C17=12,C17=24,C17=36,C17=48,C17=60,C17=72),$O$7, IF(B17=$P$6,$O$8,""))))) | L17: =SUM(L16-H17) -> 0 | M17: =IF(N17=0,0,SUM(M16+1)) -> 0 | N17: =IF(N16=0,0, IF(R16=0,0, IF(EDATE(N16,1)=EDATE($B$1,84),0, EDATE(N16,1)))) -> 0 | O17: {=IF(N17=0,0, IF(Situation!$C$152=0,0, SUM((Situation!$D$71:$D$85=MONTH(1&"/"&TEXT(N17,"mmmm")))*(Situation!$E$71:$E$85))))} -> 0 | P17: =IF(N17=0,0, IF(AND(SUM($Q$8/$G$1)>11,SUM($Q$8/$G$1)<=12),$G$1, IF(Situation!$C$143=0,SUM($G$1-SUM($F$1/12)),$G$1))) -> 0 | Q17: =IF(N17=0,0, IF(SUM(O17:P17)>R16,-R16,-SUM(O17:P17))) -> 0 | R17: =SUM(R16+Q17) -> 0
A18: 16 | B18: =EDATE($B$1,A18) -> 44032 | C18: =IF(B18=$P$4,0, IF(B17=$P$4,1, IF(C17=0,0, IF(C17=$O$6,0, SUM(C17+1))))) -> 0 | D18: =IF(C18<>0,B18,0) -> 0 | E18: {=IF(C18=0,0, IF(Situation!$C$153=0,0, IF(OR(C18=12,C18=24,C18=36,C18=48,C18=60,C18=72),$E$1, IF(AND(C18>=1,C18<=SUM($M$7*12)),0, IF(AND(I18<=$M$7,TEXT(D18,"aaaa")=TEXT($P$6,"aaaa")),0, IF(M21=0,SUM((Situation!$D$71:$D$85=MONTH(1&"/"&TEXT(D18,"mmmm")))*(Situation!$E$71:$E$85)), IF(TEXT(D18,"aaaa")=TEXT($P$6,"aaaa"),SUM((Situation!$D$71:$D$85=MONTH(1&"/"&TEXT(D18,"mmmm")))*(Situation!$E$71:$E$85)), 0)))))))} -> 0 | F18: =IF($D$1=0,0, IF(D18=$P$6,$F$1, 0)) -> 0 | G18: {=IFERROR(IF(B18=$P$4,$K$1, IF(B18=EDATE($B$1,84),0, IF(COUNTIF($N$9:$N$20,B18),LOOKUP(2,1/($N$9:$N$20=B18),$Q$9:$Q$21)*-1, IF(C18<>0,$G$1,0)))),0)} -> 0 | H18: =IF(L17<SUM(E18+G18),L17,SUM(E18+G18)) -> 0 | I18: =IF(B18=$P$4,1, IF(AND(C18>=1,C18<=12),2, IF(AND(C18>=13,C18<=24),3, IF(AND(C18>=25,C18<=36),4, IF(AND(C18>=37,C18<=48),5, IF(AND(C18>=49,C18<=60),6, IF(AND(C18>=61,C18<=72),7, IF(AND(C18>=73,C18<=84),8, 0)))))))) -> 0 | J18: =IF(K18<>"",CONCATENATE("Annuité ",COUNT($K$3:K18)),"") | K18: =IF(B18=$P$4,$K$1, IF(C18=0,"", IF(AND(OR(C18=12,C18=24,C18=36,C18=48,C18=60,C18=72),$M$7<1),$O$8, IF(OR(C18=12,C18=24,C18=36,C18=48,C18=60,C18=72),$O$7, IF(B18=$P$6,$O$8,""))))) | L18: =SUM(L17-H18) -> 0 | M18: =IF(N18=0,0,SUM(M17+1)) -> 0 | N18: =IF(N17=0,0, IF(R17=0,0, IF(EDATE(N17,1)=EDATE($B$1,84),0, EDATE(N17,1)))) -> 0 | O18: {=IF(N18=0,0, IF(Situation!$C$152=0,0, SUM((Situation!$D$71:$D$85=MONTH(1&"/"&TEXT(N18,"mmmm")))*(Situation!$E$71:$E$85))))} -> 0 | P18: =IF(N18=0,0, IF(AND(SUM($Q$8/$G$1)>11,SUM($Q$8/$G$1)<=12),$G$1, IF(Situation!$C$143=0,SUM($G$1-SUM($F$1/12)),$G$1))) -> 0 | Q18: =IF(N18=0,0, IF(SUM(O18:P18)>R17,-R17,-SUM(O18:P18))) -> 0 | R18: =SUM(R17+Q18) -> 0
A19: 17 | B19: =EDATE($B$1,A19) -> 44063 | C19: =IF(B19=$P$4,0, IF(B18=$P$4,1, IF(C18=0,0, IF(C18=$O$6,0, SUM(C18+1))))) -> 0 | D19: =IF(C19<>0,B19,0) -> 0 | E19: {=IF(C19=0,0, IF(Situation!$C$153=0,0, IF(OR(C19=12,C19=24,C19=36,C19=48,C19=60,C19=72),$E$1, IF(AND(C19>=1,C19<=SUM($M$7*12)),0, IF(AND(I19<=$M$7,TEXT(D19,"aaaa")=TEXT($P$6,"aaaa")),0, IF(M22=0,SUM((Situation!$D$71:$D$85=MONTH(1&"/"&TEXT(D19,"mmmm")))*(Situation!$E$71:$E$85)), IF(TEXT(D19,"aaaa")=TEXT($P$6,"aaaa"),SUM((Situation!$D$71:$D$85=MONTH(1&"/"&TEXT(D19,"mmmm")))*(Situation!$E$71:$E$85)), 0)))))))} -> 0 | F19: =IF($D$1=0,0, IF(D19=$P$6,$F$1, 0)) -> 0 | G19: {=IFERROR(IF(B19=$P$4,$K$1, IF(B19=EDATE($B$1,84),0, IF(COUNTIF($N$9:$N$20,B19),LOOKUP(2,1/($N$9:$N$20=B19),$Q$9:$Q$21)*-1, IF(C19<>0,$G$1,0)))),0)} -> 0 | H19: =IF(L18<SUM(E19+G19),L18,SUM(E19+G19)) -> 0 | I19: =IF(B19=$P$4,1, IF(AND(C19>=1,C19<=12),2, IF(AND(C19>=13,C19<=24),3, IF(AND(C19>=25,C19<=36),4, IF(AND(C19>=37,C19<=48),5, IF(AND(C19>=49,C19<=60),6, IF(AND(C19>=61,C19<=72),7, IF(AND(C19>=73,C19<=84),8, 0)))))))) -> 0 | J19: =IF(K19<>"",CONCATENATE("Annuité ",COUNT($K$3:K19)),"") | K19: =IF(B19=$P$4,$K$1, IF(C19=0,"", IF(AND(OR(C19=12,C19=24,C19=36,C19=48,C19=60,C19=72),$M$7<1),$O$8, IF(OR(C19=12,C19=24,C19=36,C19=48,C19=60,C19=72),$O$7, IF(B19=$P$6,$O$8,""))))) | L19: =SUM(L18-H19) -> 0 | M19: =IF(N19=0,0,SUM(M18+1)) -> 0 | N19: =IF(N18=0,0, IF(R18=0,0, IF(EDATE(N18,1)=EDATE($B$1,84),0, EDATE(N18,1)))) -> 0 | O19: {=IF(N19=0,0, IF(Situation!$C$152=0,0, SUM((Situation!$D$71:$D$85=MONTH(1&"/"&TEXT(N19,"mmmm")))*(Situation!$E$71:$E$85))))} -> 0 | P19: =IF(N19=0,0, IF(AND(SUM($Q$8/$G$1)>11,SUM($Q$8/$G$1)<=12),$G$1, IF(Situation!$C$143=0,SUM($G$1-SUM($F$1/12)),$G$1))) -> 0 | Q19: =IF(N19=0,0, IF(SUM(O19:P19)>R18,-R18,-SUM(O19:P19))) -> 0 | R19: =SUM(R18+Q19) -> 0
A20: 18 | B20: =EDATE($B$1,A20) -> 44094 | C20: =IF(B20=$P$4,0, IF(B19=$P$4,1, IF(C19=0,0, IF(C19=$O$6,0, SUM(C19+1))))) -> 0 | D20: =IF(C20<>0,B20,0) -> 0 | E20: {=IF(C20=0,0, IF(Situation!$C$153=0,0, IF(OR(C20=12,C20=24,C20=36,C20=48,C20=60,C20=72),$E$1, IF(AND(C20>=1,C20<=SUM($M$7*12)),0, IF(AND(I20<=$M$7,TEXT(D20,"aaaa")=TEXT($P$6,"aaaa")),0, IF(M23=0,SUM((Situation!$D$71:$D$85=MONTH(1&"/"&TEXT(D20,"mmmm")))*(Situation!$E$71:$E$85)), IF(TEXT(D20,"aaaa")=TEXT($P$6,"aaaa"),SUM((Situation!$D$71:$D$85=MONTH(1&"/"&TEXT(D20,"mmmm")))*(Situation!$E$71:$E$85)), 0)))))))} -> 0 | F20: =IF($D$1=0,0, IF(D20=$P$6,$F$1, 0)) -> 0 | G20: {=IFERROR(IF(B20=$P$4,$K$1, IF(B20=EDATE($B$1,84),0, IF(COUNTIF($N$9:$N$20,B20),LOOKUP(2,1/($N$9:$N$20=B20),$Q$9:$Q$21)*-1, IF(C20<>0,$G$1,0)))),0)} -> 0 | H20: =IF(L19<SUM(E20+G20),L19,SUM(E20+G20)) -> 0 | I20: =IF(B20=$P$4,1, IF(AND(C20>=1,C20<=12),2, IF(AND(C20>=13,C20<=24),3, IF(AND(C20>=25,C20<=36),4, IF(AND(C20>=37,C20<=48),5, IF(AND(C20>=49,C20<=60),6, IF(AND(C20>=61,C20<=72),7, IF(AND(C20>=73,C20<=84),8, 0)))))))) -> 0 | J20: =IF(K20<>"",CONCATENATE("Annuité ",COUNT($K$3:K20)),"") | K20: =IF(B20=$P$4,$K$1, IF(C20=0,"", IF(AND(OR(C20=12,C20=24,C20=36,C20=48,C20=60,C20=72),$M$7<1),$O$8, IF(OR(C20=12,C20=24,C20=36,C20=48,C20=60,C20=72),$O$7, IF(B20=$P$6,$O$8,""))))) | L20: =SUM(L19-H20) -> 0 | M20: =IF(N20=0,0,SUM(M19+1)) -> 0 | N20: =IF(N19=0,0, IF(R19=0,0, IF(EDATE(N19,1)=EDATE($B$1,84),0, EDATE(N19,1)))) -> 0 | O20: {=IF(N20=0,0, IF(Situation!$C$152=0,0, SUM((Situation!$D$71:$D$85=MONTH(1&"/"&TEXT(N20,"mmmm")))*(Situation!$E$71:$E$85))))} -> 0 | P20: =IF(N20=0,0, IF(AND(SUM($Q$8/$G$1)>11,SUM($Q$8/$G$1)<=12),$G$1, IF(Situation!$C$143=0,SUM($G$1-SUM($F$1/12)),$G$1))) -> 0 | Q20: =IF(N20=0,0, IF(SUM(O20:P20)>R19,-R19,-SUM(O20:P20))) -> 0 | R20: =SUM(R19+Q20) -> 0
A21: 19 | B21: =EDATE($B$1,A21) -> 44124 | C21: =IF(B21=$P$4,0, IF(B20=$P$4,1, IF(C20=0,0, IF(C20=$O$6,0, SUM(C20+1))))) -> 0 | D21: =IF(C21<>0,B21,0) -> 0 | E21: {=IF(C21=0,0, IF(Situation!$C$153=0,0, IF(OR(C21=12,C21=24,C21=36,C21=48,C21=60,C21=72),$E$1, IF(AND(C21>=1,C21<=SUM($M$7*12)),0, IF(AND(I21<=$M$7,TEXT(D21,"aaaa")=TEXT($P$6,"aaaa")),0, IF(M24=0,SUM((Situation!$D$71:$D$85=MONTH(1&"/"&TEXT(D21,"mmmm")))*(Situation!$E$71:$E$85)), IF(TEXT(D21,"aaaa")=TEXT($P$6,"aaaa"),SUM((Situation!$D$71:$D$85=MONTH(1&"/"&TEXT(D21,"mmmm")))*(Situation!$E$71:$E$85)), 0)))))))} -> 0 | F21: =IF($D$1=0,0, IF(D21=$P$6,$F$1, 0)) -> 0 | G21: {=IFERROR(IF(B21=$P$4,$K$1, IF(B21=EDATE($B$1,84),0, IF(COUNTIF($N$9:$N$20,B21),LOOKUP(2,1/($N$9:$N$20=B21),$Q$9:$Q$21)*-1, IF(C21<>0,$G$1,0)))),0)} -> 0 | H21: =IF(L20<SUM(E21+G21),L20,SUM(E21+G21)) -> 0 | I21: =IF(B21=$P$4,1, IF(AND(C21>=1,C21<=12),2, IF(AND(C21>=13,C21<=24),3, IF(AND(C21>=25,C21<=36),4, IF(AND(C21>=37,C21<=48),5, IF(AND(C21>=49,C21<=60),6, IF(AND(C21>=61,C21<=72),7, IF(AND(C21>=73,C21<=84),8, 0)))))))) -> 0 | J21: =IF(K21<>"",CONCATENATE("Annuité ",COUNT($K$3:K21)),"") | K21: =IF(B21=$P$4,$K$1, IF(C21=0,"", IF(AND(OR(C21=12,C21=24,C21=36,C21=48,C21=60,C21=72),$M$7<1),$O$8, IF(OR(C21=12,C21=24,C21=36,C21=48,C21=60,C21=72),$O$7, IF(B21=$P$6,$O$8,""))))) | L21: =SUM(L20-H21) -> 0
A22: 20 | B22: =EDATE($B$1,A22) -> 44155 | C22: =IF(B22=$P$4,0, IF(B21=$P$4,1, IF(C21=0,0, IF(C21=$O$6,0, SUM(C21+1))))) -> 0 | D22: =IF(C22<>0,B22,0) -> 0 | E22: {=IF(C22=0,0, IF(Situation!$C$153=0,0, IF(OR(C22=12,C22=24,C22=36,C22=48,C22=60,C22=72),$E$1, IF(AND(C22>=1,C22<=SUM($M$7*12)),0, IF(AND(I22<=$M$7,TEXT(D22,"aaaa")=TEXT($P$6,"aaaa")),0, IF(M25=0,SUM((Situation!$D$71:$D$85=MONTH(1&"/"&TEXT(D22,"mmmm")))*(Situation!$E$71:$E$85)), IF(TEXT(D22,"aaaa")=TEXT($P$6,"aaaa"),SUM((Situation!$D$71:$D$85=MONTH(1&"/"&TEXT(D22,"mmmm")))*(Situation!$E$71:$E$85)), 0)))))))} -> 0 | F22: =IF($D$1=0,0, IF(D22=$P$6,$F$1, 0)) -> 0 | G22: {=IFERROR(IF(B22=$P$4,$K$1, IF(B22=EDATE($B$1,84),0, IF(COUNTIF($N$9:$N$20,B22),LOOKUP(2,1/($N$9:$N$20=B22),$Q$9:$Q$21)*-1, IF(C22<>0,$G$1,0)))),0)} -> 0 | H22: =IF(L21<SUM(E22+G22),L21,SUM(E22+G22)) -> 0 | I22: =IF(B22=$P$4,1, IF(AND(C22>=1,C22<=12),2, IF(AND(C22>=13,C22<=24),3, IF(AND(C22>=25,C22<=36),4, IF(AND(C22>=37,C22<=48),5, IF(AND(C22>=49,C22<=60),6, IF(AND(C22>=61,C22<=72),7, IF(AND(C22>=73,C22<=84),8, 0)))))))) -> 0 | J22: =IF(K22<>"",CONCATENATE("Annuité ",COUNT($K$3:K22)),"") | K22: =IF(B22=$P$4,$K$1, IF(C22=0,"", IF(AND(OR(C22=12,C22=24,C22=36,C22=48,C22=60,C22=72),$M$7<1),$O$8, IF(OR(C22=12,C22=24,C22=36,C22=48,C22=60,C22=72),$O$7, IF(B22=$P$6,$O$8,""))))) | L22: =SUM(L21-H22) -> 0 | N22: Tableau récapitulatif | P22: =L1 -> 0 | Q22: ok
A23: 21 | B23: =EDATE($B$1,A23) -> 44185 | C23: =IF(B23=$P$4,0, IF(B22=$P$4,1, IF(C22=0,0, IF(C22=$O$6,0, SUM(C22+1))))) -> 0 | D23: =IF(C23<>0,B23,0) -> 0 | E23: {=IF(C23=0,0, IF(Situation!$C$153=0,0, IF(OR(C23=12,C23=24,C23=36,C23=48,C23=60,C23=72),$E$1, IF(AND(C23>=1,C23<=SUM($M$7*12)),0, IF(AND(I23<=$M$7,TEXT(D23,"aaaa")=TEXT($P$6,"aaaa")),0, IF(M26=0,SUM((Situation!$D$71:$D$85=MONTH(1&"/"&TEXT(D23,"mmmm")))*(Situation!$E$71:$E$85)), IF(TEXT(D23,"aaaa")=TEXT($P$6,"aaaa"),SUM((Situation!$D$71:$D$85=MONTH(1&"/"&TEXT(D23,"mmmm")))*(Situation!$E$71:$E$85)), 0)))))))} -> 0 | F23: =IF($D$1=0,0, IF(D23=$P$6,$F$1, 0)) -> 0 | G23: {=IFERROR(IF(B23=$P$4,$K$1, IF(B23=EDATE($B$1,84),0, IF(COUNTIF($N$9:$N$20,B23),LOOKUP(2,1/($N$9:$N$20=B23),$Q$9:$Q$21)*-1, IF(C23<>0,$G$1,0)))),0)} -> 0 | H23: =IF(L22<SUM(E23+G23),L22,SUM(E23+G23)) -> 0 | I23: =IF(B23=$P$4,1, IF(AND(C23>=1,C23<=12),2, IF(AND(C23>=13,C23<=24),3, IF(AND(C23>=25,C23<=36),4, IF(AND(C23>=37,C23<=48),5, IF(AND(C23>=49,C23<=60),6, IF(AND(C23>=61,C23<=72),7, IF(AND(C23>=73,C23<=84),8, 0)))))))) -> 0 | J23: =IF(K23<>"",CONCATENATE("Annuité ",COUNT($K$3:K23)),"") | K23: =IF(B23=$P$4,$K$1, IF(C23=0,"", IF(AND(OR(C23=12,C23=24,C23=36,C23=48,C23=60,C23=72),$M$7<1),$O$8, IF(OR(C23=12,C23=24,C23=36,C23=48,C23=60,C23=72),$O$7, IF(B23=$P$6,$O$8,""))))) | L23: =SUM(L22-H23) -> 0 | N23: Annuité 1 | O23: =P4 -> 0 | P23: {=IFERROR(LOOKUP(2,1/($J$3:$J$86=N23),-$K$3:$K$86),"")}
A24: 22 | B24: =EDATE($B$1,A24) -> 44216 | C24: =IF(B24=$P$4,0, IF(B23=$P$4,1, IF(C23=0,0, IF(C23=$O$6,0, SUM(C23+1))))) -> 0 | D24: =IF(C24<>0,B24,0) -> 0 | E24: {=IF(C24=0,0, IF(Situation!$C$153=0,0, IF(OR(C24=12,C24=24,C24=36,C24=48,C24=60,C24=72),$E$1, IF(AND(C24>=1,C24<=SUM($M$7*12)),0, IF(AND(I24<=$M$7,TEXT(D24,"aaaa")=TEXT($P$6,"aaaa")),0, IF(M27=0,SUM((Situation!$D$71:$D$85=MONTH(1&"/"&TEXT(D24,"mmmm")))*(Situation!$E$71:$E$85)), IF(TEXT(D24,"aaaa")=TEXT($P$6,"aaaa"),SUM((Situation!$D$71:$D$85=MONTH(1&"/"&TEXT(D24,"mmmm")))*(Situation!$E$71:$E$85)), 0)))))))} -> 0 | F24: =IF($D$1=0,0, IF(D24=$P$6,$F$1, 0)) -> 0 | G24: {=IFERROR(IF(B24=$P$4,$K$1, IF(B24=EDATE($B$1,84),0, IF(COUNTIF($N$9:$N$20,B24),LOOKUP(2,1/($N$9:$N$20=B24),$Q$9:$Q$21)*-1, IF(C24<>0,$G$1,0)))),0)} -> 0 | H24: =IF(L23<SUM(E24+G24),L23,SUM(E24+G24)) -> 0 | I24: =IF(B24=$P$4,1, IF(AND(C24>=1,C24<=12),2, IF(AND(C24>=13,C24<=24),3, IF(AND(C24>=25,C24<=36),4, IF(AND(C24>=37,C24<=48),5, IF(AND(C24>=49,C24<=60),6, IF(AND(C24>=61,C24<=72),7, IF(AND(C24>=73,C24<=84),8, 0)))))))) -> 0 | J24: =IF(K24<>"",CONCATENATE("Annuité ",COUNT($K$3:K24)),"") | K24: =IF(B24=$P$4,$K$1, IF(C24=0,"", IF(AND(OR(C24=12,C24=24,C24=36,C24=48,C24=60,C24=72),$M$7<1),$O$8, IF(OR(C24=12,C24=24,C24=36,C24=48,C24=60,C24=72),$O$7, IF(B24=$P$6,$O$8,""))))) | L24: =SUM(L23-H24) -> 0 | N24: Annuité 2 | O24: {=IFERROR(LOOKUP(2,1/($J$3:$J$86=N24),$D$3:$D$86),"")} | P24: {=IFERROR(LOOKUP(2,1/($J$3:$J$86=N24),-$K$3:$K$86),"")}
A25: 23 | B25: =EDATE($B$1,A25) -> 44247 | C25: =IF(B25=$P$4,0, IF(B24=$P$4,1, IF(C24=0,0, IF(C24=$O$6,0, SUM(C24+1))))) -> 0 | D25: =IF(C25<>0,B25,0) -> 0 | E25: {=IF(C25=0,0, IF(Situation!$C$153=0,0, IF(OR(C25=12,C25=24,C25=36,C25=48,C25=60,C25=72),$E$1, IF(AND(C25>=1,C25<=SUM($M$7*12)),0, IF(AND(I25<=$M$7,TEXT(D25,"aaaa")=TEXT($P$6,"aaaa")),0, IF(M28=0,SUM((Situation!$D$71:$D$85=MONTH(1&"/"&TEXT(D25,"mmmm")))*(Situation!$E$71:$E$85)), IF(TEXT(D25,"aaaa")=TEXT($P$6,"aaaa"),SUM((Situation!$D$71:$D$85=MONTH(1&"/"&TEXT(D25,"mmmm")))*(Situation!$E$71:$E$85)), 0)))))))} -> 0 | F25: =IF($D$1=0,0, IF(D25=$P$6,$F$1, 0)) -> 0 | G25: {=IFERROR(IF(B25=$P$4,$K$1, IF(B25=EDATE($B$1,84),0, IF(COUNTIF($N$9:$N$20,B25),LOOKUP(2,1/($N$9:$N$20=B25),$Q$9:$Q$21)*-1, IF(C25<>0,$G$1,0)))),0)} -> 0 | H25: =IF(L24<SUM(E25+G25),L24,SUM(E25+G25)) -> 0 | I25: =IF(B25=$P$4,1, IF(AND(C25>=1,C25<=12),2, IF(AND(C25>=13,C25<=24),3, IF(AND(C25>=25,C25<=36),4, IF(AND(C25>=37,C25<=48),5, IF(AND(C25>=49,C25<=60),6, IF(AND(C25>=61,C25<=72),7, IF(AND(C25>=73,C25<=84),8, 0)))))))) -> 0 | J25: =IF(K25<>"",CONCATENATE("Annuité ",COUNT($K$3:K25)),"") | K25: =IF(B25=$P$4,$K$1, IF(C25=0,"", IF(AND(OR(C25=12,C25=24,C25=36,C25=48,C25=60,C25=72),$M$7<1),$O$8, IF(OR(C25=12,C25=24,C25=36,C25=48,C25=60,C25=72),$O$7, IF(B25=$P$6,$O$8,""))))) | L25: =SUM(L24-H25) -> 0 | N25: Annuité 3 | O25: {=IFERROR(LOOKUP(2,1/($J$3:$J$86=N25),$D$3:$D$86),"")} | P25: {=IFERROR(LOOKUP(2,1/($J$3:$J$86=N25),-$K$3:$K$86),"")}
A26: 24 | B26: =EDATE($B$1,A26) -> 44275 | C26: =IF(B26=$P$4,0, IF(B25=$P$4,1, IF(C25=0,0, IF(C25=$O$6,0, SUM(C25+1))))) -> 0 | D26: =IF(C26<>0,B26,0) -> 0 | E26: {=IF(C26=0,0, IF(Situation!$C$153=0,0, IF(OR(C26=12,C26=24,C26=36,C26=48,C26=60,C26=72),$E$1, IF(AND(C26>=1,C26<=SUM($M$7*12)),0, IF(AND(I26<=$M$7,TEXT(D26,"aaaa")=TEXT($P$6,"aaaa")),0, IF(M29=0,SUM((Situation!$D$71:$D$85=MONTH(1&"/"&TEXT(D26,"mmmm")))*(Situation!$E$71:$E$85)), IF(TEXT(D26,"aaaa")=TEXT($P$6,"aaaa"),SUM((Situation!$D$71:$D$85=MONTH(1&"/"&TEXT(D26,"mmmm")))*(Situation!$E$71:$E$85)), 0)))))))} -> 0 | F26: =IF($D$1=0,0, IF(D26=$P$6,$F$1, 0)) -> 0 | G26: {=IFERROR(IF(B26=$P$4,$K$1, IF(B26=EDATE($B$1,84),0, IF(COUNTIF($N$9:$N$20,B26),LOOKUP(2,1/($N$9:$N$20=B26),$Q$9:$Q$21)*-1, IF(C26<>0,$G$1,0)))),0)} -> 0 | H26: =IF(L25<SUM(E26+G26),L25,SUM(E26+G26)) -> 0 | I26: =IF(B26=$P$4,1, IF(AND(C26>=1,C26<=12),2, IF(AND(C26>=13,C26<=24),3, IF(AND(C26>=25,C26<=36),4, IF(AND(C26>=37,C26<=48),5, IF(AND(C26>=49,C26<=60),6, IF(AND(C26>=61,C26<=72),7, IF(AND(C26>=73,C26<=84),8, 0)))))))) -> 0 | J26: =IF(K26<>"",CONCATENATE("Annuité ",COUNT($K$3:K26)),"") | K26: =IF(B26=$P$4,$K$1, IF(C26=0,"", IF(AND(OR(C26=12,C26=24,C26=36,C26=48,C26=60,C26=72),$M$7<1),$O$8, IF(OR(C26=12,C26=24,C26=36,C26=48,C26=60,C26=72),$O$7, IF(B26=$P$6,$O$8,""))))) | L26: =SUM(L25-H26) -> 0 | N26: Annuité 4 | O26: {=IFERROR(LOOKUP(2,1/($J$3:$J$86=N26),$D$3:$D$86),"")} | P26: {=IFERROR(LOOKUP(2,1/($J$3:$J$86=N26),-$K$3:$K$86),"")}
A27: 25 | B27: =EDATE($B$1,A27) -> 44306 | C27: =IF(B27=$P$4,0, IF(B26=$P$4,1, IF(C26=0,0, IF(C26=$O$6,0, SUM(C26+1))))) -> 0 | D27: =IF(C27<>0,B27,0) -> 0 | E27: {=IF(C27=0,0, IF(Situation!$C$153=0,0, IF(OR(C27=12,C27=24,C27=36,C27=48,C27=60,C27=72),$E$1, IF(AND(C27>=1,C27<=SUM($M$7*12)),0, IF(AND(I27<=$M$7,TEXT(D27,"aaaa")=TEXT($P$6,"aaaa")),0, IF(M30=0,SUM((Situation!$D$71:$D$85=MONTH(1&"/"&TEXT(D27,"mmmm")))*(Situation!$E$71:$E$85)), IF(TEXT(D27,"aaaa")=TEXT($P$6,"aaaa"),SUM((Situation!$D$71:$D$85=MONTH(1&"/"&TEXT(D27,"mmmm")))*(Situation!$E$71:$E$85)), 0)))))))} -> 0 | F27: =IF($D$1=0,0, IF(D27=$P$6,$F$1, 0)) -> 0 | G27: {=IFERROR(IF(B27=$P$4,$K$1, IF(B27=EDATE($B$1,84),0, IF(COUNTIF($N$9:$N$20,B27),LOOKUP(2,1/($N$9:$N$20=B27),$Q$9:$Q$21)*-1, IF(C27<>0,$G$1,0)))),0)} -> 0 | H27: =IF(L26<SUM(E27+G27),L26,SUM(E27+G27)) -> 0 | I27: =IF(B27=$P$4,1, IF(AND(C27>=1,C27<=12),2, IF(AND(C27>=13,C27<=24),3, IF(AND(C27>=25,C27<=36),4, IF(AND(C27>=37,C27<=48),5, IF(AND(C27>=49,C27<=60),6, IF(AND(C27>=61,C27<=72),7, IF(AND(C27>=73,C27<=84),8, 0)))))))) -> 0 | J27: =IF(K27<>"",CONCATENATE("Annuité ",COUNT($K$3:K27)),"") | K27: =IF(B27=$P$4,$K$1, IF(C27=0,"", IF(AND(OR(C27=12,C27=24,C27=36,C27=48,C27=60,C27=72),$M$7<1),$O$8, IF(OR(C27=12,C27=24,C27=36,C27=48,C27=60,C27=72),$O$7, IF(B27=$P$6,$O$8,""))))) | L27: =SUM(L26-H27) -> 0 | N27: Annuité 5 | O27: {=IFERROR(LOOKUP(2,1/($J$3:$J$86=N27),$D$3:$D$86),"")} | P27: {=IFERROR(LOOKUP(2,1/($J$3:$J$86=N27),-$K$3:$K$86),"")}
A28: 26 | B28: =EDATE($B$1,A28) -> 44336 | C28: =IF(B28=$P$4,0, IF(B27=$P$4,1, IF(C27=0,0, IF(C27=$O$6,0, SUM(C27+1))))) -> 0 | D28: =IF(C28<>0,B28,0) -> 0 | E28: {=IF(C28=0,0, IF(Situation!$C$153=0,0, IF(OR(C28=12,C28=24,C28=36,C28=48,C28=60,C28=72),$E$1, IF(AND(C28>=1,C28<=SUM($M$7*12)),0, IF(AND(I28<=$M$7,TEXT(D28,"aaaa")=TEXT($P$6,"aaaa")),0, IF(M31=0,SUM((Situation!$D$71:$D$85=MONTH(1&"/"&TEXT(D28,"mmmm")))*(Situation!$E$71:$E$85)), IF(TEXT(D28,"aaaa")=TEXT($P$6,"aaaa"),SUM((Situation!$D$71:$D$85=MONTH(1&"/"&TEXT(D28,"mmmm")))*(Situation!$E$71:$E$85)), 0)))))))} -> 0 | F28: =IF($D$1=0,0, IF(D28=$P$6,$F$1, 0)) -> 0 | G28: {=IFERROR(IF(B28=$P$4,$K$1, IF(B28=EDATE($B$1,84),0, IF(COUNTIF($N$9:$N$20,B28),LOOKUP(2,1/($N$9:$N$20=B28),$Q$9:$Q$21)*-1, IF(C28<>0,$G$1,0)))),0)} -> 0 | H28: =IF(L27<SUM(E28+G28),L27,SUM(E28+G28)) -> 0 | I28: =IF(B28=$P$4,1, IF(AND(C28>=1,C28<=12),2, IF(AND(C28>=13,C28<=24),3, IF(AND(C28>=25,C28<=36),4, IF(AND(C28>=37,C28<=48),5, IF(AND(C28>=49,C28<=60),6, IF(AND(C28>=61,C28<=72),7, IF(AND(C28>=73,C28<=84),8, 0)))))))) -> 0 | J28: =IF(K28<>"",CONCATENATE("Annuité ",COUNT($K$3:K28)),"") | K28: =IF(B28=$P$4,$K$1, IF(C28=0,"", IF(AND(OR(C28=12,C28=24,C28=36,C28=48,C28=60,C28=72),$M$7<1),$O$8, IF(OR(C28=12,C28=24,C28=36,C28=48,C28=60,C28=72),$O$7, IF(B28=$P$6,$O$8,""))))) | L28: =SUM(L27-H28) -> 0 | N28: Annuité 6 | O28: {=IFERROR(LOOKUP(2,1/($J$3:$J$86=N28),$D$3:$D$86),"")} | P28: {=IFERROR(LOOKUP(2,1/($J$3:$J$86=N28),-$K$3:$K$86),"")}
A29: 27 | B29: =EDATE($B$1,A29) -> 44367 | C29: =IF(B29=$P$4,0, IF(B28=$P$4,1, IF(C28=0,0, IF(C28=$O$6,0, SUM(C28+1))))) -> 0 | D29: =IF(C29<>0,B29,0) -> 0 | E29: {=IF(C29=0,0, IF(Situation!$C$153=0,0, IF(OR(C29=12,C29=24,C29=36,C29=48,C29=60,C29=72),$E$1, IF(AND(C29>=1,C29<=SUM($M$7*12)),0, IF(AND(I29<=$M$7,TEXT(D29,"aaaa")=TEXT($P$6,"aaaa")),0, IF(M32=0,SUM((Situation!$D$71:$D$85=MONTH(1&"/"&TEXT(D29,"mmmm")))*(Situation!$E$71:$E$85)), IF(TEXT(D29,"aaaa")=TEXT($P$6,"aaaa"),SUM((Situation!$D$71:$D$85=MONTH(1&"/"&TEXT(D29,"mmmm")))*(Situation!$E$71:$E$85)), 0)))))))} -> 0 | F29: =IF($D$1=0,0, IF(D29=$P$6,$F$1, 0)) -> 0 | G29: {=IFERROR(IF(B29=$P$4,$K$1, IF(B29=EDATE($B$1,84),0, IF(COUNTIF($N$9:$N$20,B29),LOOKUP(2,1/($N$9:$N$20=B29),$Q$9:$Q$21)*-1, IF(C29<>0,$G$1,0)))),0)} -> 0 | H29: =IF(L28<SUM(E29+G29),L28,SUM(E29+G29)) -> 0 | I29: =IF(B29=$P$4,1, IF(AND(C29>=1,C29<=12),2, IF(AND(C29>=13,C29<=24),3, IF(AND(C29>=25,C29<=36),4, IF(AND(C29>=37,C29<=48),5, IF(AND(C29>=49,C29<=60),6, IF(AND(C29>=61,C29<=72),7, IF(AND(C29>=73,C29<=84),8, 0)))))))) -> 0 | J29: =IF(K29<>"",CONCATENATE("Annuité ",COUNT($K$3:K29)),"") | K29: =IF(B29=$P$4,$K$1, IF(C29=0,"", IF(AND(OR(C29=12,C29=24,C29=36,C29=48,C29=60,C29=72),$M$7<1),$O$8, IF(OR(C29=12,C29=24,C29=36,C29=48,C29=60,C29=72),$O$7, IF(B29=$P$6,$O$8,""))))) | L29: =SUM(L28-H29) -> 0 | N29: Annuité 7 | O29: {=IFERROR(LOOKUP(2,1/($J$3:$J$86=N29),$D$3:$D$86),"")} | P29: {=IFERROR(LOOKUP(2,1/($J$3:$J$86=N29),-$K$3:$K$86),"")}
A30: 28 | B30: =EDATE($B$1,A30) -> 44397 | C30: =IF(B30=$P$4,0, IF(B29=$P$4,1, IF(C29=0,0, IF(C29=$O$6,0, SUM(C29+1))))) -> 0 | D30: =IF(C30<>0,B30,0) -> 0 | E30: {=IF(C30=0,0, IF(Situation!$C$153=0,0, IF(OR(C30=12,C30=24,C30=36,C30=48,C30=60,C30=72),$E$1, IF(AND(C30>=1,C30<=SUM($M$7*12)),0, IF(AND(I30<=$M$7,TEXT(D30,"aaaa")=TEXT($P$6,"aaaa")),0, IF(M33=0,SUM((Situation!$D$71:$D$85=MONTH(1&"/"&TEXT(D30,"mmmm")))*(Situation!$E$71:$E$85)), IF(TEXT(D30,"aaaa")=TEXT($P$6,"aaaa"),SUM((Situation!$D$71:$D$85=MONTH(1&"/"&TEXT(D30,"mmmm")))*(Situation!$E$71:$E$85)), 0)))))))} -> 0 | F30: =IF($D$1=0,0, IF(D30=$P$6,$F$1, 0)) -> 0 | G30: {=IFERROR(IF(B30=$P$4,$K$1, IF(B30=EDATE($B$1,84),0, IF(COUNTIF($N$9:$N$20,B30),LOOKUP(2,1/($N$9:$N$20=B30),$Q$9:$Q$21)*-1, IF(C30<>0,$G$1,0)))),0)} -> 0 | H30: =IF(L29<SUM(E30+G30),L29,SUM(E30+G30)) -> 0 | I30: =IF(B30=$P$4,1, IF(AND(C30>=1,C30<=12),2, IF(AND(C30>=13,C30<=24),3, IF(AND(C30>=25,C30<=36),4, IF(AND(C30>=37,C30<=48),5, IF(AND(C30>=49,C30<=60),6, IF(AND(C30>=61,C30<=72),7, IF(AND(C30>=73,C30<=84),8, 0)))))))) -> 0 | J30: =IF(K30<>"",CONCATENATE("Annuité ",COUNT($K$3:K30)),"") | K30: =IF(B30=$P$4,$K$1, IF(C30=0,"", IF(AND(OR(C30=12,C30=24,C30=36,C30=48,C30=60,C30=72),$M$7<1),$O$8, IF(OR(C30=12,C30=24,C30=36,C30=48,C30=60,C30=72),$O$7, IF(B30=$P$6,$O$8,""))))) | L30: =SUM(L29-H30) -> 0 | N30: Annuité 8 | O30: {=IFERROR(LOOKUP(2,1/($J$3:$J$86=N30),$D$3:$D$86),"")} | P30: {=IFERROR(LOOKUP(2,1/($J$3:$J$86=N30),-$K$3:$K$86),"")}
A31: 29 | B31: =EDATE($B$1,A31) -> 44428 | C31: =IF(B31=$P$4,0, IF(B30=$P$4,1, IF(C30=0,0, IF(C30=$O$6,0, SUM(C30+1))))) -> 0 | D31: =IF(C31<>0,B31,0) -> 0 | E31: {=IF(C31=0,0, IF(Situation!$C$153=0,0, IF(OR(C31=12,C31=24,C31=36,C31=48,C31=60,C31=72),$E$1, IF(AND(C31>=1,C31<=SUM($M$7*12)),0, IF(AND(I31<=$M$7,TEXT(D31,"aaaa")=TEXT($P$6,"aaaa")),0, IF(M34=0,SUM((Situation!$D$71:$D$85=MONTH(1&"/"&TEXT(D31,"mmmm")))*(Situation!$E$71:$E$85)), IF(TEXT(D31,"aaaa")=TEXT($P$6,"aaaa"),SUM((Situation!$D$71:$D$85=MONTH(1&"/"&TEXT(D31,"mmmm")))*(Situation!$E$71:$E$85)), 0)))))))} -> 0 | F31: =IF($D$1=0,0, IF(D31=$P$6,$F$1, 0)) -> 0 | G31: {=IFERROR(IF(B31=$P$4,$K$1, IF(B31=EDATE($B$1,84),0, IF(COUNTIF($N$9:$N$20,B31),LOOKUP(2,1/($N$9:$N$20=B31),$Q$9:$Q$21)*-1, IF(C31<>0,$G$1,0)))),0)} -> 0 | H31: =IF(L30<SUM(E31+G31),L30,SUM(E31+G31)) -> 0 | I31: =IF(B31=$P$4,1, IF(AND(C31>=1,C31<=12),2, IF(AND(C31>=13,C31<=24),3, IF(AND(C31>=25,C31<=36),4, IF(AND(C31>=37,C31<=48),5, IF(AND(C31>=49,C31<=60),6, IF(AND(C31>=61,C31<=72),7, IF(AND(C31>=73,C31<=84),8, 0)))))))) -> 0 | J31: =IF(K31<>"",CONCATENATE("Annuité ",COUNT($K$3:K31)),"") | K31: =IF(B31=$P$4,$K$1, IF(C31=0,"", IF(AND(OR(C31=12,C31=24,C31=36,C31=48,C31=60,C31=72),$M$7<1),$O$8, IF(OR(C31=12,C31=24,C31=36,C31=48,C31=60,C31=72),$O$7, IF(B31=$P$6,$O$8,""))))) | L31: =SUM(L30-H31) -> 0 | N31: Date paiement | P31: =SUM(P22:P29) -> 0 | Q31: ok
A32: 30 | B32: =EDATE($B$1,A32) -> 44459 | C32: =IF(B32=$P$4,0, IF(B31=$P$4,1, IF(C31=0,0, IF(C31=$O$6,0, SUM(C31+1))))) -> 0 | D32: =IF(C32<>0,B32,0) -> 0 | E32: {=IF(C32=0,0, IF(Situation!$C$153=0,0, IF(OR(C32=12,C32=24,C32=36,C32=48,C32=60,C32=72),$E$1, IF(AND(C32>=1,C32<=SUM($M$7*12)),0, IF(AND(I32<=$M$7,TEXT(D32,"aaaa")=TEXT($P$6,"aaaa")),0, IF(M35=0,SUM((Situation!$D$71:$D$85=MONTH(1&"/"&TEXT(D32,"mmmm")))*(Situation!$E$71:$E$85)), IF(TEXT(D32,"aaaa")=TEXT($P$6,"aaaa"),SUM((Situation!$D$71:$D$85=MONTH(1&"/"&TEXT(D32,"mmmm")))*(Situation!$E$71:$E$85)), 0)))))))} -> 0 | F32: =IF($D$1=0,0, IF(D32=$P$6,$F$1, 0)) -> 0 | G32: {=IFERROR(IF(B32=$P$4,$K$1, IF(B32=EDATE($B$1,84),0, IF(COUNTIF($N$9:$N$20,B32),LOOKUP(2,1/($N$9:$N$20=B32),$Q$9:$Q$21)*-1, IF(C32<>0,$G$1,0)))),0)} -> 0 | H32: =IF(L31<SUM(E32+G32),L31,SUM(E32+G32)) -> 0 | I32: =IF(B32=$P$4,1, IF(AND(C32>=1,C32<=12),2, IF(AND(C32>=13,C32<=24),3, IF(AND(C32>=25,C32<=36),4, IF(AND(C32>=37,C32<=48),5, IF(AND(C32>=49,C32<=60),6, IF(AND(C32>=61,C32<=72),7, IF(AND(C32>=73,C32<=84),8, 0)))))))) -> 0 | J32: =IF(K32<>"",CONCATENATE("Annuité ",COUNT($K$3:K32)),"") | K32: =IF(B32=$P$4,$K$1, IF(C32=0,"", IF(AND(OR(C32=12,C32=24,C32=36,C32=48,C32=60,C32=72),$M$7<1),$O$8, IF(OR(C32=12,C32=24,C32=36,C32=48,C32=60,C32=72),$O$7, IF(B32=$P$6,$O$8,""))))) | L32: =SUM(L31-H32) -> 0 | N32: =IF(Q23="ok",N23,"") | P32: =IF(Q32="ok",P23,"")
A33: 31 | B33: =EDATE($B$1,A33) -> 44489 | C33: =IF(B33=$P$4,0, IF(B32=$P$4,1, IF(C32=0,0, IF(C32=$O$6,0, SUM(C32+1))))) -> 0 | D33: =IF(C33<>0,B33,0) -> 0 | E33: {=IF(C33=0,0, IF(Situation!$C$153=0,0, IF(OR(C33=12,C33=24,C33=36,C33=48,C33=60,C33=72),$E$1, IF(AND(C33>=1,C33<=SUM($M$7*12)),0, IF(AND(I33<=$M$7,TEXT(D33,"aaaa")=TEXT($P$6,"aaaa")),0, IF(M36=0,SUM((Situation!$D$71:$D$85=MONTH(1&"/"&TEXT(D33,"mmmm")))*(Situation!$E$71:$E$85)), IF(TEXT(D33,"aaaa")=TEXT($P$6,"aaaa"),SUM((Situation!$D$71:$D$85=MONTH(1&"/"&TEXT(D33,"mmmm")))*(Situation!$E$71:$E$85)), 0)))))))} -> 0 | F33: =IF($D$1=0,0, IF(D33=$P$6,$F$1, 0)) -> 0 | G33: {=IFERROR(IF(B33=$P$4,$K$1, IF(B33=EDATE($B$1,84),0, IF(COUNTIF($N$9:$N$20,B33),LOOKUP(2,1/($N$9:$N$20=B33),$Q$9:$Q$21)*-1, IF(C33<>0,$G$1,0)))),0)} -> 0 | H33: =IF(L32<SUM(E33+G33),L32,SUM(E33+G33)) -> 0 | I33: =IF(B33=$P$4,1, IF(AND(C33>=1,C33<=12),2, IF(AND(C33>=13,C33<=24),3, IF(AND(C33>=25,C33<=36),4, IF(AND(C33>=37,C33<=48),5, IF(AND(C33>=49,C33<=60),6, IF(AND(C33>=61,C33<=72),7, IF(AND(C33>=73,C33<=84),8, 0)))))))) -> 0 | J33: =IF(K33<>"",CONCATENATE("Annuité ",COUNT($K$3:K33)),"") | K33: =IF(B33=$P$4,$K$1, IF(C33=0,"", IF(AND(OR(C33=12,C33=24,C33=36,C33=48,C33=60,C33=72),$M$7<1),$O$8, IF(OR(C33=12,C33=24,C33=36,C33=48,C33=60,C33=72),$O$7, IF(B33=$P$6,$O$8,""))))) | L33: =SUM(L32-H33) -> 0 | N33: =IF(Q24="ok",N24,"") | P33: =IF(Q33="ok",P24,"")
A34: 32 | B34: =EDATE($B$1,A34) -> 44520 | C34: =IF(B34=$P$4,0, IF(B33=$P$4,1, IF(C33=0,0, IF(C33=$O$6,0, SUM(C33+1))))) -> 0 | D34: =IF(C34<>0,B34,0) -> 0 | E34: {=IF(C34=0,0, IF(Situation!$C$153=0,0, IF(OR(C34=12,C34=24,C34=36,C34=48,C34=60,C34=72),$E$1, IF(AND(C34>=1,C34<=SUM($M$7*12)),0, IF(AND(I34<=$M$7,TEXT(D34,"aaaa")=TEXT($P$6,"aaaa")),0, IF(M37=0,SUM((Situation!$D$71:$D$85=MONTH(1&"/"&TEXT(D34,"mmmm")))*(Situation!$E$71:$E$85)), IF(TEXT(D34,"aaaa")=TEXT($P$6,"aaaa"),SUM((Situation!$D$71:$D$85=MONTH(1&"/"&TEXT(D34,"mmmm")))*(Situation!$E$71:$E$85)), 0)))))))} -> 0 | F34: =IF($D$1=0,0, IF(D34=$P$6,$F$1, 0)) -> 0 | G34: {=IFERROR(IF(B34=$P$4,$K$1, IF(B34=EDATE($B$1,84),0, IF(COUNTIF($N$9:$N$20,B34),LOOKUP(2,1/($N$9:$N$20=B34),$Q$9:$Q$21)*-1, IF(C34<>0,$G$1,0)))),0)} -> 0 | H34: =IF(L33<SUM(E34+G34),L33,SUM(E34+G34)) -> 0 | I34: =IF(B34=$P$4,1, IF(AND(C34>=1,C34<=12),2, IF(AND(C34>=13,C34<=24),3, IF(AND(C34>=25,C34<=36),4, IF(AND(C34>=37,C34<=48),5, IF(AND(C34>=49,C34<=60),6, IF(AND(C34>=61,C34<=72),7, IF(AND(C34>=73,C34<=84),8, 0)))))))) -> 0 | J34: =IF(K34<>"",CONCATENATE("Annuité ",COUNT($K$3:K34)),"") | K34: =IF(B34=$P$4,$K$1, IF(C34=0,"", IF(AND(OR(C34=12,C34=24,C34=36,C34=48,C34=60,C34=72),$M$7<1),$O$8, IF(OR(C34=12,C34=24,C34=36,C34=48,C34=60,C34=72),$O$7, IF(B34=$P$6,$O$8,""))))) | L34: =SUM(L33-H34) -> 0 | N34: =IF(Q25="ok",N25,"") | P34: =IF(Q34="ok",P25,"")
A35: 33 | B35: =EDATE($B$1,A35) -> 44550 | C35: =IF(B35=$P$4,0, IF(B34=$P$4,1, IF(C34=0,0, IF(C34=$O$6,0, SUM(C34+1))))) -> 0 | D35: =IF(C35<>0,B35,0) -> 0 | E35: {=IF(C35=0,0, IF(Situation!$C$153=0,0, IF(OR(C35=12,C35=24,C35=36,C35=48,C35=60,C35=72),$E$1, IF(AND(C35>=1,C35<=SUM($M$7*12)),0, IF(AND(I35<=$M$7,TEXT(D35,"aaaa")=TEXT($P$6,"aaaa")),0, IF(M38=0,SUM((Situation!$D$71:$D$85=MONTH(1&"/"&TEXT(D35,"mmmm")))*(Situation!$E$71:$E$85)), IF(TEXT(D35,"aaaa")=TEXT($P$6,"aaaa"),SUM((Situation!$D$71:$D$85=MONTH(1&"/"&TEXT(D35,"mmmm")))*(Situation!$E$71:$E$85)), 0)))))))} -> 0 | F35: =IF($D$1=0,0, IF(D35=$P$6,$F$1, 0)) -> 0 | G35: {=IFERROR(IF(B35=$P$4,$K$1, IF(B35=EDATE($B$1,84),0, IF(COUNTIF($N$9:$N$20,B35),LOOKUP(2,1/($N$9:$N$20=B35),$Q$9:$Q$21)*-1, IF(C35<>0,$G$1,0)))),0)} -> 0 | H35: =IF(L34<SUM(E35+G35),L34,SUM(E35+G35)) -> 0 | I35: =IF(B35=$P$4,1, IF(AND(C35>=1,C35<=12),2, IF(AND(C35>=13,C35<=24),3, IF(AND(C35>=25,C35<=36),4, IF(AND(C35>=37,C35<=48),5, IF(AND(C35>=49,C35<=60),6, IF(AND(C35>=61,C35<=72),7, IF(AND(C35>=73,C35<=84),8, 0)))))))) -> 0 | J35: =IF(K35<>"",CONCATENATE("Annuité ",COUNT($K$3:K35)),"") | K35: =IF(B35=$P$4,$K$1, IF(C35=0,"", IF(AND(OR(C35=12,C35=24,C35=36,C35=48,C35=60,C35=72),$M$7<1),$O$8, IF(OR(C35=12,C35=24,C35=36,C35=48,C35=60,C35=72),$O$7, IF(B35=$P$6,$O$8,""))))) | L35: =SUM(L34-H35) -> 0 | N35: =IF(Q26="ok",N26,"") | P35: =IF(Q35="ok",P26,"")
A36: 34 | B36: =EDATE($B$1,A36) -> 44581 | C36: =IF(B36=$P$4,0, IF(B35=$P$4,1, IF(C35=0,0, IF(C35=$O$6,0, SUM(C35+1))))) -> 0 | D36: =IF(C36<>0,B36,0) -> 0 | E36: {=IF(C36=0,0, IF(Situation!$C$153=0,0, IF(OR(C36=12,C36=24,C36=36,C36=48,C36=60,C36=72),$E$1, IF(AND(C36>=1,C36<=SUM($M$7*12)),0, IF(AND(I36<=$M$7,TEXT(D36,"aaaa")=TEXT($P$6,"aaaa")),0, IF(M39=0,SUM((Situation!$D$71:$D$85=MONTH(1&"/"&TEXT(D36,"mmmm")))*(Situation!$E$71:$E$85)), IF(TEXT(D36,"aaaa")=TEXT($P$6,"aaaa"),SUM((Situation!$D$71:$D$85=MONTH(1&"/"&TEXT(D36,"mmmm")))*(Situation!$E$71:$E$85)), 0)))))))} -> 0 | F36: =IF($D$1=0,0, IF(D36=$P$6,$F$1, 0)) -> 0 | G36: {=IFERROR(IF(B36=$P$4,$K$1, IF(B36=EDATE($B$1,84),0, IF(COUNTIF($N$9:$N$20,B36),LOOKUP(2,1/($N$9:$N$20=B36),$Q$9:$Q$21)*-1, IF(C36<>0,$G$1,0)))),0)} -> 0 | H36: =IF(L35<SUM(E36+G36),L35,SUM(E36+G36)) -> 0 | I36: =IF(B36=$P$4,1, IF(AND(C36>=1,C36<=12),2, IF(AND(C36>=13,C36<=24),3, IF(AND(C36>=25,C36<=36),4, IF(AND(C36>=37,C36<=48),5, IF(AND(C36>=49,C36<=60),6, IF(AND(C36>=61,C36<=72),7, IF(AND(C36>=73,C36<=84),8, 0)))))))) -> 0 | J36: =IF(K36<>"",CONCATENATE("Annuité ",COUNT($K$3:K36)),"") | K36: =IF(B36=$P$4,$K$1, IF(C36=0,"", IF(AND(OR(C36=12,C36=24,C36=36,C36=48,C36=60,C36=72),$M$7<1),$O$8, IF(OR(C36=12,C36=24,C36=36,C36=48,C36=60,C36=72),$O$7, IF(B36=$P$6,$O$8,""))))) | L36: =SUM(L35-H36) -> 0 | N36: =IF(Q27="ok",N27,"") | P36: =IF(Q36="ok",P27,"")
A37: 35 | B37: =EDATE($B$1,A37) -> 44612 | C37: =IF(B37=$P$4,0, IF(B36=$P$4,1, IF(C36=0,0, IF(C36=$O$6,0, SUM(C36+1))))) -> 0 | D37: =IF(C37<>0,B37,0) -> 0 | E37: {=IF(C37=0,0, IF(Situation!$C$153=0,0, IF(OR(C37=12,C37=24,C37=36,C37=48,C37=60,C37=72),$E$1, IF(AND(C37>=1,C37<=SUM($M$7*12)),0, IF(AND(I37<=$M$7,TEXT(D37,"aaaa")=TEXT($P$6,"aaaa")),0, IF(M40=0,SUM((Situation!$D$71:$D$85=MONTH(1&"/"&TEXT(D37,"mmmm")))*(Situation!$E$71:$E$85)), IF(TEXT(D37,"aaaa")=TEXT($P$6,"aaaa"),SUM((Situation!$D$71:$D$85=MONTH(1&"/"&TEXT(D37,"mmmm")))*(Situation!$E$71:$E$85)), 0)))))))} -> 0 | F37: =IF($D$1=0,0, IF(D37=$P$6,$F$1, 0)) -> 0 | G37: {=IFERROR(IF(B37=$P$4,$K$1, IF(B37=EDATE($B$1,84),0, IF(COUNTIF($N$9:$N$20,B37),LOOKUP(2,1/($N$9:$N$20=B37),$Q$9:$Q$21)*-1, IF(C37<>0,$G$1,0)))),0)} -> 0 | H37: =IF(L36<SUM(E37+G37),L36,SUM(E37+G37)) -> 0 | I37: =IF(B37=$P$4,1, IF(AND(C37>=1,C37<=12),2, IF(AND(C37>=13,C37<=24),3, IF(AND(C37>=25,C37<=36),4, IF(AND(C37>=37,C37<=48),5, IF(AND(C37>=49,C37<=60),6, IF(AND(C37>=61,C37<=72),7, IF(AND(C37>=73,C37<=84),8, 0)))))))) -> 0 | J37: =IF(K37<>"",CONCATENATE("Annuité ",COUNT($K$3:K37)),"") | K37: =IF(B37=$P$4,$K$1, IF(C37=0,"", IF(AND(OR(C37=12,C37=24,C37=36,C37=48,C37=60,C37=72),$M$7<1),$O$8, IF(OR(C37=12,C37=24,C37=36,C37=48,C37=60,C37=72),$O$7, IF(B37=$P$6,$O$8,""))))) | L37: =SUM(L36-H37) -> 0 | N37: =IF(Q28="ok",N28,"") | P37: =IF(Q37="ok",P28,"")
A38: 36 | B38: =EDATE($B$1,A38) -> 44640 | C38: =IF(B38=$P$4,0, IF(B37=$P$4,1, IF(C37=0,0, IF(C37=$O$6,0, SUM(C37+1))))) -> 0 | D38: =IF(C38<>0,B38,0) -> 0 | E38: {=IF(C38=0,0, IF(Situation!$C$153=0,0, IF(OR(C38=12,C38=24,C38=36,C38=48,C38=60,C38=72),$E$1, IF(AND(C38>=1,C38<=SUM($M$7*12)),0, IF(AND(I38<=$M$7,TEXT(D38,"aaaa")=TEXT($P$6,"aaaa")),0, IF(M41=0,SUM((Situation!$D$71:$D$85=MONTH(1&"/"&TEXT(D38,"mmmm")))*(Situation!$E$71:$E$85)), IF(TEXT(D38,"aaaa")=TEXT($P$6,"aaaa"),SUM((Situation!$D$71:$D$85=MONTH(1&"/"&TEXT(D38,"mmmm")))*(Situation!$E$71:$E$85)), 0)))))))} -> 0 | F38: =IF($D$1=0,0, IF(D38=$P$6,$F$1, 0)) -> 0 | G38: {=IFERROR(IF(B38=$P$4,$K$1, IF(B38=EDATE($B$1,84),0, IF(COUNTIF($N$9:$N$20,B38),LOOKUP(2,1/($N$9:$N$20=B38),$Q$9:$Q$21)*-1, IF(C38<>0,$G$1,0)))),0)} -> 0 | H38: =IF(L37<SUM(E38+G38),L37,SUM(E38+G38)) -> 0 | I38: =IF(B38=$P$4,1, IF(AND(C38>=1,C38<=12),2, IF(AND(C38>=13,C38<=24),3, IF(AND(C38>=25,C38<=36),4, IF(AND(C38>=37,C38<=48),5, IF(AND(C38>=49,C38<=60),6, IF(AND(C38>=61,C38<=72),7, IF(AND(C38>=73,C38<=84),8, 0)))))))) -> 0 | J38: =IF(K38<>"",CONCATENATE("Annuité ",COUNT($K$3:K38)),"") | K38: =IF(B38=$P$4,$K$1, IF(C38=0,"", IF(AND(OR(C38=12,C38=24,C38=36,C38=48,C38=60,C38=72),$M$7<1),$O$8, IF(OR(C38=12,C38=24,C38=36,C38=48,C38=60,C38=72),$O$7, IF(B38=$P$6,$O$8,""))))) | L38: =SUM(L37-H38) -> 0 | N38: =IF(Q29="ok",N29,"") | P38: =IF(Q38="ok",P29,"")
A39: 37 | B39: =EDATE($B$1,A39) -> 44671 | C39: =IF(B39=$P$4,0, IF(B38=$P$4,1, IF(C38=0,0, IF(C38=$O$6,0, SUM(C38+1))))) -> 0 | D39: =IF(C39<>0,B39,0) -> 0 | E39: {=IF(C39=0,0, IF(Situation!$C$153=0,0, IF(OR(C39=12,C39=24,C39=36,C39=48,C39=60,C39=72),$E$1, IF(AND(C39>=1,C39<=SUM($M$7*12)),0, IF(AND(I39<=$M$7,TEXT(D39,"aaaa")=TEXT($P$6,"aaaa")),0, IF(M42=0,SUM((Situation!$D$71:$D$85=MONTH(1&"/"&TEXT(D39,"mmmm")))*(Situation!$E$71:$E$85)), IF(TEXT(D39,"aaaa")=TEXT($P$6,"aaaa"),SUM((Situation!$D$71:$D$85=MONTH(1&"/"&TEXT(D39,"mmmm")))*(Situation!$E$71:$E$85)), 0)))))))} -> 0 | F39: =IF($D$1=0,0, IF(D39=$P$6,$F$1, 0)) -> 0 | G39: {=IFERROR(IF(B39=$P$4,$K$1, IF(B39=EDATE($B$1,84),0, IF(COUNTIF($N$9:$N$20,B39),LOOKUP(2,1/($N$9:$N$20=B39),$Q$9:$Q$21)*-1, IF(C39<>0,$G$1,0)))),0)} -> 0 | H39: =IF(L38<SUM(E39+G39),L38,SUM(E39+G39)) -> 0 | I39: =IF(B39=$P$4,1, IF(AND(C39>=1,C39<=12),2, IF(AND(C39>=13,C39<=24),3, IF(AND(C39>=25,C39<=36),4, IF(AND(C39>=37,C39<=48),5, IF(AND(C39>=49,C39<=60),6, IF(AND(C39>=61,C39<=72),7, IF(AND(C39>=73,C39<=84),8, 0)))))))) -> 0 | J39: =IF(K39<>"",CONCATENATE("Annuité ",COUNT($K$3:K39)),"") | K39: =IF(B39=$P$4,$K$1, IF(C39=0,"", IF(AND(OR(C39=12,C39=24,C39=36,C39=48,C39=60,C39=72),$M$7<1),$O$8, IF(OR(C39=12,C39=24,C39=36,C39=48,C39=60,C39=72),$O$7, IF(B39=$P$6,$O$8,""))))) | L39: =SUM(L38-H39) -> 0
A40: 38 | B40: =EDATE($B$1,A40) -> 44701 | C40: =IF(B40=$P$4,0, IF(B39=$P$4,1, IF(C39=0,0, IF(C39=$O$6,0, SUM(C39+1))))) -> 0 | D40: =IF(C40<>0,B40,0) -> 0 | E40: {=IF(C40=0,0, IF(Situation!$C$153=0,0, IF(OR(C40=12,C40=24,C40=36,C40=48,C40=60,C40=72),$E$1, IF(AND(C40>=1,C40<=SUM($M$7*12)),0, IF(AND(I40<=$M$7,TEXT(D40,"aaaa")=TEXT($P$6,"aaaa")),0, IF(M43=0,SUM((Situation!$D$71:$D$85=MONTH(1&"/"&TEXT(D40,"mmmm")))*(Situation!$E$71:$E$85)), IF(TEXT(D40,"aaaa")=TEXT($P$6,"aaaa"),SUM((Situation!$D$71:$D$85=MONTH(1&"/"&TEXT(D40,"mmmm")))*(Situation!$E$71:$E$85)), 0)))))))} -> 0 | F40: =IF($D$1=0,0, IF(D40=$P$6,$F$1, 0)) -> 0 | G40: {=IFERROR(IF(B40=$P$4,$K$1, IF(B40=EDATE($B$1,84),0, IF(COUNTIF($N$9:$N$20,B40),LOOKUP(2,1/($N$9:$N$20=B40),$Q$9:$Q$21)*-1, IF(C40<>0,$G$1,0)))),0)} -> 0 | H40: =IF(L39<SUM(E40+G40),L39,SUM(E40+G40)) -> 0 | I40: =IF(B40=$P$4,1, IF(AND(C40>=1,C40<=12),2, IF(AND(C40>=13,C40<=24),3, IF(AND(C40>=25,C40<=36),4, IF(AND(C40>=37,C40<=48),5, IF(AND(C40>=49,C40<=60),6, IF(AND(C40>=61,C40<=72),7, IF(AND(C40>=73,C40<=84),8, 0)))))))) -> 0 | J40: =IF(K40<>"",CONCATENATE("Annuité ",COUNT($K$3:K40)),"") | K40: =IF(B40=$P$4,$K$1, IF(C40=0,"", IF(AND(OR(C40=12,C40=24,C40=36,C40=48,C40=60,C40=72),$M$7<1),$O$8, IF(OR(C40=12,C40=24,C40=36,C40=48,C40=60,C40=72),$O$7, IF(B40=$P$6,$O$8,""))))) | L40: =SUM(L39-H40) -> 0
A41: 39 | B41: =EDATE($B$1,A41) -> 44732 | C41: =IF(B41=$P$4,0, IF(B40=$P$4,1, IF(C40=0,0, IF(C40=$O$6,0, SUM(C40+1))))) -> 0 | D41: =IF(C41<>0,B41,0) -> 0 | E41: {=IF(C41=0,0, IF(Situation!$C$153=0,0, IF(OR(C41=12,C41=24,C41=36,C41=48,C41=60,C41=72),$E$1, IF(AND(C41>=1,C41<=SUM($M$7*12)),0, IF(AND(I41<=$M$7,TEXT(D41,"aaaa")=TEXT($P$6,"aaaa")),0, IF(M44=0,SUM((Situation!$D$71:$D$85=MONTH(1&"/"&TEXT(D41,"mmmm")))*(Situation!$E$71:$E$85)), IF(TEXT(D41,"aaaa")=TEXT($P$6,"aaaa"),SUM((Situation!$D$71:$D$85=MONTH(1&"/"&TEXT(D41,"mmmm")))*(Situation!$E$71:$E$85)), 0)))))))} -> 0 | F41: =IF($D$1=0,0, IF(D41=$P$6,$F$1, 0)) -> 0 | G41: {=IFERROR(IF(B41=$P$4,$K$1, IF(B41=EDATE($B$1,84),0, IF(COUNTIF($N$9:$N$20,B41),LOOKUP(2,1/($N$9:$N$20=B41),$Q$9:$Q$21)*-1, IF(C41<>0,$G$1,0)))),0)} -> 0 | H41: =IF(L40<SUM(E41+G41),L40,SUM(E41+G41)) -> 0 | I41: =IF(B41=$P$4,1, IF(AND(C41>=1,C41<=12),2, IF(AND(C41>=13,C41<=24),3, IF(AND(C41>=25,C41<=36),4, IF(AND(C41>=37,C41<=48),5, IF(AND(C41>=49,C41<=60),6, IF(AND(C41>=61,C41<=72),7, IF(AND(C41>=73,C41<=84),8, 0)))))))) -> 0 | J41: =IF(K41<>"",CONCATENATE("Annuité ",COUNT($K$3:K41)),"") | K41: =IF(B41=$P$4,$K$1, IF(C41=0,"", IF(AND(OR(C41=12,C41=24,C41=36,C41=48,C41=60,C41=72),$M$7<1),$O$8, IF(OR(C41=12,C41=24,C41=36,C41=48,C41=60,C41=72),$O$7, IF(B41=$P$6,$O$8,""))))) | L41: =SUM(L40-H41) -> 0
A42: 40 | B42: =EDATE($B$1,A42) -> 44762 | C42: =IF(B42=$P$4,0, IF(B41=$P$4,1, IF(C41=0,0, IF(C41=$O$6,0, SUM(C41+1))))) -> 0 | D42: =IF(C42<>0,B42,0) -> 0 | E42: {=IF(C42=0,0, IF(Situation!$C$153=0,0, IF(OR(C42=12,C42=24,C42=36,C42=48,C42=60,C42=72),$E$1, IF(AND(C42>=1,C42<=SUM($M$7*12)),0, IF(AND(I42<=$M$7,TEXT(D42,"aaaa")=TEXT($P$6,"aaaa")),0, IF(M45=0,SUM((Situation!$D$71:$D$85=MONTH(1&"/"&TEXT(D42,"mmmm")))*(Situation!$E$71:$E$85)), IF(TEXT(D42,"aaaa")=TEXT($P$6,"aaaa"),SUM((Situation!$D$71:$D$85=MONTH(1&"/"&TEXT(D42,"mmmm")))*(Situation!$E$71:$E$85)), 0)))))))} -> 0 | F42: =IF($D$1=0,0, IF(D42=$P$6,$F$1, 0)) -> 0 | G42: {=IFERROR(IF(B42=$P$4,$K$1, IF(B42=EDATE($B$1,84),0, IF(COUNTIF($N$9:$N$20,B42),LOOKUP(2,1/($N$9:$N$20=B42),$Q$9:$Q$21)*-1, IF(C42<>0,$G$1,0)))),0)} -> 0 | H42: =IF(L41<SUM(E42+G42),L41,SUM(E42+G42)) -> 0 | I42: =IF(B42=$P$4,1, IF(AND(C42>=1,C42<=12),2, IF(AND(C42>=13,C42<=24),3, IF(AND(C42>=25,C42<=36),4, IF(AND(C42>=37,C42<=48),5, IF(AND(C42>=49,C42<=60),6, IF(AND(C42>=61,C42<=72),7, IF(AND(C42>=73,C42<=84),8, 0)))))))) -> 0 | J42: =IF(K42<>"",CONCATENATE("Annuité ",COUNT($K$3:K42)),"") | K42: =IF(B42=$P$4,$K$1, IF(C42=0,"", IF(AND(OR(C42=12,C42=24,C42=36,C42=48,C42=60,C42=72),$M$7<1),$O$8, IF(OR(C42=12,C42=24,C42=36,C42=48,C42=60,C42=72),$O$7, IF(B42=$P$6,$O$8,""))))) | L42: =SUM(L41-H42) -> 0
A43: 41 | B43: =EDATE($B$1,A43) -> 44793 | C43: =IF(B43=$P$4,0, IF(B42=$P$4,1, IF(C42=0,0, IF(C42=$O$6,0, SUM(C42+1))))) -> 0 | D43: =IF(C43<>0,B43,0) -> 0 | E43: {=IF(C43=0,0, IF(Situation!$C$153=0,0, IF(OR(C43=12,C43=24,C43=36,C43=48,C43=60,C43=72),$E$1, IF(AND(C43>=1,C43<=SUM($M$7*12)),0, IF(AND(I43<=$M$7,TEXT(D43,"aaaa")=TEXT($P$6,"aaaa")),0, IF(M46=0,SUM((Situation!$D$71:$D$85=MONTH(1&"/"&TEXT(D43,"mmmm")))*(Situation!$E$71:$E$85)), IF(TEXT(D43,"aaaa")=TEXT($P$6,"aaaa"),SUM((Situation!$D$71:$D$85=MONTH(1&"/"&TEXT(D43,"mmmm")))*(Situation!$E$71:$E$85)), 0)))))))} -> 0 | F43: =IF($D$1=0,0, IF(D43=$P$6,$F$1, 0)) -> 0 | G43: {=IFERROR(IF(B43=$P$4,$K$1, IF(B43=EDATE($B$1,84),0, IF(COUNTIF($N$9:$N$20,B43),LOOKUP(2,1/($N$9:$N$20=B43),$Q$9:$Q$21)*-1, IF(C43<>0,$G$1,0)))),0)} -> 0 | H43: =IF(L42<SUM(E43+G43),L42,SUM(E43+G43)) -> 0 | I43: =IF(B43=$P$4,1, IF(AND(C43>=1,C43<=12),2, IF(AND(C43>=13,C43<=24),3, IF(AND(C43>=25,C43<=36),4, IF(AND(C43>=37,C43<=48),5, IF(AND(C43>=49,C43<=60),6, IF(AND(C43>=61,C43<=72),7, IF(AND(C43>=73,C43<=84),8, 0)))))))) -> 0 | J43: =IF(K43<>"",CONCATENATE("Annuité ",COUNT($K$3:K43)),"") | K43: =IF(B43=$P$4,$K$1, IF(C43=0,"", IF(AND(OR(C43=12,C43=24,C43=36,C43=48,C43=60,C43=72),$M$7<1),$O$8, IF(OR(C43=12,C43=24,C43=36,C43=48,C43=60,C43=72),$O$7, IF(B43=$P$6,$O$8,""))))) | L43: =SUM(L42-H43) -> 0
A44: 42 | B44: =EDATE($B$1,A44) -> 44824 | C44: =IF(B44=$P$4,0, IF(B43=$P$4,1, IF(C43=0,0, IF(C43=$O$6,0, SUM(C43+1))))) -> 0 | D44: =IF(C44<>0,B44,0) -> 0 | E44: {=IF(C44=0,0, IF(Situation!$C$153=0,0, IF(OR(C44=12,C44=24,C44=36,C44=48,C44=60,C44=72),$E$1, IF(AND(C44>=1,C44<=SUM($M$7*12)),0, IF(AND(I44<=$M$7,TEXT(D44,"aaaa")=TEXT($P$6,"aaaa")),0, IF(M47=0,SUM((Situation!$D$71:$D$85=MONTH(1&"/"&TEXT(D44,"mmmm")))*(Situation!$E$71:$E$85)), IF(TEXT(D44,"aaaa")=TEXT($P$6,"aaaa"),SUM((Situation!$D$71:$D$85=MONTH(1&"/"&TEXT(D44,"mmmm")))*(Situation!$E$71:$E$85)), 0)))))))} -> 0 | F44: =IF($D$1=0,0, IF(D44=$P$6,$F$1, 0)) -> 0 | G44: {=IFERROR(IF(B44=$P$4,$K$1, IF(B44=EDATE($B$1,84),0, IF(COUNTIF($N$9:$N$20,B44),LOOKUP(2,1/($N$9:$N$20=B44),$Q$9:$Q$21)*-1, IF(C44<>0,$G$1,0)))),0)} -> 0 | H44: =IF(L43<SUM(E44+G44),L43,SUM(E44+G44)) -> 0 | I44: =IF(B44=$P$4,1, IF(AND(C44>=1,C44<=12),2, IF(AND(C44>=13,C44<=24),3, IF(AND(C44>=25,C44<=36),4, IF(AND(C44>=37,C44<=48),5, IF(AND(C44>=49,C44<=60),6, IF(AND(C44>=61,C44<=72),7, IF(AND(C44>=73,C44<=84),8, 0)))))))) -> 0 | J44: =IF(K44<>"",CONCATENATE("Annuité ",COUNT($K$3:K44)),"") | K44: =IF(B44=$P$4,$K$1, IF(C44=0,"", IF(AND(OR(C44=12,C44=24,C44=36,C44=48,C44=60,C44=72),$M$7<1),$O$8, IF(OR(C44=12,C44=24,C44=36,C44=48,C44=60,C44=72),$O$7, IF(B44=$P$6,$O$8,""))))) | L44: =SUM(L43-H44) -> 0
A45: 43 | B45: =EDATE($B$1,A45) -> 44854 | C45: =IF(B45=$P$4,0, IF(B44=$P$4,1, IF(C44=0,0, IF(C44=$O$6,0, SUM(C44+1))))) -> 0 | D45: =IF(C45<>0,B45,0) -> 0 | E45: {=IF(C45=0,0, IF(Situation!$C$153=0,0, IF(OR(C45=12,C45=24,C45=36,C45=48,C45=60,C45=72),$E$1, IF(AND(C45>=1,C45<=SUM($M$7*12)),0, IF(AND(I45<=$M$7,TEXT(D45,"aaaa")=TEXT($P$6,"aaaa")),0, IF(M48=0,SUM((Situation!$D$71:$D$85=MONTH(1&"/"&TEXT(D45,"mmmm")))*(Situation!$E$71:$E$85)), IF(TEXT(D45,"aaaa")=TEXT($P$6,"aaaa"),SUM((Situation!$D$71:$D$85=MONTH(1&"/"&TEXT(D45,"mmmm")))*(Situation!$E$71:$E$85)), 0)))))))} -> 0 | F45: =IF($D$1=0,0, IF(D45=$P$6,$F$1, 0)) -> 0 | G45: {=IFERROR(IF(B45=$P$4,$K$1, IF(B45=EDATE($B$1,84),0, IF(COUNTIF($N$9:$N$20,B45),LOOKUP(2,1/($N$9:$N$20=B45),$Q$9:$Q$21)*-1, IF(C45<>0,$G$1,0)))),0)} -> 0 | H45: =IF(L44<SUM(E45+G45),L44,SUM(E45+G45)) -> 0 | I45: =IF(B45=$P$4,1, IF(AND(C45>=1,C45<=12),2, IF(AND(C45>=13,C45<=24),3, IF(AND(C45>=25,C45<=36),4, IF(AND(C45>=37,C45<=48),5, IF(AND(C45>=49,C45<=60),6, IF(AND(C45>=61,C45<=72),7, IF(AND(C45>=73,C45<=84),8, 0)))))))) -> 0 | J45: =IF(K45<>"",CONCATENATE("Annuité ",COUNT($K$3:K45)),"") | K45: =IF(B45=$P$4,$K$1, IF(C45=0,"", IF(AND(OR(C45=12,C45=24,C45=36,C45=48,C45=60,C45=72),$M$7<1),$O$8, IF(OR(C45=12,C45=24,C45=36,C45=48,C45=60,C45=72),$O$7, IF(B45=$P$6,$O$8,""))))) | L45: =SUM(L44-H45) -> 0
A46: 44 | B46: =EDATE($B$1,A46) -> 44885 | C46: =IF(B46=$P$4,0, IF(B45=$P$4,1, IF(C45=0,0, IF(C45=$O$6,0, SUM(C45+1))))) -> 0 | D46: =IF(C46<>0,B46,0) -> 0 | E46: {=IF(C46=0,0, IF(Situation!$C$153=0,0, IF(OR(C46=12,C46=24,C46=36,C46=48,C46=60,C46=72),$E$1, IF(AND(C46>=1,C46<=SUM($M$7*12)),0, IF(AND(I46<=$M$7,TEXT(D46,"aaaa")=TEXT($P$6,"aaaa")),0, IF(M49=0,SUM((Situation!$D$71:$D$85=MONTH(1&"/"&TEXT(D46,"mmmm")))*(Situation!$E$71:$E$85)), IF(TEXT(D46,"aaaa")=TEXT($P$6,"aaaa"),SUM((Situation!$D$71:$D$85=MONTH(1&"/"&TEXT(D46,"mmmm")))*(Situation!$E$71:$E$85)), 0)))))))} -> 0 | F46: =IF($D$1=0,0, IF(D46=$P$6,$F$1, 0)) -> 0 | G46: {=IFERROR(IF(B46=$P$4,$K$1, IF(B46=EDATE($B$1,84),0, IF(COUNTIF($N$9:$N$20,B46),LOOKUP(2,1/($N$9:$N$20=B46),$Q$9:$Q$21)*-1, IF(C46<>0,$G$1,0)))),0)} -> 0 | H46: =IF(L45<SUM(E46+G46),L45,SUM(E46+G46)) -> 0 | I46: =IF(B46=$P$4,1, IF(AND(C46>=1,C46<=12),2, IF(AND(C46>=13,C46<=24),3, IF(AND(C46>=25,C46<=36),4, IF(AND(C46>=37,C46<=48),5, IF(AND(C46>=49,C46<=60),6, IF(AND(C46>=61,C46<=72),7, IF(AND(C46>=73,C46<=84),8, 0)))))))) -> 0 | J46: =IF(K46<>"",CONCATENATE("Annuité ",COUNT($K$3:K46)),"") | K46: =IF(B46=$P$4,$K$1, IF(C46=0,"", IF(AND(OR(C46=12,C46=24,C46=36,C46=48,C46=60,C46=72),$M$7<1),$O$8, IF(OR(C46=12,C46=24,C46=36,C46=48,C46=60,C46=72),$O$7, IF(B46=$P$6,$O$8,""))))) | L46: =SUM(L45-H46) -> 0
A47: 45 | B47: =EDATE($B$1,A47) -> 44915 | C47: =IF(B47=$P$4,0, IF(B46=$P$4,1, IF(C46=0,0, IF(C46=$O$6,0, SUM(C46+1))))) -> 0 | D47: =IF(C47<>0,B47,0) -> 0 | E47: {=IF(C47=0,0, IF(Situation!$C$153=0,0, IF(OR(C47=12,C47=24,C47=36,C47=48,C47=60,C47=72),$E$1, IF(AND(C47>=1,C47<=SUM($M$7*12)),0, IF(AND(I47<=$M$7,TEXT(D47,"aaaa")=TEXT($P$6,"aaaa")),0, IF(M50=0,SUM((Situation!$D$71:$D$85=MONTH(1&"/"&TEXT(D47,"mmmm")))*(Situation!$E$71:$E$85)), IF(TEXT(D47,"aaaa")=TEXT($P$6,"aaaa"),SUM((Situation!$D$71:$D$85=MONTH(1&"/"&TEXT(D47,"mmmm")))*(Situation!$E$71:$E$85)), 0)))))))} -> 0 | F47: =IF($D$1=0,0, IF(D47=$P$6,$F$1, 0)) -> 0 | G47: {=IFERROR(IF(B47=$P$4,$K$1, IF(B47=EDATE($B$1,84),0, IF(COUNTIF($N$9:$N$20,B47),LOOKUP(2,1/($N$9:$N$20=B47),$Q$9:$Q$21)*-1, IF(C47<>0,$G$1,0)))),0)} -> 0 | H47: =IF(L46<SUM(E47+G47),L46,SUM(E47+G47)) -> 0 | I47: =IF(B47=$P$4,1, IF(AND(C47>=1,C47<=12),2, IF(AND(C47>=13,C47<=24),3, IF(AND(C47>=25,C47<=36),4, IF(AND(C47>=37,C47<=48),5, IF(AND(C47>=49,C47<=60),6, IF(AND(C47>=61,C47<=72),7, IF(AND(C47>=73,C47<=84),8, 0)))))))) -> 0 | J47: =IF(K47<>"",CONCATENATE("Annuité ",COUNT($K$3:K47)),"") | K47: =IF(B47=$P$4,$K$1, IF(C47=0,"", IF(AND(OR(C47=12,C47=24,C47=36,C47=48,C47=60,C47=72),$M$7<1),$O$8, IF(OR(C47=12,C47=24,C47=36,C47=48,C47=60,C47=72),$O$7, IF(B47=$P$6,$O$8,""))))) | L47: =SUM(L46-H47) -> 0
A48: 46 | B48: =EDATE($B$1,A48) -> 44946 | C48: =IF(B48=$P$4,0, IF(B47=$P$4,1, IF(C47=0,0, IF(C47=$O$6,0, SUM(C47+1))))) -> 0 | D48: =IF(C48<>0,B48,0) -> 0 | E48: {=IF(C48=0,0, IF(Situation!$C$153=0,0, IF(OR(C48=12,C48=24,C48=36,C48=48,C48=60,C48=72),$E$1, IF(AND(C48>=1,C48<=SUM($M$7*12)),0, IF(AND(I48<=$M$7,TEXT(D48,"aaaa")=TEXT($P$6,"aaaa")),0, IF(M51=0,SUM((Situation!$D$71:$D$85=MONTH(1&"/"&TEXT(D48,"mmmm")))*(Situation!$E$71:$E$85)), IF(TEXT(D48,"aaaa")=TEXT($P$6,"aaaa"),SUM((Situation!$D$71:$D$85=MONTH(1&"/"&TEXT(D48,"mmmm")))*(Situation!$E$71:$E$85)), 0)))))))} -> 0 | F48: =IF($D$1=0,0, IF(D48=$P$6,$F$1, 0)) -> 0 | G48: {=IFERROR(IF(B48=$P$4,$K$1, IF(B48=EDATE($B$1,84),0, IF(COUNTIF($N$9:$N$20,B48),LOOKUP(2,1/($N$9:$N$20=B48),$Q$9:$Q$21)*-1, IF(C48<>0,$G$1,0)))),0)} -> 0 | H48: =IF(L47<SUM(E48+G48),L47,SUM(E48+G48)) -> 0 | I48: =IF(B48=$P$4,1, IF(AND(C48>=1,C48<=12),2, IF(AND(C48>=13,C48<=24),3, IF(AND(C48>=25,C48<=36),4, IF(AND(C48>=37,C48<=48),5, IF(AND(C48>=49,C48<=60),6, IF(AND(C48>=61,C48<=72),7, IF(AND(C48>=73,C48<=84),8, 0)))))))) -> 0 | J48: =IF(K48<>"",CONCATENATE("Annuité ",COUNT($K$3:K48)),"") | K48: =IF(B48=$P$4,$K$1, IF(C48=0,"", IF(AND(OR(C48=12,C48=24,C48=36,C48=48,C48=60,C48=72),$M$7<1),$O$8, IF(OR(C48=12,C48=24,C48=36,C48=48,C48=60,C48=72),$O$7, IF(B48=$P$6,$O$8,""))))) | L48: =SUM(L47-H48) -> 0
A49: 47 | B49: =EDATE($B$1,A49) -> 44977 | C49: =IF(B49=$P$4,0, IF(B48=$P$4,1, IF(C48=0,0, IF(C48=$O$6,0, SUM(C48+1))))) -> 0 | D49: =IF(C49<>0,B49,0) -> 0 | E49: {=IF(C49=0,0, IF(Situation!$C$153=0,0, IF(OR(C49=12,C49=24,C49=36,C49=48,C49=60,C49=72),$E$1, IF(AND(C49>=1,C49<=SUM($M$7*12)),0, IF(AND(I49<=$M$7,TEXT(D49,"aaaa")=TEXT($P$6,"aaaa")),0, IF(M52=0,SUM((Situation!$D$71:$D$85=MONTH(1&"/"&TEXT(D49,"mmmm")))*(Situation!$E$71:$E$85)), IF(TEXT(D49,"aaaa")=TEXT($P$6,"aaaa"),SUM((Situation!$D$71:$D$85=MONTH(1&"/"&TEXT(D49,"mmmm")))*(Situation!$E$71:$E$85)), 0)))))))} -> 0 | F49: =IF($D$1=0,0, IF(D49=$P$6,$F$1, 0)) -> 0 | G49: {=IFERROR(IF(B49=$P$4,$K$1, IF(B49=EDATE($B$1,84),0, IF(COUNTIF($N$9:$N$20,B49),LOOKUP(2,1/($N$9:$N$20=B49),$Q$9:$Q$21)*-1, IF(C49<>0,$G$1,0)))),0)} -> 0 | H49: =IF(L48<SUM(E49+G49),L48,SUM(E49+G49)) -> 0 | I49: =IF(B49=$P$4,1, IF(AND(C49>=1,C49<=12),2, IF(AND(C49>=13,C49<=24),3, IF(AND(C49>=25,C49<=36),4, IF(AND(C49>=37,C49<=48),5, IF(AND(C49>=49,C49<=60),6, IF(AND(C49>=61,C49<=72),7, IF(AND(C49>=73,C49<=84),8, 0)))))))) -> 0 | J49: =IF(K49<>"",CONCATENATE("Annuité ",COUNT($K$3:K49)),"") | K49: =IF(B49=$P$4,$K$1, IF(C49=0,"", IF(AND(OR(C49=12,C49=24,C49=36,C49=48,C49=60,C49=72),$M$7<1),$O$8, IF(OR(C49=12,C49=24,C49=36,C49=48,C49=60,C49=72),$O$7, IF(B49=$P$6,$O$8,""))))) | L49: =SUM(L48-H49) -> 0
A50: 48 | B50: =EDATE($B$1,A50) -> 45005 | C50: =IF(B50=$P$4,0, IF(B49=$P$4,1, IF(C49=0,0, IF(C49=$O$6,0, SUM(C49+1))))) -> 0 | D50: =IF(C50<>0,B50,0) -> 0 | E50: {=IF(C50=0,0, IF(Situation!$C$153=0,0, IF(OR(C50=12,C50=24,C50=36,C50=48,C50=60,C50=72),$E$1, IF(AND(C50>=1,C50<=SUM($M$7*12)),0, IF(AND(I50<=$M$7,TEXT(D50,"aaaa")=TEXT($P$6,"aaaa")),0, IF(M53=0,SUM((Situation!$D$71:$D$85=MONTH(1&"/"&TEXT(D50,"mmmm")))*(Situation!$E$71:$E$85)), IF(TEXT(D50,"aaaa")=TEXT($P$6,"aaaa"),SUM((Situation!$D$71:$D$85=MONTH(1&"/"&TEXT(D50,"mmmm")))*(Situation!$E$71:$E$85)), 0)))))))} -> 0 | F50: =IF($D$1=0,0, IF(D50=$P$6,$F$1, 0)) -> 0 | G50: {=IFERROR(IF(B50=$P$4,$K$1, IF(B50=EDATE($B$1,84),0, IF(COUNTIF($N$9:$N$20,B50),LOOKUP(2,1/($N$9:$N$20=B50),$Q$9:$Q$21)*-1, IF(C50<>0,$G$1,0)))),0)} -> 0 | H50: =IF(L49<SUM(E50+G50),L49,SUM(E50+G50)) -> 0 | I50: =IF(B50=$P$4,1, IF(AND(C50>=1,C50<=12),2, IF(AND(C50>=13,C50<=24),3, IF(AND(C50>=25,C50<=36),4, IF(AND(C50>=37,C50<=48),5, IF(AND(C50>=49,C50<=60),6, IF(AND(C50>=61,C50<=72),7, IF(AND(C50>=73,C50<=84),8, 0)))))))) -> 0 | J50: =IF(K50<>"",CONCATENATE("Annuité ",COUNT($K$3:K50)),"") | K50: =IF(B50=$P$4,$K$1, IF(C50=0,"", IF(AND(OR(C50=12,C50=24,C50=36,C50=48,C50=60,C50=72),$M$7<1),$O$8, IF(OR(C50=12,C50=24,C50=36,C50=48,C50=60,C50=72),$O$7, IF(B50=$P$6,$O$8,""))))) | L50: =SUM(L49-H50) -> 0
... A86: 84 | B86: =EDATE($B$1,A86) -> 46101 | C86: =IF(B86=$P$4,0, IF(B85=$P$4,1, IF(C85=0,0, IF(C85=$O$6,0, SUM(C85+1))))) -> 0 | D86: =IF(C86<>0,B86,0) -> 0 | E86: {=IF(C86=0,0, IF(Situation!$C$153=0,0, IF(OR(C86=12,C86=24,C86=36,C86=48,C86=60,C86=72),$E$1, IF(AND(C86>=1,C86<=SUM($M$7*12)),0, IF(AND(I86<=$M$7,TEXT(D86,"aaaa")=TEXT($P$6,"aaaa")),0, IF(M89=0,SUM((Situation!$D$71:$D$85=MONTH(1&"/"&TEXT(D86,"mmmm")))*(Situation!$E$71:$E$85)), IF(TEXT(D86,"aaaa")=TEXT($P$6,"aaaa"),SUM((Situation!$D$71:$D$85=MONTH(1&"/"&TEXT(D86,"mmmm")))*(Situation!$E$71:$E$85)), 0)))))))} -> 0 | F86: =IF($D$1=0,0, IF(D86=$P$6,$F$1, 0)) -> 0 | G86: {=IFERROR(IF(B86=$P$4,$K$1, IF(B86=EDATE($B$1,84),0, IF(COUNTIF($N$9:$N$20,B86),LOOKUP(2,1/($N$9:$N$20=B86),$Q$9:$Q$21)*-1, IF(C86<>0,$G$1,0)))),0)} -> 0 | H86: =IF(L85<SUM(E86+G86),L85,SUM(E86+G86)) -> 0 | I86: =IF(B86=$P$4,1, IF(AND(C86>=1,C86<=12),2, IF(AND(C86>=13,C86<=24),3, IF(AND(C86>=25,C86<=36),4, IF(AND(C86>=37,C86<=48),5, IF(AND(C86>=49,C86<=60),6, IF(AND(C86>=61,C86<=72),7, IF(AND(C86>=73,C86<=84),8, 0)))))))) -> 0 | J86: =IF(K86<>"",CONCATENATE("Annuité ",COUNT($K$3:K86)),"") | K86: =IF(B86=$P$4,$K$1, IF(C86=0,"", IF(AND(OR(C86=12,C86=24,C86=36,C86=48,C86=60,C86=72),$M$7<1),$O$8, IF(OR(C86=12,C86=24,C86=36,C86=48,C86=60,C86=72),$O$7, IF(B86=$P$6,$O$8,""))))) | L86: =SUM(L85-H86) -> 0
A87: TOTAL : | H87: =SUM(H4:H86) -> 0 | J87: =SUM(H87/L1)*100 -> #DIV/0! | K87: =SUM(K3:K86) -> 0

Sheet Fiche comptable
B9: Revenu | G9: Revenu
B10: Pécule | G10: Pécule
B11: Frais bancaires | G11: Frais bancaires
B12: Supplément | G12: Supplément
B13: Honoraires | G13: Honoraires
B14: Annuité | G14: Annuité
B15: Somme annuelle | G15: Somme annuelle
B16: Dette nouvelle | G16: Dette nouvelle
A17: FICHE COMPTABLE | F17: SOLDE PLAN | K17: PLAN
A18: Date | B18: Catégorie | C18: Communication | D18: Montant | F18: Date | G18: Catégorie | H18: Communcation | I18: Montant | K18: Catégorie | L18: Communcation | M18: Montant | N18: !! Changer la source de données | Q18: SOMME(SIERREUR(RECHERCHE(RECHERCHEV(FIN.MOIS(Situation!B1;-1);'Tableau de répartition plan'!D3:D86;1);'Tableau de répartition plan'!D3:D86;'Tableau de répartition plan'!C3:C86);0)*Situation!B145))
A19: 43544 | B19: Solde de compte | C19: Solde de compte | D19: 0 | F19: 44441 | G19: Solde de compte | H19: Solde de compte | I19: 21201.39 | K19: Solde de compte | L19: Solde de compte | M19: =IF('Tableau de répartion actuel'!Q32="ok",'Fiche comptable'!N19,IFERROR(IF(RIGHT(VLOOKUP("*Annuité 1*",H19:H1008,1,0),LEN(VLOOKUP("*Annuité 1*",H19:H1008,1,0))-FIND("-",VLOOKUP("*Annuité 1*",H19:H1008,1,0))-1)="Annuité 1",SUM(Situation!B165+SUM(Situation!B162*-1))), IFERROR(IF(VLOOKUP("*Homologation*",H19:H1008,1,0)="Homologation",SUM(Situation!B162*-1),0), 0))) -> 19423.55 | N19: =IFERROR(IF(RIGHT(VLOOKUP("*Annuité 1*",H19:H1008,1,0),LEN(VLOOKUP("*Annuité 1*",H19:H1008,1,0))-FIND("-",VLOOKUP("*Annuité 1*",H19:H1008,1,0))-1)="Annuité 1",SUM(Situation!G165+SUM(Situation!G162*-1))), IFERROR(IF(VLOOKUP("*homologation*",H19:H1008,1,0)="Homologation",SUM(Situation!G162*-1),0), 0)) -> 0 | P19: date feuille 1 | Q19: fin de mois - 1 mois | R19: Date numérique | S19: nombre à renvoyer | T19: date feuille 3 | U19: Date numérique
A20: 43563 | B20: Revenu | C20: Salaire | D20: 661.93 | F20: 44448 | G20: Revenu | H20: Salaire | I20: 1000 | K20: Solde de compte | L20: Disponible mensuel | M20: =IF('Tableau de répartion actuel'!Q32="ok", 'Fiche comptable'!N20,SUM(IFERROR(LOOKUP(VLOOKUP(EOMONTH(Situation!B1,-1),'Tableau de répartition plan'!D3:D86,1),'Tableau de répartition plan'!D3:D86,'Tableau de répartition plan'!C3:C86),0)*Situation!B145)) -> 0 | N20: =SUM(IFERROR(LOOKUP(VLOOKUP(EOMONTH(Situation!B1,-1),'Tableau de répartion actuel'!D3:D86,1),'Tableau de répartion actuel'!D3:D86,'Tableau de répartion actuel'!C3:C86),0)*Situation!C145) -> 0 | P20: 44489 | Q20: =EOMONTH(P20,-1) -> 44469 | R20: =EOMONTH(P20,-1) -> 44469 | S20: 1 | T20: =VLOOKUP(EOMONTH(P20,-1),'Tableau de répartition plan'!$D$3:$D$86,1) -> 44459 | U20: =VALUE(T20) -> 44459 | V20: =LOOKUP(VLOOKUP(EOMONTH(P20,-1),'Tableau de répartition plan'!D3:D86,1),'Tableau de répartition plan'!D3:D86,'Tableau de répartition plan'!C3:C86) -> 1
A21: 43592 | B21: Somme annuelle | C21: ONVA | D21: 3502.86 | F21: 44461 | G21: Revenu | H21: Salaire | I21: 400 | K21: Solde de compte | L21: Disponible annuel | M21: =IFERROR(IF('Tableau de répartion actuel'!Q32="ok",N21,SUM((DATEDIF(EOMONTH($F$19,-1)+1,EOMONTH(Situation!$B$1,-1)+1,"y"))*Situation!B152)),0) -> 660 | N21: =IFERROR(SUM((DATEDIF(EOMONTH($F$19,-1)+1,EOMONTH(Situation!$B$1,-1)+1,"y"))*Situation!C152),0) -> 0 | P21: 44506 | Q21: =EOMONTH(P21,-1) -> 44500 | R21: =EOMONTH(P21,-1) -> 44500 | S21: 2 | T21: =VLOOKUP(EOMONTH(P21,-1),'Tableau de répartition plan'!$D$3:$D$86,1) -> 44489 | U21: =VALUE(T21) -> 44489 | V21: 2
A22: 43598 | B22: Pécule | C22: Pécule | D22: -1200 | F22: 44467 | G22: Pécule | H22: Pécule | I22: -1520 | K22: Solde de compte | L22: {=IFERROR(TRIM(RIGHT(LOOKUP(2,1/(G19:G1008="Annuité"),H19:H1008),LEN(LOOKUP(2,1/(G19:G1008="Annuité"),H19:H1008))-SEARCH("-",LOOKUP(2,1/(G19:G1008="Annuité"),H19:H1008),1))),"A1")} -> Annuité 2 | M22: =IF('Tableau de répartion actuel'!Q32="ok",N22, IF($L$22=Situation!A171,Situation!C171, IF($L$22=Situation!A172,SUM(Situation!C171:C172), IF($L$22=Situation!A173,SUM(Situation!C171:C173), IF($L$22=Situation!A174,SUM(Situation!C171:C174), IF($L$22=Situation!A175,SUM(Situation!C171:C175), IF($L$22=Situation!A176,SUM(Situation!C171:C176), IF($L$22=Situation!A177,SUM(Situation!C171:C177),Situation!B165)))))))) -> -30480 | N22: =IF($L$22=Situation!F171,Situation!H171, IF($L$22=Situation!F172,SUM(Situation!H171:H172), IF($L$22=Situation!F173,SUM(Situation!H171:H173), IF($L$22=Situation!F174,SUM(Situation!H171:H174), IF($L$22=Situation!F175,SUM(Situation!H171:H175), IF($L$22=Situation!F176,SUM(Situation!H171:H176), IF($L$22=Situation!F177,SUM(Situation!H171:H177),Situation!G165))))))) -> 0 | P22: 44545 | Q22: =EOMONTH(P22,-1) -> 44530 | R22: =EOMONTH(P22,-1) -> 44530 | S22: 3 | T22: =VLOOKUP(EOMONTH(P22,-1),'Tableau de répartition plan'!$D$3:$D$86,1) -> 44520 | U22: =VALUE(T22) -> 44520 | V22: 3
A23: 43619 | B23: Revenu | C23: Salaire | D23: 2345.74 | F23: 44480 | G23: Revenu | H23: Salaire | I23: 500 | K23: Solde de compte | L23: Honoraires mensuels | M23: =IF('Tableau de répartion actuel'!Q32="ok",N23,SUM(IFERROR(LOOKUP(VLOOKUP(EOMONTH(Situation!B1,-1),'Tableau de répartition plan'!D3:D86,1),'Tableau de répartition plan'!D3:D86,'Tableau de répartition plan'!C3:C86),0)*-Situation!B143)) -> 0 | N23: =SUM(IFERROR(LOOKUP(VLOOKUP(EOMONTH(Situation!B1,-1),'Tableau de répartion actuel'!D3:D86,1),'Tableau de répartion actuel'!D3:D86,'Tableau de répartion actuel'!C3:C86),0)*-Situation!C143) -> 0 | P23: 44567 | Q23: =EOMONTH(P23,-1) -> 44561 | R23: =EOMONTH(P23,-1) -> 44561 | S23: 4 | T23: =VLOOKUP(EOMONTH(P23,-1),'Tableau de répartition plan'!$D$3:$D$86,1) -> 44550 | U23: =VALUE(T23) -> 44550 | V23: 4
A24: 43620 | B24: Pécule | C24: Pécule | D24: -1100 | F24: 44491 | G24: Revenu | H24: Salaire | I24: 640.33 | K24: Solde de compte | L24: Honoraires annuels | M24: =IFERROR(IF('Tableau de répartion actuel'!Q32="ok",N24,SUM((DATEDIF(EOMONTH($F$19,-1)+1,EOMONTH(Situation!$B$1,-1)+1,"y"))*-Situation!B149)),0) -> 700 | N24: =IFERROR(SUM((DATEDIF(EOMONTH($F$19,-1)+1,EOMONTH(Situation!$B$1,-1)+1,"y"))*-Situation!C149),0) -> 0 | P24: 44594 | Q24: =EOMONTH(P24,-1) -> 44592 | R24: =EOMONTH(P24,-1) -> 44592 | S24: 5 | T24: =VLOOKUP(EOMONTH(P24,-1),'Tableau de répartition plan'!$D$3:$D$86,1) -> 44581 | U24: =VALUE(T24) -> 44581 | V24: 5
A25: 43621 | B25: Revenu | C25: Allocations de chômage | D25: 267.12 | F25: 44491 | G25: Revenu | H25: Salaire | I25: 400 | K25: Solde de compte | L25: Honoraires | M25: =IF('Tableau de répartion actuel'!Q32="ok",N25, IF(SUMIF(G19:G1008,"Honoraires",I19:I1008)=0,-Situation!B162,SUMIF(G19:G1008,"Honoraires",I19:I1008))) -> -2804.16 | N25: =IF('Tableau de répartion actuel'!Q32="",0,IF(SUMIF(G19:G1008,"Honoraires",I19:I1008)=0,-Situation!G162,SUMIF(G19:G1008,"Honoraires",I19:I1008))) -> 0 | P25: 44647 | Q25: =EOMONTH(P25,-1) -> 44620 | R25: =EOMONTH(P25,-1) -> 44620 | S25: 6 | T25: =VLOOKUP(EOMONTH(P25,-1),'Tableau de répartition plan'!$D$3:$D$86,1) -> 44612 | U25: =VALUE(T25) -> 44612 | V25: 6
A26: 43621 | B26: Revenu | C26: Allocations de chômage | D26: 1736.28 | F26: 44498 | G26: Pécule | H26: Pécule | I26: -1520 | K26: Epargne | L26: Pécule d'avance | M26: =IF('Tableau de répartion actuel'!Q32="ok",N26,-Situation!B161) -> 1520 | N26: =-Situation!G161 -> 0 | P26: 44670 | Q26: =EOMONTH(P26,-1) -> 44651 | R26: =EOMONTH(P26,-1) -> 44651 | S26: 7 | T26: =VLOOKUP(EOMONTH(P26,-1),'Tableau de répartition plan'!$D$3:$D$86,1) -> 44640 | U26: =VALUE(T26) -> 44640 | V26: 7
A27: 43643 | B27: Pécule | C27: Pécule | D27: -400 | F27: 44498 | G27: Revenu | H27: Salaire | I27: 500 | K27: Epargne | L27: Impôts | M27: =IF('Tableau de répartion actuel'!Q32="ok",N27,SUM(IFERROR(LOOKUP(VLOOKUP(EOMONTH(Situation!B1,-1),'Tableau de répartition plan'!D3:D86,1),'Tableau de répartition plan'!D3:D86,'Tableau de répartition plan'!C3:C86),0)*-Situation!B142)) -> 0 | N27: =SUM(IFERROR(LOOKUP(VLOOKUP(EOMONTH(Situation!B1,-1),'Tableau de répartion actuel'!D3:D86,1),'Tableau de répartion actuel'!D3:D86,'Tableau de répartion actuel'!C3:C86),0)*-Situation!C142) -> 0 | P27: 44689 | Q27: =EOMONTH(P27,-1) -> 44681 | R27: =EOMONTH(P27,-1) -> 44681 | S27: 8 | T27: =VLOOKUP(EOMONTH(P27,-1),'Tableau de répartition plan'!$D$3:$D$86,1) -> 44671 | U27: =VALUE(T27) -> 44671 | V27: 8
A28: 43647 | B28: Pécule | C28: Pécule | D28: -1500 | F28: 44512 | G28: Revenu | H28: Salaire | I28: 1000 | K28: Réserve | L28: Solde de compte plan | M28: =IF('Tableau de répartion actuel'!Q32="ok",N28,-Situation!B164) -> 257.84 | N28: =-Situation!G164 -> 0 | P28: 44742 | Q28: =EOMONTH(P28,-1) -> 44712 | R28: =EOMONTH(P28,-1) -> 44712 | S28: 9 | T28: =VLOOKUP(EOMONTH(P28,-1),'Tableau de répartition plan'!$D$3:$D$86,1) -> 44701 | U28: =VALUE(T28) -> 44701 | V28: 9
A29: 43649 | B29: Revenu | C29: Salaire | D29: 2319.49 | F29: 44517 | G29: Revenu | H29: Salaire | I29: 708.92 | K29: Réserve | L29: Divers | M29: =IF('Tableau de répartion actuel'!Q32="ok",N29,-Situation!B163) -> 0 | N29: =-Situation!G163 -> 0 | P29: 44767 | Q29: =EOMONTH(P29,-1) -> 44742 | R29: =EOMONTH(P29,-1) -> 44742 | S29: 10 | T29: =VLOOKUP(EOMONTH(P29,-1),'Tableau de répartition plan'!$D$3:$D$86,1) -> 44732 | U29: =VALUE(T29) -> 44732 | V29: 10
A30: 43671 | B30: Supplément | C30: Supplément | D30: -70 | F30: 44522 | G30: Revenu | H30: Salaire | I30: 400 | K30: Réserve | L30: Mensuelle | M30: =IF('Tableau de répartion actuel'!Q32="ok",N30,SUM(IFERROR(LOOKUP(VLOOKUP(EOMONTH(Situation!B1,-1),'Tableau de répartition plan'!D3:D86,1),'Tableau de répartition plan'!D3:D86,'Tableau de répartition plan'!C3:C86),0)*-Situation!B144)) -> 0 | N30: =SUM(IFERROR(LOOKUP(VLOOKUP(EOMONTH(Situation!B1,-1),'Tableau de répartion actuel'!D3:D86,1),'Tableau de répartion actuel'!D3:D86,'Tableau de répartion actuel'!C3:C86),0)*-Situation!C144) -> 0 | P30: 44782 | Q30: =EOMONTH(P30,-1) -> 44773 | R30: =EOMONTH(P30,-1) -> 44773 | S30: 11 | T30: =VLOOKUP(EOMONTH(P30,-1),'Tableau de répartition plan'!$D$3:$D$86,1) -> 44762 | U30: =VALUE(T30) -> 44762 | V30: 11
A31: 43678 | B31: Pécule | C31: Pécule | D31: -1500 | F31: 44529 | G31: Pécule | H31: Pécule | I31: -1520 | K31: Réserve | L31: Annuelle | M31: =IFERROR(IF('Tableau de répartion actuel'!Q32="ok",N31,SUM((DATEDIF(EOMONTH($F$19,-1)+1,EOMONTH(Situation!$B$1,-1)+1,"y"))*-Situation!B150)),0) -> 501.88 | N31: =IFERROR(SUM((DATEDIF(EOMONTH($F$19,-1)+1,EOMONTH(Situation!$B$1,-1)+1,"y"))*-Situation!C150),0) -> 0 | P31: 44827 | Q31: =EOMONTH(P31,-1) -> 44804 | R31: =EOMONTH(P31,-1) -> 44804 | S31: 12 | T31: =VLOOKUP(EOMONTH(P31,-1),'Tableau de répartition plan'!$D$3:$D$86,1) -> 44793 | U31: =VALUE(T31) -> 44793 | V31: 12
